Workbook
Name _Toc1732508: Language!#REF!
Name _Toc1732514: Language!#REF!
Name _Toc1732529: 'AST Expert rules-12.'!#REF!
Name _Toc1732529: 'AST Policy-13.'!#REF!
Name _Toc1732529: 'Basic AST-11.'!$B$4
Name _Toc1732530: 'AST Expert rules-12.'!#REF!
Name _Toc1732530: 'AST Policy-13.'!#REF!
Name _Toc1732530: 'Basic AST-11.'!$B$16
Name _Toc1732531: 'AST Expert rules-12.'!#REF!
Name _Toc1732531: 'AST Policy-13.'!#REF!
Name _Toc1732531: 'Basic AST-11.'!$B$28
Name _Toc1732532: 'AST Expert rules-12.'!#REF!
Name _Toc1732532: 'AST Policy-13.'!#REF!
Name _Toc1732532: #REF!
Name _Toc1732532: 'Basic AST-11.'!$B$50
Name _Toc1732532: #REF!
Name _Toc1732532: #REF!
Name _Toc1732532: #REF!
Name _Toc1732532: #REF!
Name _Toc1732532: #REF!
Name _Toc1732533: 'AST Expert rules-12.'!#REF!
Name _Toc1732533: 'AST Policy-13.'!#REF!
Name _Toc1732533: #REF!
Name _Toc1732533: 'Basic AST-11.'!$B$67
Name _Toc1732533: #REF!
Name _Toc1732533: #REF!
Name _Toc1732533: #REF!
Name _Toc1732533: #REF!
Name _Toc1732533: #REF!
Name _Toc1732534: 'AST Expert rules-12.'!#REF!
Name _Toc1732534: 'AST Policy-13.'!#REF!
Name _Toc1732534: 'General-0.'!$B$85
Name _Toc1732536: 'AST Expert rules-12.'!#REF!
Name _Toc1732536: 'AST Policy-13.'!$B$19
Name _Toc1732536: #REF!
Name _Toc1732536: 'Basic AST-11.'!#REF!
Name _Toc1732536: #REF!
Name _Toc1732536: #REF!
Name _Toc1732536: #REF!
Name _Toc1732536: #REF!
Name _Toc1732536: #REF!
Name _Toc1732539: 'AST Expert rules-12.'!$B$40
Name _Toc1732539: 'AST Policy-13.'!#REF!
Name _Toc1732539: #REF!
Name _Toc1732539: 'Basic AST-11.'!#REF!
Name _Toc1732539: #REF!
Name _Toc1732539: #REF!
Name _Toc1732539: #REF!
Name _Toc1732539: #REF!
Name _Toc1732539: #REF!
Name _Toc1732542: 'AST Expert rules-12.'!$B$97
Name _Toc1732542: 'AST Policy-13.'!#REF!
Name _Toc1732542: 'Basic AST-11.'!#REF!
Name _Toc1732544: 'AST Expert rules-12.'!$B$142
Name _Toc1732544: 'AST Policy-13.'!#REF!
Name _Toc1732544: 'Basic AST-11.'!#REF!
Name _Toc2177259: 'Assessor''s Guide'!$A$59
Name _Toc486852724: 'AST QC-7.'!#REF!
Name _Toc486852724: 'ID QC-6.'!#REF!
Name _Toc486852724: 'Media QC-5.'!#REF!

Sheet Cover
E9: =Language!A8 -> Laboratory Assessment
E10: =Language!A9 -> of
E11: =Language!A10 -> Antibiotic Resistance
E12: =Language!A11 -> Testing Capacity
E14: (LAARC)
E16: =Language!A12 -> Version 2.0 - October 2019
E17: DRAFT DOCUMENT
E18: Shared for piloting purposes only
E22: =Language!A13 -> Developed by CDC & IQLS

Sheet Introduction

Sheet Assessor's Guide
A1: =Language!A23 -> Figure for use with Facility Module, question 1.13
B2: =Language!A24 -> McFarland QC Standards in front of a Wickerham card
A20: =Language!A16 -> Figure for use with AST QC Module, questions 7.7 - 7.11
A22: =Language!A17 -> Workflow for subculturing and using reference strains
A23: =Language!A18 -> as described in CLSI M02, Subchapter 4.4
A24: =Language!A19 -> "F" indicates the frozen or freeze-dried state of the stock culture
A25: =Language!A20 -> "1" indicates the first passage
A26: =Language!A21 -> "2" indicates the second passage
A27: =Language!A22 -> "3" indicates the third passage from stock culture
A58: =Language!A14 -> Tables for use with AST Expert Rules Module, questions 12.1 - 12.25
B59: =Language!A15 -> Current CLSI and EUCAST breakpoints for Salmonella spp, Enterobacteriaceae, Acinetobacter spp, and Pseudomonas aeruginosa
B61: Salmonella spp. | D61: CLSI 2019 | K61: Salmonella spp. | M61: EUCAST 2019
D62: MIC method | G62: Disk Diffusion | M62: MIC method | O62: Disk Diffusion
C63: ug/ml | D63: S | E63: I/S-DD* | F63: R | G63: S | H63: I/S-DD* | I63: R | L63: ug/ml | M63: S | N63: R | O63: S | P63: R
B64: Ciprofloxacin | C64: 5 | D64: <0.06 | E64: 0.12-0.5 | F64: >1 | G64: >31 | H64: 21-30 | I64: <20 | K64: Ciprofloxacin | L64: - | M64: <0.06 | N64: >0.06 | O64: - | P64: -
B65: Levofloxacin | C65: - | D65: <0.12 | E65: 0.25-1 | F65: >2 | G65: - | H65: - | I65: - | K65: Levofloxacin | L65: - | M65: - | N65: - | O65: - | P65: -
B66: Pefloxacin screen | C66: 5 | G66: >24 | H66: - | I66: <23 | K66: Pefloxacin screen | L66: 5 | M66: - | N66: - | O66: >24 | P66: 24
B68: Enterobacteriaceae | D68: CLSI 2019 | K68: Enterobacteriaceae | M68: EUCAST 2019
D69: MIC method | G69: Disk Diffusion | M69: MIC method | O69: Disk Diffusion
C70: ug/ml | D70: S | E70: I/S-DD* | F70: R | G70: S | H70: I/S-DD* | I70: R | L70: ug/ml | M70: S | N70: R | O70: S | P70: R
B71: Aztreonam | C71: 30 | D71: <4 | E71: 8 | F71: >16 | G71: >21 | H71: 18-20 | I71: <17 | K71: Aztreonam | L71: 30 | M71: <1 | N71: >4 | O71: >20 | P71: <17
B72: Cefotaxime | C72: 30 | D72: <1 | E72: 2 | F72: >4 | G72: >26 | H72: 23-25 | I72: <22 | K72: Cefotaxime | L72: 5 | M72: <1 | N72: >2 | O72: >20 | P72: <17
B73: Ceftriaxone | C73: 30 | D73: <1 | E73: 2 | F73: >4 | G73: >23 | H73: 20-22 | I73: <19 | K73: Ceftriaxone | L73: 30 | M73: <1 | N73: >2 | O73: >25 | P73: <22
B74: Ceftazidime | C74: 30 | D74: <4 | E74: 8 | F74: >16 | G74: >21 | H74: 18-20 | I74: <17 | K74: Ceftazidime | L74: 10 | M74: <1 | N74: >4 | O74: >22 | P74: <19
B75: Cefepime | C75: 30 | D75: <2 | E75: 4-8 | F75: >16 | G75: >25 | H75: 19-24* | I75: <18 | K75: Cefepime | L75: 30 | M75: <1 | N75: >4 | O75: >27 | P75: <21
B76: Imipenem | C76: 10 | D76: <1 | E76: 2 | F76: >4 | G76: >23 | H76: 20-22 | I76: <19 | K76: Imipenem | L76: 10 | M76: <2 | N76: >4 | O76: >22 | P76: <17
B77: Meropenem | C77: 10 | D77: <1 | E77: 2 | F77: >4 | G77: >23 | H77: 20-22 | I77: <19 | K77: Meropenem | L77: 10 | M77: <2 | N77: >8 | O77: >22 | P77: <16
B78: Doripenem | C78: 10 | D78: <1 | E78: 2 | F78: >4 | G78: >23 | H78: 20-22 | I78: <19 | K78: Doripenem | L78: 10 | M78: <1 | N78: >2 | O78: >24 | P78: <21
B79: Ertapenem | C79: 10 | D79: <0.5 | E79: 1 | F79: >2 | G79: >22 | H79: 19-21 | I79: <18 | K79: Ertapenem | L79: 10 | M79: <0.5 | N79: >0.5 | O79: >25 | P79: <25
B81: Acinetobacter spp. | D81: CLSI 2019 | K81: Acinetobacter spp. | M81: EUCAST 2019
D82: MIC method | G82: Disk Diffusion | M82: MIC method | O82: Disk Diffusion
C83: ug/ml | D83: S | E83: I/S-DD* | F83: R | G83: S | H83: I/S-DD* | I83: R | L83: ug/ml | M83: S | N83: R | O83: S | P83: R
B84: Imipenem | C84: 10 | D84: <2 | E84: 4 | F84: >8 | G84: >22 | H84: 19-21 | I84: <18 | K84: Imipenem | L84: 10 | M84: <2 | N84: >4 | O84: >24 | P84: <21
B85: Meropenem | C85: 10 | D85: <2 | E85: 4 | F85: >8 | G85: >18 | H85: 15-17 | I85: <14 | K85: Meropenem | L85: 10 | M85: <2 | N85: >8 | O85: >21 | P85: <15
B86: Doripenem | C86: 10 | D86: <2 | E86: 4 | F86: >8 | G86: >18 | H86: 15-17 | I86: <14 | K86: Doripenem | L86: - | M86: - | N86: - | O86: - | P86: -
B88: Pseudomonas aeruginosa | D88: CLSI 2019 | K88: Pseudomonas aeruginosa | M88: EUCAST 2019
D89: MIC method | G89: Disk Diffusion | M89: MIC method | O89: Disk Diffusion
C90: ug/ml | D90: S | E90: I/S-DD* | F90: R | G90: S | H90: I/S-DD* | I90: R | L90: ug/ml | M90: S | N90: R | O90: S | P90: R
B91: Aztreonam | C91: 30 | D91: <8 | E91: 16 | F91: >32 | G91: >22 | H91: 16-21 | I91: <15 | K91: Aztreonam | L91: 30 | M91: <16 | N91: >16 | O91: >18 | P91: <18
B92: Piperacillin | C92: 100 | D92: <16 | E92: 32-64 | F92: >128 | G92: >21 | H92: 15-20 | I92: <14 | K92: Piperacillin | L92: 30 | M92: <16 | N92: >16 | O92: >18 | P92: <18
B93: Pip-Tazo | C93: 100/10 | D93: <16 | E93: 32-64 | F93: >128 | G93: >21 | H93: 18-20 | I93: <17 | K93: Pip-Tazo | L93: 30/6 | M93: <16 | N93: >16 | O93: >18 | P93: <18
B94: Ticar-Clav | C94: 75/10 | D94: <16 | E94: 32-64 | F94: >128 | G94: >24 | H94: 16-23 | I94: <15 | K94: Ticar-Clav | L94: 75/10 | M94: <16 | N94: >16 | O94: >18 | P94: <18
B95: Cefepime | C95: 30 | D95: <8 | E95: 16 | F95: >32 | G95: >18 | H95: 15-17 | I95: <14 | K95: Cefepime | L95: 30 | M95: <8 | N95: >8 | O95: >21 | P95: <21
B96: Imipenem | C96: 10 | D96: <2 | E96: 4 | F96: >8 | G96: >19 | H96: 16-18 | I96: <15 | K96: Imipenem | L96: 10 | M96: <4 | N96: >4 | O96: >20 | P96: <20
B97: Meropenem | C97: 10 | D97: <2 | E97: 4 | F97: >8 | G97: >19 | H97: 16-18 | I97: <15 | K97: Meropenem | L97: 10 | M97: <2 | N97: >8 | O97: >24 | P97: <18
B98: Doripenem | C98: 10 | D98: <2 | E98: 4 | F98: >8 | G98: >19 | H98: 16-18 | I98: <15 | K98: Doripenem | L98: - | M98: - | N98: - | O98: - | P98: -

Sheet Language
A1: =A4 -> Enter the number of the desired language in the cell A3: 1- English, 2- French, 3- Spanish
A3: 1 | B3: =A5 -> 1-English | C3: TIẾNG VIỆT | D3: =A6 -> 2-French | E3: 3- Español
A4: =IF(langue=1,B4,IF(langue=2,D4,E4)) -> Enter the number of the desired language in the cell A3: 1- English, 2- French, 3- Spanish | B4: Enter the number of the desired language in the cell A3: 1- English, 2- French, 3- Spanish | C4: Nhập số theo ngôn ngữ mong muốn trong hàng A3: 1- Tiếng Anh, 2-Tiếng Pháp,3-Tiếng Tây Ban Nha | D4: Entrez le numéro de la langue désirée dans la case A3: 1- anglais, 2- français, 3- espagnol | E4: Introduzca el número del idioma deseado en la celda A3: 1- inglés, 2- francés, 3- español
A5: =IF(langue=1,B5,IF(langue=2,D5,E5)) -> 1-English | B5: 1-English | C5: 1-Tiếng Anh | D5: 1-anglais | E5: 1-inglés
A6: =IF(langue=1,B6,IF(langue=2,D6,E6)) -> 2-French | B6: 2-French | C6: 2-Tiếng Pháp | D6: 2- français | E6: 2-francés
A7: =IF(langue=1,B7,IF(langue=2,D7,E7)) -> 3-Spanish | B7: 3-Spanish | C7: 3-Tiếng Tây Ban Nha | D7: 3- espagnol | E7: 3-español
A8: =IF(langue=1,B8,IF(langue=2,D8,E8)) -> Laboratory Assessment | B8: Laboratory Assessment | C8: Đánh giá phòng thí nghiệm | D8: Évaluation d'un laboratoire | E8: Evaluación de laboratorio
A9: =IF(langue=1,B9,IF(langue=2,D9,E9)) -> of | B9: of | C9: về | D9: Pour la | E9: de
A10: =IF(langue=1,B10,IF(langue=2,D10,E10)) -> Antibiotic Resistance | B10: Antibiotic Resistance | C10: Kháng kháng sinh | D10: Résistance aux antibiotiques | E10: Resistencia a los Antibióticos
A11: =IF(langue=1,B11,IF(langue=2,D11,E11)) -> Testing Capacity | B11: Testing Capacity | C11: Khả năng thử nghiệm | D11: Capacités d'analyse | E11: Capacidad para Detectar
A12: =IF(langue=1,B12,IF(langue=2,D12,E12)) -> Version 2.0 - October 2019 | B12: Version 2.0 - October 2019 | C12: Phiên bản 2.0- 10-2019 | D12: Version 2.0 - août 2019 | E12: Versión 2.0 - agosto de 2019
A13: =IF(langue=1,B13,IF(langue=2,D13,E13)) -> Developed by CDC & IQLS | B13: Developed by CDC & IQLS | C13: Phát triển bởi CDC & IQLS | D13: Développé par CDC & IQLS | E13: Desarrollado por CDC e IQLS
A14: =IF(langue=1,B14,IF(langue=2,D14,E14)) -> Tables for use with AST Expert Rules Module, questions 12.1 - 12.25 | B14: Tables for use with AST Expert Rules Module, questions 12.1 - 12.25 | C14: Bảng sử dụng module các quy tắc thành thạo thử nghiệm tính nhạy cảm kháng sinh (AST), câu hỏi 12.1-12.25 | D14: Tableaux à utiliser avec le module de règles expert du TSA, questions 12.1 à 12.25 | E14: Tablas para usar en el Módulo de Reglas de Experto para PSA, preguntas 12.1 - 12.25
A15: =IF(langue=1,B15,IF(langue=2,D15,E15)) -> Current CLSI and EUCAST breakpoints for Salmonella spp, Enterobacteriaceae, Acinetobacter spp, and Pseudomonas aeruginosa | B15: Current CLSI and EUCAST breakpoints for Salmonella spp, Enterobacteriaceae, Acinetobacter spp, and Pseudomonas aeruginosa | C15: Breakpoints theo CLSI và EUCAST hiện hành cho Salmonella spp, Enterobacteriaceae, Acinetobacter spp,và Pseudomonas aeruginosa | D15: Seuils de détection CLSI et EUCAST pour Salmonella spp, Enterobacteriaceae, Acinetobacter spp et Pseudomonas aeruginosa | E15: Puntos de corte actuales de CLSI y EUCAST para Salmonella spp, Enterobacteriaceae, Acinetobacter spp y Pseudomonas aeruginosa
... A898: =IF(langue=1,B898,IF(langue=2,D898,E898)) -> MULLER HINTON MEDIA PREPARATION AND QC | B898: MULLER HINTON MEDIA PREPARATION AND QC | C898: CHUẨN BỊ VÀ QC MÔI TRƯỜNG MULLER HINTON | D898: PREPARATION ET CQ DES MILIEUX MULLER HINTON | E898: PREPARACIÓN Y CC DE MEDIOS MULLER HINTON
A899: =IF(langue=1,B899,IF(langue=2,D899,E899)) -> Examine the lab’s Mueller Hinton plates and SOP for the following: | B899: Examine the lab’s Mueller Hinton plates and SOP for the following: | D899: Examinez les boîtes et la procédure opératoire standard du laboratoire Mueller Hinton: | E899: Examine las placas Mueller Hinton del laboratorio y su POE para lo siguiente:
A900: =IF(langue=1,B900,IF(langue=2,D900,E900)) -> Does the dehydrated Mueller Hinton Agar (dHMA) meet ISO 16782 (CLSI M6) standards? (Low thymine/thymidine content, not supplemented with Mg++ or Ca++ cations) | B900: Does the dehydrated Mueller Hinton Agar (dHMA) meet ISO 16782 (CLSI M6) standards? (Low thymine/thymidine content, not supplemented with Mg++ or Ca++ cations) | D900: La gélose Mueller Hinton déshydratée (dHMA) est-elle conforme aux normes ISO 16782 (CLSI M6)? (Faible teneur en thymine / thymidine, non complémentée par des cations Mg ++ ou Ca ++) | E900: ¿El agar deshidratado Mueller Hinton (dHMA) cumple con las normas ISO 16782 (CLSI M6)? (Bajo contenido de timina / timidina, no suplementado con cationes Mg ++ o Ca ++)
A901: =IF(langue=1,B901,IF(langue=2,D901,E901)) -> Does the lab add calcium or magnesium cations to dMHA? PXN có bổ sung cation canxi hoặc magie vào thạch dMHA không? | B901: Does the lab add calcium or magnesium cations to dMHA? PXN có bổ sung cation canxi hoặc magie vào thạch dMHA không? | C901: Phòng thí nghiệm có thêm cation canxi hoặc magiê vào dMHA không? | D901: Le laboratoire ajoute-t-il des cations de calcium ou de magnésium au dMHA? | E901: ¿Agrega el laboratorio cationes de calcio o magnesio al agar dMHA?
A902: =IF(langue=1,B902,IF(langue=2,D902,E902)) -> Immediately after autoclaving, is agar allowed to cool in a 45° - 50°C water bath? Ngay sau khi autoclave, thạch có được làm nguội trong bồn nước ở nhiệt độ 45° - 50°C không? | B902: Immediately after autoclaving, is agar allowed to cool in a 45° - 50°C water bath? Ngay sau khi autoclave, thạch có được làm nguội trong bồn nước ở nhiệt độ 45° - 50°C không? | C902: Ngay sau khi hấp, thạch có được để nguội trong nồi cách thủy 45 ° - 50 ° C không? | D902: Immédiatement après l'autoclavage, laisse-t-on refroidir la gélose dans un bain marie à 45 ° C-50 ° C? | E902: Inmediatamente después de la esterilización en el autoclave, ¿se deja enfriar el agar en un baño de agua a 45 ° - 50 ° C?
A903: =IF(langue=1,B903,IF(langue=2,D903,E903)) -> Do plates have a uniform depth of approximately 4mm? Verify by examining a recent batch. Các đĩa thạch có độ dày giống nhau và bằng khoảng 4mm không? Xác nhận bằng cách kiểm tra một mẻ gần đây. | B903: Do plates have a uniform depth of approximately 4mm? Verify by examining a recent batch. Các đĩa thạch có độ dày giống nhau và bằng khoảng 4mm không? Xác nhận bằng cách kiểm tra một mẻ gần đây. | C903: Các đĩa thạch có độ sâu đồng đều khoảng 4mm không? Xác minh bằng cách kiểm tra một lô gần đây. | D903: Les boîtes ont-elles une profondeur uniforme d'environ 4 mm? Vérifiez en examinant un lot récent. | E903: ¿Tienen las placas una profundidad uniforme de aproximadamente 4 mm? Verifique examinando un lote reciente.
A904: =IF(langue=1,B904,IF(langue=2,D904,E904)) -> Are plates poured on a level surface? | B904: Are plates poured on a level surface? | C904: Các tấm có được đổ trên bề mặt bằng phẳng không? | D904: Les boîtes s sont-elles coulées sur une surface plane? | E904: ¿Se vierten las placas en una superficie nivelada?
A905: =IF(langue=1,B905,IF(langue=2,D905,E905)) -> Do records demonstrate that pH is 7.2 – 7.4 for each batch? Hồ sơ có thể hiện pH ở mức 7.2-7.4 cho mỗi mẻ không? | B905: Do records demonstrate that pH is 7.2 – 7.4 for each batch? Hồ sơ có thể hiện pH ở mức 7.2-7.4 cho mỗi mẻ không? | C905: Hồ sơ có chứng minh rằng pH là 7,2 - 7,4 cho mỗi lô không? | D905: Les enregistrements démontrent-ils que le pH est compris entre 7,2 et 7,4 pour chaque lot? | E905: ¿Muestran los registros que el pH es 7.2 - 7.4 para cada lote?
A906: =IF(langue=1,B906,IF(langue=2,D906,E906)) -> Do records indicate that sterility is checked for each batch? (By incubating a portion of un-inoculated plates, ideally 5%) Hồ sơ có cho thấy sự vô khuẩn được kiểm tra với mỗi mẻ không? (Bằng cách ủ một phần các thạch chưa được nuôi cấy, lý tưởng là 5%) | B906: Do records indicate that sterility is checked for each batch? (By incubating a portion of un-inoculated plates, ideally 5%) Hồ sơ có cho thấy sự vô khuẩn được kiểm tra với mỗi mẻ không? (Bằng cách ủ một phần các thạch chưa được nuôi cấy, lý tưởng là 5%) | C906: Hồ sơ có chỉ ra rằng sự vô trùng được kiểm tra cho mỗi lô không? (Bằng cách ủ một phần đĩa chưa cấy, lý tưởng là 5%) | D906: Les enregistrements indiquent-ils que la stérilité est contrôlée pour chaque lot? (En incubant une portion de boîtes non inoculées, idéalement 5%) | E906: ¿Se indica en los registros que se verifica la esterilidad para cada lote? (Incubando una porción de placas no inoculadas, idealmente un 5%)
A907: =IF(langue=1,B907,IF(langue=2,D907,E907)) -> Are plates are stored at 2-8°C until use? Các đĩa thạch có được bảo quản ở nhiệt độ 2-8°C đến khi sử dụng không? | B907: Are plates are stored at 2-8°C until use? Các đĩa thạch có được bảo quản ở nhiệt độ 2-8°C đến khi sử dụng không? | C907: Các đĩa thạch có được bảo quản ở 2-8 ° C cho đến khi sử dụng không? | D907: Les boîtes sont-elles conservées entre 2 et 8 ° C jusqu'à leur utilisation? | E907: ¿Se almacenan las placas a 2-8 ° C hasta su uso?
A908: =IF(langue=1,B908,IF(langue=2,D908,E908)) -> Are plates are stored inside bags/sleeves to avoid dehydration? Các đĩa thạch có được bảo quản trong các túi hoặc ống bọc ngoài để tránh mất nước không? | B908: Are plates are stored inside bags/sleeves to avoid dehydration? Các đĩa thạch có được bảo quản trong các túi hoặc ống bọc ngoài để tránh mất nước không? | C908: Đĩa thạch có được cất trong túi để tránh mất nước không? | D908: Les boîtes sont-elles rangées dans des sacs / containers pour éviter la déshydratation? | E908: ¿Se almacenan las placas dentro de bolsas / mangas para evitar la deshidratación?
A909: =IF(langue=1,B909,IF(langue=2,D909,E909)) -> Do QC records indicate that each batch of Mueller Hinton agar is checked for its ability to produce expected zone sizes using the following ATCC reference strains and antibiotics? Hồ sơ QC có thể hiện rằng mỗi mẻ thạch Muller Hinton đều được kiểm tra khả năng thể hiện đường kính vòng vô khuẩn đúng với mong đợi đối với các chủng chuẩn ATCC và kháng sinh đề nghị không? | B909: Do QC records indicate that each batch of Mueller Hinton agar is checked for its ability to produce expected zone sizes using the following ATCC reference strains and antibiotics? Hồ sơ QC có thể hiện rằng mỗi mẻ thạch Muller Hinton đều được kiểm tra khả năng thể hiện đường kính vòng vô khuẩn đúng với mong đợi đối với các chủng chuẩn ATCC và kháng sinh đề nghị không? | C909: Hồ sơ QC có chỉ ra rằng mỗi lô thạch Mueller Hinton được kiểm tra khả năng tạo ra kích thước vòng vô khuẩn mong đợi bằng cách sử dụng các chủng và kháng sinh tham chiếu ATCC sau đây không? | D909: Les registres de contrôle de la qualité indiquent-ils que chaque lot de gélose Mueller Hinton est vérifié pour sa capacité à produire les tailles de zone attendues à l'aide des souches de référence et des antibiotiques ATCC suivants? | E909: ¿Se indica en los registros de CC que en cada lote de agar Mueller Hinton se verifica su capacidad de producir los diámetros de los halos de inhibición esperados utilizando las siguientes cepas ATCC de referencia y antibióticos?
A910: =IF(langue=1,B910,IF(langue=2,D910,E910)) -> Pseudomonas aeruginosa 27853 và đĩa kháng sinh gentamicin | B910: Pseudomonas aeruginosa 27853 và đĩa kháng sinh gentamicin | C910: Pseudomonas aeruginosa 27853 và đĩa gentamicin | D910: Pseudomonas aeruginosa 27853 et disque de gentamicine | E910: Pseudomonas aeruginosa 27853 y disco de gentamicina
A911: =IF(langue=1,B911,IF(langue=2,D911,E911)) -> Enterococcus faecalis 29212 hoặc 33186 và đĩa kháng sinh trimethoprim-sulfamethoxazole | B911: Enterococcus faecalis 29212 hoặc 33186 và đĩa kháng sinh trimethoprim-sulfamethoxazole | C911: Enterococcus faecalis 29212 hoặc 33186 và đĩa trimethoprim-sulfamethoxazole | D911: Enterococcus faecalis 29212 ou 33186 et disque de triméthoprime-sulfaméthoxazole | E911: Enterococcus faecalis 29212 o 33186 y disco de trimetoprim-sulfametoxazol
A912: =IF(langue=1,B912,IF(langue=2,D912,E912)) -> Do QC records indicate that each batch of Mueller Hinton Blood agar is checked for its ability to produce expected zone sizes using Strep pneumoniae ATCC 49619 (or equivalent)? Hồ sơ QC có thể hiện được rằng mỗi mẻ Mueller Hinton máu được kiểm tra đường kính vòng vô khuẩn với chủng Strep pneumonia ATCC 49619 (hoặc tương đương) không? | B912: Do QC records indicate that each batch of Mueller Hinton Blood agar is checked for its ability to produce expected zone sizes using Strep pneumoniae ATCC 49619 (or equivalent)? Hồ sơ QC có thể hiện được rằng mỗi mẻ Mueller Hinton máu được kiểm tra đường kính vòng vô khuẩn với chủng Strep pneumonia ATCC 49619 (hoặc tương đương) không? | C912: Hồ sơ QC có chỉ ra rằng mỗi lô thạch Mueller Hinton Blood được kiểm tra khả năng tạo ra kích thước vòng vô khuẩn mong đợi bằng cách sử dụng Strep pneumoniae ATCC 49619 (hoặc tương đương) không? | D912: Les dossiers de contrôle de la qualité indiquent-ils que chaque lot de gélose au sang Mueller Hinton est vérifié pour sa capacité à produire les tailles de zone attendues en utilisant Strep pneumoniae ATCC 49619 (ou équivalent)? | E912: ¿Se indica en los registros de CC que en cada lote de agar Mueller Hinton suplementado con sangre se verifica su capacidad para producir los diámetros de los halos de inhibición esperados utilizando Strep pneumoniae ATCC 49619 (o equivalente)?
... A1860: =IF(langue=1,B1860,IF(langue=2,D1860,E1860)) -> Are risk assessments conducted annually and each time a new analysis/technology/equipment is introduced? | B1860: Are risk assessments conducted annually and each time a new analysis/technology/equipment is introduced? | C1860: Đánh giá rủi ro có được thực hiện hàng năm và mỗi khi một phân tích / công nghệ / thiết bị mới được giới thiệu không? | D1860: Des évaluations des risques sont-elles effectuées chaque année et chaque fois qu'une nouvelle analyse / technologie / équipement est introduit? | E1860: ¿Se realizan evaluaciones de riesgos anuales y cada vez que se introduce un nuevo análisis / tecnología / equipo?

Sheet Export
B1: General information | T1: Manual AST in use | Y1: Autom. AST in use | AC1: Organisms/Chromagar | AI1: Genes/PCR | AO1: QMS Mentoring pgm | AU1: Accreditation/Certification | BB1: TEST MENU AND ANNUAL CULTURE WORKLOAD | BW1: ANNUAL AST WORKLOAD | CC1: Biochemical identification QC score | DB1: Biochemical identification SOP score | EA1: STAFFING | EN1: General equipment | FI1: Media Prep equipment | FO1: Autom. Instruments | FT1: FLAG # | FW1: GI | FX1: Section Scores/Performance Heatmap | GL1: laboratory facility | GW1: LIS | HC1: Data management | HJ1: Quality assurance | HN1: Media QC | HT1: ID QC | IB1: AST QC | IG1: Specimen collection | IL1: Processing | IP1: Identification | JE1: Basic AST | JK1: Expert rules | JU1: AST panels/policy | JX1: Biosafety | KB1: Red Flag | NZ1: Training opportunities | OJ1: System flag | PG1: 1- Facility questions | QB1: 2- LIS questions | RU1: 5- Media questions | SH1: 6-ID_Q | SJ1: 9-Proc-Q | SK1: 10-Identification questions | TT1: 11- Basic AST questions | UG1: 12-AST expert rules questions | VN1: 13-ASTP Q
A2: Full name | B2: Laboratory/Hospital name | C2: Address | D2: City | E2: Province | F2: District | G2: Country | H2: Assessor 1 (last name and affiliation) | I2: Assessor 2 (last name and affiliation) | J2: Assessor 3 (last name and affiliation) | K2: Date of assessment (dd/mm/yyyy) | L2: Altitude | M2: Latitude | N2: Longitude | O2: Primary Laboratory funding sources | P2: Primary Laboratory affiliation | Q2: Laboratory/Facility Level | R2: Service level of the Facility | S2: Number of beds of the Facility | T2: Disk diffusion | U2: Gradient Strip (e.g., Etest/Liofilchem) | V2: Broth microdilution (96-well tray) | W2: Broth macrodilultion (tube method) | X2: Agar dilution | Y2: Vitek | Z2: Phoenix | AA2: Microscan | AB2: Other, please specify in comments. | AC2: ESBL producers | AD2: CRE/Carbapenemases | AE2: MRSA | AF2: VRE | AG2: Colistin resistance | AH2: Other, please specify in comments. | AI2: ESBLs | AJ2: Carbapenemases | AK2: mecA | AL2: vanA/vanB | AM2: mcr-1 | AN2: Other, please specify in comments. | AO2: Lab enrolled in the SLIPTA program? | AP2: Most recent certification awarded? | AQ2: what star level of the latest SLIPTA audit? | AR2: Lab enrolled in the WHO LQSI program? | AS2: Overall % score for the 4 phases? | AT2: Other mentoring program? | AU2: Blood cultures | AV2: Stool cultures | AW2: Urine cultures | AX2: Organism Identification | AY2: Antibiotic Susceptibility Testing | AZ2: Other such as Gram staining? | BA2: Accreditation/certification body | BB2: Blood Cultures | BC2: Urine Cultures | BD2: Stool Cultures | BE2: Salmonella and/or Shigella | BF2: Vibrio cholerae | BG2: Yersinia enterocolitic | BH2: Campylobacter jejuni | BI2: Enterohemorrhagic/Enterotoxic E.coli (e.g., O157:H7) | BJ2: Respiratory Cultures (not TB) | BK2: Wound Cultures | BL2: Cerebrospinal Fluid Cultures | BM2: Sterile Body Fluid Cultures | BN2: Genital Cultures | BO2: Anaerobic Cultures | BP2: Fungal Cultures (Yeast) | BQ2: Fungal Cultures (Mold) | BR2: MRSA screen (nares, axilla, groin) | BS2: VRE screen (rectal swab) | BT2: CRE screen (rectal swab) | BU2: ID/AST of isolates referred from other labs | BV2: Other cultures of local imoprtance | BW2: Automated AST instrument | BX2: Disk diffusion | BY2: Gradient Strip (e.g., Etest/Liofilchem) | BZ2: Broth microdilution (96-well tray) | CA2: Broth macrodilultion (tube method) | CB2: Agar dilution | CC2: Catalase (H2O2) | CD2: Coagulase plasma | CE2: Staph latex agglutination | CF2: Staph chromagar | CG2: DNase | CH2: PYR | CI2: Optochin ("P") disk | CJ2: Bile solubility (deoxycholate) | CK2: Strep. pneumo latex agglutination | CL2: Oxidase | CM2: Indole reagents | CN2: Methyl Red | CO2: Voges-Proskauer | CP2: Citrate | CQ2: Triple Sugar Iron agar or Kligler's Iron Agar | CR2: Urease | CS2: Motility | CT2: Lysine Iron Agar (LIA) or Lysine decarboxylase (LDC) | CU2: Glucose or Dextrose Oxidative-Fermentative (OF) test | CV2: Nitrate reduction | CW2: Gelatin hydrolysis | CX2: Chloramphenicol resistance (disk) | CY2: Growth at 42°C | CZ2: Shigella serology | DA2: Salmonella serology | DB2: Catalase (H2O2) | DC2: Coagulase plasma | DD2: Staph latex agglutination | DE2: Staph chromagar | DF2: DNase | DG2: PYR | DH2: Optochin ("P") disk | DI2: Bile solubility (deoxycholate) | DJ2: Strep. pneumo latex agglutination | DK2: Oxidase | DL2: Indole reagents | DM2: Methyl Red | DN2: Voges-Proskauer | DO2: Citrate | DP2: Triple Sugar Iron agar or Kligler's Iron Agar | DQ2: Urease | DR2: Motility | DS2: Lysine Iron Agar (LIA) or Lysine decarboxylase (LDC) | DT2: Glucose or Dextrose Oxidative-Fermentative (OF) test | DU2: Nitrate reduction | DV2: Gelatin hydrolysis | DW2: Chloramphenicol resistance (disk) | DX2: Growth at 42°C | DY2: Shigella serology | DZ2: Salmonella serology | EA2: Advanced degree in Med. Microbiology/Med. Lab. (PhD, MD) | EB2: Advanced degree, other concentration (PhD, MD) | EC2: PG Master's degree in Microbiology or Med. Lab. Sciences | ED2: Postgraduate Master's degree, other concentration | EE2: Grad. Bachelor's degree in Microbiology or Med. Lab. Sciences | EF2: Graduate Bachelor's degree, other concentration | EG2: UG Certificate/Diploma in Microbiology or Med. Lab. Sciences | EH2: Undergraduate Certificate or Diploma, other concentration | EI2: High school/Secondary school diploma | EJ2: On-the-job training only | EK2: Other (specify in comments) | EL2: Proportion of staff with Med Micro or Med Lab Training | EM2: Proportion of staff with Graduate Bachelor's Degree or more | EN2: McFarland QC standards of known densities, including 0.5, not expired | EO2: Ruler or caliper with millimeter markings | EP2: Bunsen burners or micro-incinerators | EQ2: Calibrated 1uL or 10uL loops (for plating urine cultures) | ER2: Optical densitometer/turbidimeter (for determining McFarland density) | ES2: Microliter pipettes (e.g., Eppendorf) | ET2: Centrifuge (not used for TB cultures) | EU2: Microscope | EV2: Thermometers | EW2: CO2 incubators | EX2: Candle jars | EY2: Ambient (non-CO2) incubator | EZ2: Refrigerator (2-8°C) | FA2: Non-defrosting freezer, -20°C | FB2: Non-defrosting freezer, -60°C | FC2: Non-defrosting freezer, -80°C | FD2: Rechargeable desiccants (for storage of open antibiotic disks and strips) | FE2: Hot air oven (for drying saturated desiccants) | FF2: Biological Safety Cabinet Class IIA | FG2: Autoclave for media preparation ("clean" autoclave) | FH2: Autoclave for sterlizing waste ("dirty" autoclave) | FI2: pH meter | FJ2: Weighing balance | FK2: Conductivity meter | FL2: Distillator/reverse osmosis equipment | FM2: Hot plate with magnetic stir bar (for mixing powdered media) | FN2: Water bath | FO2: Blood culture instrument | FP2: Instrument for bacterial ID and AST (e.g. Vitek, Phoenix, Microscan) | FQ2: Instrument for reading disk diffusion (e.g. SIRSCAN, BIOMIC V3, ADAGIO, etc.) | FR2: MALDI instrument for organism ID | FS2: PCR instrument for antibiotic resistance gene detection | FT2: Red Flags | FU2: Training Opportunities | FV2: System Flags | FW2: GENERAL INDICATOR | FX2: FACILITY | FY2: LAB INFORMATION SYSTEM (Excluded from overall score) | FZ2: DATA MANAGEMENT | GA2: QUALITY ASSURANCE | GB2: MEDIA PREPARATION AND QC | GC2: ID QC | GD2: AST QC | GE2: SPECIMEN COLLECTION, TRANSPORT & MANAGEMENT | GF2: PROCESSING | GG2: IDENTIFICATION | GH2: BASIC AST | GI2: AST EXPERT RULES | GJ2: AST PANELS, POLICY AND ANALYSIS | GK2: SAFETY | GL2: LABORATORY FACILITY | GM2: GENERAL EQUIPMENT AVAILABILITY | GN2: MEDIA PREPARATION EQUIPMENT AVAILABILITY | GO2: EQUIPMENT CALIBRATION RECORDS | GP2: THERMOMETERS | GQ2: TEMPERATURE AND ATMOSPHERE MONITORING | GR2: Temperature recorded | GS2: Ranges defined | GT2: AUTOCLAVE MANAGEMENT | GU2: AUTOMATED EQUIPMENT AVAILABILITY AND MAINTENANCE | GV2: INVENTORY & STOCK OUTS | GW2: DEMOGRAPHIC DATA FIELDS | GX2: SPECIMEN DATA FIELDS | GY2: WORK CARD DATA FIELDS | GZ2: AST DATA FIELDS | HA2: REPORTS AND DATA TRANSFER CAPABILITIES | HB2: INTERFACE CONNECTIVITY | HC2: PATIENT AND SPECIMEN IDENTIFICATION | HD2: SPECIMEN REQUISITION FORM | HE2: ORDER ENTRY | HF2: CULTURE OBSERVATIONS | HG2: AST RESULTS REPORTING | HH2: DATA BACKUP & SECURITY | HI2: AMR DATA SHARING | HJ2: QUALITY STRUCTURE/BASICS | HK2: LABORATORY STAFF EDUCATION/TRAINING/COMPETENCY | HL2: TOUBLESHOOTING, PROBLEM SOLVING, AND ROOT CAUSE ANALYSES | HM2: EXTERNAL QUALITY ASSESSMENT (EQA) | HN2: MEDIA PREPARATION SOPs | HO2: GENERAL MEDIA PREPARATION | HP2: DISTILLED/DEIONIZED WATER PREPARATION | HQ2: ROUTINE MEDIA QC | HR2: MULLER HINTON MEDIA PREPARATION AND QC | HS2: BLOOD CULTURE BOTTLES PREPARATION AND QC | HT2: GRAM STAIN QC and REAGENT LABELING AND STORAGE | HU2: QC OF INDIVIDUAL BIOCHEMICAL METHODS | HV2: Positive controls are in use | HW2: Negative controls are in use | HX2: QC is performed on each new batch/lot number | HY2: QC is performed using ATCC or ATCC-derivative strains | HZ2: QC OF ENTERIC SEROLOGY | IA2: QC OF COMMERCIAL ID KITS and AUTOMATED ID SYSTEMS | IB2: ROUTINE AST REFERENCE STRAINS | IC2: SPECIAL AST REFERENCE STRAINS | ID2: QC OF DISC DIFFUSION AST METHODS | IE2: QC OF GRADIENT STRIP AST METHODS | IF2: QC OF AUTOMATED AST SYSTEMS | IG2: SPECIMEN MANAGEMENT | IH2: SPECIMEN REJECTION | II2: BLOOD SPECIMEN COLLECTION and TRANSPORT | IJ2: URINE SPECIMEN COLLECTION and TRANSPORT | IK2: STOOL SPECIMEN COLLECTION and TRANSPORT | IL2: BLOOD CULTURE PROCESSING | IM2: MANUAL BLOOD CULTURE SYSTEMS | IN2: URINE CULTURE | IO2: STOOL CULTURE for Salmonella and Shigella | IP2: CONVENTIONAL ID METHODS - SOP SCORE SUMMARY | IQ2: Fully implemented*, up-to-date SOP | IR2: SOP is readily available** to bench staff | IS2: SOP defines QC organisms, frequency, and expected results | IT2: SOP provides stepwise instructions for test performance | IU2: SOP provides stepwise instructions for test interpretation | IV2: STAPHYLOCOCCUS AUREUS, KEY ID METHODS | IW2: STAPHYLOCOCCUS AUREUS, OTHER ID METHODS | IX2: STREPTOCOCCUS PNEUMONIAE, CONVENTIONAL ID METHODS | IY2: ENTEROBACTERIACEAE, CONVENTIONAL ID METHODS | IZ2: SHIGELLA/SALMONELLA SEROLOGY | JA2: ACINETOBACTER SPP, CONVENTIONAL ID METHODS | JB2: KIT-BASED ID METHODS | JC2: AUTOMATED ID METHODS | JD2: IDENTIFICATION FLOWCHARTS | JE2: ANTIBIOTIC DISK AND GRADIENT STRIPS MAINTENANCE | JF2: INOCULUM PREPARATION | JG2: INOCULATION/INCUBATION | JH2: READING AST RESULTS | JI2: INTERPRETING RESULTS | JJ2: BREAKPOINTS STANDARDS | JK2: EXPERT RULES FOR SALMONELLA | JL2: GRAM NEGATIVES & BETA-LACTAM BREAKPOINTS | JM2: PHENOTYPIC ESBL TESTING | JN2: PHENOTYPIC CARBAPENEMASE TESTING | JO2: COLISTIN TESTING | JP2: EXPERT RULES FOR STAPH AUREUS | JQ2: GENERAL CONSIDERATIONS FOR STREP PNEUMONIAE | JR2: EXPERT RULES FOR STREP PNEUMONIAE | JS2: INDUCIBLE CLINDAMYCIN RESISTANCE TESTING | JT2: EXPERT RULES FOR CEREBROSPINAL FLUID | JU2: AST PANELS | JV2: CUMULATIVE ANTIBIOGRAMS | JW2: AST PANEL POLICY | JX2: BIOSAFETY EQUIPMENT | JY2: BIOSAFETY BEHAVIORS | JZ2: PERSONAL PROTECTIVE EQUIPMENT | KA2: BIOSAFETY DOCUMENTATION AND TRAINING | KB2: Indicate whether the lab has the following FUNCTIONAL pieces of equipment. | KC2: Biological Safety Cabinet Class IIA | KD2: Biological Safety Cabinet Class IIA | KE2: If the LIS software automatically interprets zone sizes or MICs, are the breakpoints updated annually? | KF2: If the LIS software automatically interprets zone sizes or MICs, are the breakpoints up to date today? | KG2: Does the laboratory use the same patient ID numbers assigned by the hospital and/or clinics? | KH2: Does the laboratory assign a unique specimen ID number to each specimen received in the lab? | KI2: Are specimen numbers assigned in such a way that no two specimens are given the same number during one year? | KJ2: Are patient results reported if QC of media, ID method, or AST method was not performed? | KK2: Are patient results reported if QC of media, ID method, or AST method failed to produce acceptable results? | KL2: Is antibiotic disk QC performed before placing newly received lot numbers/shipments into use? (Review QC records to confirm) | KM2: Not including new lot QC, how often is antibiotic disk QC performed? (Confirm by reviewing QC records; go back several months) | KN2: Is gradient strip QC performed before placing new lot numbers/shipments into use? (Review QC records to confirm) | KO2: Not including new lot QC, how often is antibiotic strip QC performed? (Confirm by reviewing QC records; go back several months) | KP2: Is QC of the antibiotic cards/trays performed before placing new lot numbers/shipments into use? (Review QC records to confirm) | KQ2: Not including new lot QC, how often is antibiotic card/tray QC performed? (Confirm by reviewing QC records; go back several months) | KR2: Does the lab enforce a two-identifier system? (e.g., both patient name and a numeric identifier must be present on the requisition and on the specimen). | KS2: Are unlabeled specimens rejected? | KT2: Are mislabeled specimens rejected? | KU2: When specimens are rejected, does the lab notify the ward or clinic immediately so that a new specimen may be collected? | KV2: If the Gram stain from the bottle is positive, does the lab call the result to the physician immediately? | KW2: When a positive blood culture broth is subcultured, is a chocolate plate included to ensure recovery of fastidious organisms? | KX2: Does the lab inoculate more than one patient sample on the same petri dish? | KY2: Does the lab perform AST on organisms that are possible contaminants? | KZ2: Does the lab inoculate more than one patient sample on the same petri dish? | LA2: Does the lab inoculate more than one patient sample on the same petri dish? | LB2: When an ID result (bionumber) does not reach the threshold for an acceptable identification, is there evidence that appropriate action is taken, such as repeating the test by another method or performing additional biochemical tests? | LC2: Is catalase testing performed prior to coagulase testing on suspected Staph isolates? | LD2: Are negative slide coagulase results confirmed with a tube coagulase test before being reported? | LE2: If the Optochin result is equivocal (9-13mm), is bile solubility or other additional testing performed to confirm the ID? | LF2: When the instrument software flags an ID result as questionable, is there evidence that appropriate action is taken, such as repeating the test by another method or performing additional biochemical tests? | LG2: Does the lab ever intentionally mix two different organisms in the same inoculum for AST? | LH2: Is there evidence that appropriate actions are taken when the AST instrument software flags an AST result as questionable (such as checking for purity or repeating the test by another method)? | LI2: Is there evidence of such actions being taken? | LJ2: Look at the cefotaxime disks currently in use. Does the drug concentration correspond correctly to the standard the lab uses? (CLSI breakpoints require 30ug disks, EUCAST breakpoints require 5ug disks). | LK2: Look at the ceftazidime disks currently in use. Does the drug concentration correspond correctly to the standard in use? (CLSI breakpoints require 30ug disks, EUCAST breakpoints require 10ug) | LL2: Look at the piperacillin-tazobactam disks currently in use. Does the drug concentration correspond correctly to the standard in use? (CLSI breakpoints require 100/10ug disks, EUCAST breakpoints require 30/6ug disks). | LM2: 1st generation cephalosporins (cefazolin, cephalothin, cephapririn, cephadrine) | LN2: 2nd generation cephalosporins (cefuroxime, cefonicid, cefamandole) | LO2: Cephamycins (cefoxitin, cefotetan) | LP2: Aminoglycosides (gentamicin, tobramycin, amikacin) | LQ2: Does the lab use Nalidixic Acid to screen Salmonella isolates for ciprofloxacin resistance? | LR2: Does the lab use the correct fluoroquinolone (FQ) breakpoints for Salmonella spp? (Enterobacteriaceae FQ breakpoints should not be used for Salmonella spp). | LS2: Labs that do NOT use current cephalosporin and aztreonam breakpoints must perform routine ESBL phenotype testing. For ESBL-positive isolates, all penicillins, cephalosporins, and aztreonam that test susceptible must be reported as resistant. Is this practice (changing ESBL + interpretations from S to R) in place? | LT2: Labs that do NOT use current aztreonam and cephalosporin breakpoints should attach a warning comment to the report for ESBL positive organisms: “ESBL-producers should be considered clinically resistant to all penicillins, cephalosporins, and aztreonam.” Is this practice in place? | LU2: Labs that do NOT use current carbapenem breakpoints must perform routine testing for carbapenemase production (e.g. CarbaNP, mCIM, or a molecular assay). If a carbapenemase is detected, all carbapenems that test susceptible must be reported as resistant. Is this practice (changing results from S to R based on positive carbapenemase test result) in place? | LV2: Modified Hodge test | LW2: Disk diffusion | LX2: Gradient strip (e.g., Etest/Liofilchem) | LY2: Automated instrument (e.g., Vitek/Phoenix) | LZ2: Broth microdilution (BMD) with Polysorbate 80 | MA2: Other method, please specify in comments | MB2: Does the lab use Oxacillin disks to test for MRSA? | MC2: When oxacillin and cefoxitin results are discrepant for S. aureus (one is S and one is R), how does the lab report oxacillin? | MD2: Does the lab perform Staph aureus AST on any beta-lactam antibiotics other than penicillin, oxacillin, cefoxitin, or ceftaroline? | ME2: Does the lab use vancomycin disks to test for VISA/VRSA? | MF2: Are Staph aureus that are resistant to Erythromycin and susceptible or intermediate to Clindamycin tested for inducible clindamycin resistance? | MG2: Penicillin | MH2: Amoxicillin | MI2: Ampicillin | MJ2: Cefotaxime | MK2: Ceftriaxone | ML2: Cefuroxime | MM2: Cefepime | MN2: Ertapenem | MO2: Meropenem | MP2: Imipenem | MQ2: Are S.pneumoniae that are resistant to Erythromycin and susceptible or intermediate to Clindamycin tested for inducible clindamycin resistance? | MR2: When the ICR test is positive, is the clindamycin result changed to resistant? | MS2: 1st generation cephalosporins (cefazolin, cephalothin, cephapririn, cephadrine) | MT2: 2nd generation cephalosporins (cefuroxime, cefonicid, cefamandole) | MU2: Cephamycins (cefoxitin, cefotetan) | MV2: Clindamycin | MW2: Macrolides (Erythromycin, Azithromycin, Clarithromycin) | MX2: Tetracyclines (Tetracycline, Minocycline, Doxycycline) | MY2: Fluoroquinolones (Ciprofloxacin, Levofloxacin, Moxifloxacin) | MZ2: Nitrofurantoin | NA2: If the lab practices cascade reporting, is it done in a way which ensures that the AST results excluded from the patient report are NOT excluded from the LIS or other main data repository? | NB2: Biosafety cabinets (Class IIA) | NC2: Covers on each centrifuge bucket | ND2: Cover over centrifuge rotor | NE2: Hand-washing station | NF2: Eyewash station/bottle | NG2: Sharps containers | NH2: Flame cabinet (for securely storing flammable liquids, e.g. ethanol) | NI2: Spill kit | NJ2: First aid kit | NK2: Have all biosafety cabinets been recertified within a year of today’s date? | NL2: Gowns | NM2: Gloves | NN2: Goggles | NO2: Aerosol face protection (mask, face shield, or splatter guard) | NP2: Does lab policy require microbiology staff to wear close-toed shoes? | NQ2: Is PPE utilized appropriately and consistently by laboratory staff? (Observe) | NR2: Does lab policy prohibit eating, drinking, and smoking in the laboratory? | NS2: Designated specifically for storage of media/reagents? | NT2: Free of staff food items? | NU2: Free of patient samples? | NV2: Well organized and free of clutter? | NW2: Are all hazardous chemicals stored appropriately (acids separate from alkaline; flammables in a flame cabinet)? | NX2: Is work area (bench and hood) disinfection documented daily? | NY2: Is there documentation demonstrating that an annual safety/biosafety refresher course is conducted for all staff handling specimens, isolates, or chemicals? | NZ2: Is there documentation showing that the Quality Officers and Focal Points have received appropriate training in Quality Management Systems (QMS)? | OA2: Is there documentation showing that the the Supervisor/Quality Officer received training on how to effectively troubleshoot QC failures? | OB2: Is there evidence the supervisor or Quality Officer has received adequate training on how to perform root-cause analysis of QC failures? | OC2: Is there evidence the supervisor or Quality Officer has received adequate training on how to perform root-cause analysis for EQA failures? | OD2: Have technologists been adequately trained to recognize a poorly collected urine specimen (predominance of fecal or skin flora) based on the relative quantities, types, and mix of organisms present? | OE2: Is there evidence that microbiology staff have received adequate training to recognize intrinsic resistance patterns? (1: Yes - 2: Some, but would like additional training - 3: No) | OF2: Is there evidence that microbiology staff have received adequate training to recognize unusual or unexpected AST results that might require investigation? (e.g. Klebsiella spp. S to ampicillin; Staph spp. I/R to vancomycin) | OG2: Is there evidence that the supervisor recieved appropriate training on how to recognize unusual AST findings? | OH2: Is there evidence that microbiology staff have received adequate training on how to use the CLSI M100 or EUCAST documents effectively? (1: Yes - 2: Some, but would like additional training - 3: No) | OI2: Do laboratory staff understand the current limitations associated with colistin AST? (i.e., the risk of false susceptible results when using any method other than BMD without Polysorbate?) | OJ2: In the last 6 months, has prolonged power failure disrupted the ability to provide routine bacteriology services? | OK2: In the last 6 months, has prolonged instrument failure disrupted the ability to provide routine bacteriology services? | OL2: In the last 6 months, have any stock outs disrupted the lab's ability to provide routine bacteriology services? | OM2: Does the laboratory use a computer-based Laboratory Information System (LIS)? | ON2: Does the hospital use a Hospital Information System (HIS) or Electronic Medical Record (EMR)? | OO2: Are inpatients assigned a unique patient ID number upon admission to the hospital? | OP2: Are outpatients assigned a unique patient ID number upon registration at the clinic? | OQ2: Are patient ID numbers assigned in such a way that no two patients are given the same number in the course of one year? | OR2: Do patients retain the same patient ID number each time they are admitted to the hospital? | OS2: Do laboratory computers have antivirus software? | OT2: Do laboratory computers have genuine (not pirated) Operating Systems? | OU2: Does at least 50% of the technical staff possess formal education in microbiology or medical laboratory science? (Refer to the figure in column D) | OV2: Is the lab sufficiently staffed to provide high quality services? (Including support staff.) | OW2: How many times per year does the lab currently receive EQA/PT challenges that include both bacterial identification & AST? (Please do not include challenges designed to focus on a single organism, e.g., TB or N.gonorrhoeae) | OX2: On average, how long does the lab have to wait before receiving the results of their PT/EQA performance? | OY2: Is there internet in the lab to access free EUCAST PDFs or CLSI M100 online version? | OZ2: Does lab policy primarily determine which isolates recieve AST, or is AST performed only when it is specifically requested by the doctor? | PA2: Does lab policy primarily determine which antibiotics to test and report, or does the lab only test and report the antibiotics specifically requested by the physician? | PB2: Does the hospital have an Antibiotic Stewardship Committee? | PC2: If the hospital has an Antibiotic Stewardship Committee, is a microbiolgist a member? | PD2: Does the hospital have a Pharmacy and Therapeutics Committee? | PE2: If the hospital has a Pharmacy and Therapeutics Committee, is a microbiolgist a member? | PF2: Does the hospital's Antibiotic Stewardship or Pharmacy and Therapeutic Committee meet at least annually to review national or international AST panel recommendations and modify them based on the hospital's formulary and cumulative antibiogram? | PG2: Does the lab prepare any media or distilled water? (e.g., blood agar, Mueller Hinton agar, blood culture bottles) | PH2: Does the lab have an automated blood culture instrument? (indicate manufacturer and model in comments) | PI2: Is the instrument functional today? | PJ2: Is a service contract in place? | PK2: Is the software up to date? | PL2: Does the lab have an automated instrument for bacterial ID and AST? (e.g., Vitek, Microscan, Phoenix) | PM2: Is the instrument functional today? | PN2: Is a service contract in place? | PO2: Is the software up to date? | PP2: Does the lab have an automated instrument for reading disk diffusion? (e.g. SIRSCAN, BIOMIC V3, ADAGIO, etc.) | PQ2: Is the instrument functional today? | PR2: Is a service contract in place? | PS2: Is the software up to date? | PT2: Does the lab have a MALDI instrument for organism ID? (e.g., Bruker, Biomerieux) | PU2: Is the instrument functional today? | PV2: Is a service contract in place? | PW2: Is the software up to date? | PX2: Does the lab have a PCR instrument used for detecting antibiotic resistance genes? (e.g., GeneXpert) | PY2: Is the instrument functional today? | PZ2: Is a service contract in place? | QA2: Is the software up to date? | QB2: Patient Last Name/Surname | QC2: Patient First Name | QD2: Patient Identification Number | QE2: Patient Date of Birth | QF2: Patient Age | QG2: Patient Gender | QH2: Patient Location (Ward or Unit at the time of specimen collection, e.g., "ICU") | QI2: Patient Date of Admission | QJ2: Specimen identification number | QK2: Specimen Type (e.g. Wound) | QL2: Specimen Source/Body Site (e.g. Arm) | QM2: Additional descriptors (e.g., Left, Right) | QN2: Date of specimen collection | QO2: Time of specimen collection | QP2: Date of specimen receipt | QQ2: Time of specimen receipt | QR2: Quantity of Epithelial Cells per low power field | QS2: Quantity of PMNs (WBCs) per low power field | QT2: Quantity of bacterial cells per high power field | QU2: Type of bacterial cells (gram positive cocci, gram negative bacilli, etc.) | QV2: Description of colony morphologies (e.g. "mucoid lactose fermenter" or "beta-hemolytic") | QW2: Description of colony quantities (e.g. "1+, 2+, 3+, 4+" or "few, moderate, many") | QX2: Gram stain of bacterial colony | QY2: Biochemical test results (e.g., "catalase positive") for conventional test methods | QZ2: Organism name | RA2: Isolate number (e.g., when more than one pathogen is encountered in a culture: isolate #1, isolate #2) | RB2: Can the LIS record the AST method used to obtain each individual antibiotic result (e.g., Etest vs. Vitek vs. disk)? | RC2: Disk diffusion zone sizes | RD2: Disk diffusion interpretation (S/I/R) | RE2: MIC values | RF2: MIC interpretation (S/I/R) | RG2: Can the LIS record MIC values to three decimal places (e.g. 0.016)? | RH2: Can the LIS suppress (hide) an individual antibiotic result from the patient report without deleting it from the database (for cascade reporting)? | RI2: Does the LIS software automatically interpret zone sizes into Susceptible, Intermediate, Resistant? | RJ2: Does the LIS software automatically interpret MICs into Susceptible, Intermediate, Resistant? | RK2: If the LIS software automatically interprets zone sizes or MICs, are the breakpoints updated annually? | RL2: If the LIS software automatically interprets zone sizes or MICs, are the breakpoints up to date today? | RM2: Can the LIS de-duplicate data based on select criteria (e.g., patient ID, organism, specimen date)? | RN2: Can the LIS produce a cumulative antibiogram report? | RO2: Can the LIS interface with automated AST instruments (e.g., Vitek, Phoenix, SIRScan, BIOMIC)? | RP2: Can the LIS interface with the Hospital Information System (HIS)? | RQ2: Can the LIS export line lists of data to .txt or .csv files? | RR2: If the lab uses an automated AST instrument, describe the data flow between the LIS and the instrument software. | RS2: Does the hospital use a Hospital Information System (HIS) or Electronic Medical Record (EMR)? | RT2: If the LIS and HIS/EMR are interfaced, describe the data flow between the LIS and the HIS/EMR | RU2: What is the source of the blood used to make the blood agar, chocolate, and/or MHB plates? | RV2: Do records demonstrate that QC is performed on each newly reconstituted batch or newly received lot number/shipment of media? | RW2: Do QC records for blood agar plates demonstrate that they are checked for their ability to support growth of fastidious organisms such as Streptococcus pneumoniae? | RX2: Do QC records for blood agar plates demonstrate that they are checked for their ability to show beta, alpha, and gamma hemolysis? | RY2: Do QC records for chocolate agar plates demonstrate that they are checked for their ability to support the growth of fastidious organisms, such as Neisseria gonorrhoeae or H.influenzae? | RZ2: MacConkey (MAC) and Eosin methylene blue (EMB) agars contain bile salts and/or dyes that are toxic for Gram positive bacteria when made properly. Do QC records for MAC and/or EMB plates demonstrate that each batch/lot is challenged using a Gram positive organism? | SA2: Dyes and pH indicators in MAC and EMB plates provide a color indicator to distinguish between lactose fermenting (LF) and non-lactose fermenting (NLF) Gram negative organisms. Do QC records for MAC and/or EMB plates demonstrate that each batch/lot is challenged using both LF and NLF organisms? | SB2: Do QC records for selective stool agar plates (e.g. XLD, SS, HE) demonstrate that they are checked for their ability to suppress the growth of Gram positive organisms? | SC2: Do QC records for selective stool agar plates demonstrate that they are checked for their ability to make H2S (hydrogen sulfide) production visible using an H2S producing organism, such as Salmonella spp or Proteus vulgaris? | SD2: Do QC records for selective stool agar plates demonstrate that they are checked for their ability to make the acid byproducts of carbohydrate fermentation visible using both fermenters and nonfermenters? | SE2: Pseudomonas aeruginosa 27853 and gentamicin disk | SF2: Enterococcus faecalis 29212 or 33186 and trimethoprim-sulfamethoxazole disk | SG2: Does the lab prepare blood culture bottles in-house? | SH2: Following manufacturer instructions, are all of the recommended ATCC strains in use for the identification kits? | SI2: Following manufacturer instructions, are all of the recommended ATCC strains in use for the automated instrument ID cards/trays? | SJ2: Which blood culture incubation systems does the lab use? | SK2: Is this reagent in use in your lab? (If No, select N/A for the remaining questions about this reagent) | SL2: Is this reagent in use in your lab? (If No, select N/A for the remaining questions about this reagent) | SM2: What is the source of the plasma used for coagulase testing? | SN2: Is this reagent in use in your lab? (If No, select N/A for the remaining questions about this reagent) | SO2: Is this reagent in use in your lab? (If No, select N/A for the remaining questions about this reagent) | SP2: Is this reagent in use in your lab? (If No, select N/A for the remaining questions about this reagent) | SQ2: Is this reagent in use in your lab? (If No, select N/A for the remaining questions about this reagent) | SR2: Is this reagent in use in your lab? (If No, select N/A for the remaining questions about this reagent) | SS2: Is this reagent in use in your lab? (If No, select N/A for the remaining questions about this reagent) | ST2: Is this reagent in use in your lab? (If No, select N/A for the remaining questions about this reagent) | SU2: Is this reagent in use in your lab? (If No, select N/A for the remaining questions about this reagent) | SV2: Is this reagent in use in your lab? (If No, select N/A for the remaining questions about this reagent) | SW2: Is this reagent in use in your lab? (If No, select N/A for the remaining questions about this reagent) | SX2: Is this reagent in use in your lab? (If No, select N/A for the remaining questions about this reagent) | SY2: Is this reagent in use in your lab? (If No, select N/A for the remaining questions about this reagent) | SZ2: Is this reagent in use in your lab? (If No, select N/A for the remaining questions about this reagent) | TA2: Is this reagent in use in your lab? (If No, select N/A for the remaining questions about this reagent) | TB2: Is this reagent in use in your lab? (If No, select N/A for the remaining questions about this reagent) | TC2: Is this reagent in use in your lab? (If No, select N/A for the remaining questions about this reagent) | TD2: Is this reagent in use in your lab? (If No, select N/A for the remaining questions about this reagent) | TE2: Is this reagent in use in your lab? (If No, select N/A for the remaining questions about this reagent) | TF2: Is this reagent in use in your lab? (If No, select N/A for the remaining questions about this reagent) | TG2: Is this reagent in use in your lab? (If No, select N/A for the remaining questions about this reagent) | TH2: Is this reagent in use in your lab? (If No, select N/A for the remaining questions about this reagent) | TI2: Is this test in use in your lab? (If No, select N/A for the remaining questions about this reagent) | TJ2: Is this test in use in your lab? (If No, select N/A for the remaining questions about this reagent) | TK2: When the primary plate has mixed colony types, is it standard practice to subculture each colony of interest to a fresh plate to ensure purity prior to pursuing identification? | TL2: Is it standard practice to perform a gram stain on each isolate of interest prior to performing any other testing? | TM2: For gram negative bacilli, is it standard practice to perform an oxidase test first, before proceeding with any other identification tests (including automated ID)? | TN2: For gram negative bacilli, is it standard practice to perform an indole test second, before proceeding with other identification tests (including automated ID)? | TO2: For oxidase-negative gram negative bacilli that do not ferment lactose (clear on MacConkey), are sufficient tests available to achieve a definitive identification? | TP2: For oxidase-positive gram negative bacilli that are not Pseudomonas aeruginosa (lack the characteristic odor), are sufficient tests available to achieve a definitive identification? | TQ2: For gram positive cocci, is it standard practice to perform a catalase test first, before proceeding with any other identification tests (including automated ID)? | TR2: For catalase positive gram positive cocci, is it standard practice to perform a coagulase test next, before proceeding with other identification tests (including automated ID)? | TS2: For catalase negative gram positive cocci, is it standard practice to evaluate the type of hemolysis (alpha, beta, gamma), before proceeding with other identification tests (including automated ID)? | TT2: Are the in-use antibiotic disks and strips stored in a tightly sealed container with active desiccants? | TU2: Do the desiccants change color as moisture levels increase (indicating the need to replace or recharge)? | TV2: If desiccants do not have a color indicator, are colorless desiccants replaced least monthly? | TW2: After AST inoculation, are “purity plates” made from the remaining suspension? | TX2: Is the automated AST instrument software up to date? | TY2: Do the AST SOPs or bench aides provide examples of intrinsic resistance patterns? (Such as those found in CLSI M100 Appendix B or EUCAST Expert Rules V3.1) | TZ2: Do the AST SOPs or bench aides define examples of unusual or unexpected AST results? (Such as those found in CLSI M100 Appendix A or EUCAST Expert Rules V3.1) | UA2: Do the AST SOPs or bench aides describe what actions to take when unusual or unexpected AST results are encountered (e.g., check purity, reconfirm organism ID, check relevant QC, repeat testing, notify supervisor)? | UB2: Does a supervisor review all AST results for unusual findings before results are given to physicians ? | UC2: 1: CLSI - 2: EUCAST - 3: Other (please list in comments) - 4: None/mixed | UD2: Ask to see the lab’s most current hard copy of the standard. Is it less than 3 years old? | UE2: Does the lab obtain updates of the standard in use at least every 3 years? | UF2: Does the lab review important standards changes, eg. breakpoint changes, with the relevant hospital committees (e.g. pharmacy and therapeutics, stewardship)? | UG2: For labs that DO use current cephalosporin and aztreonam breakpoints, CLSI and EUCAST no longer recommend routine testing for ESBL phenotype. Furthermore, if ESBL testing is performed and the test is positive, interpretations for beta-lactam agents do NOT need to be changed from susceptible to resistant. Has the lab discontinued editing AST results based on the ESBL result? | UH2: Does the lab perform any genotypic tests for ESBL production? (E.g. PCR) | UI2: Do records indicate that quality control for ESBL testing is done either on a weekly basis or each time the test is performed? | UJ2: Do records indicate that lab uses both positive and negative control organisms to QC the ESBL test in use? (A commonly used ESBL positive strain is Klebsiella pneumoniae ATCC 700603) | UK2: For labs that DO use current carbapenem breakpoints, CLSI and EUCAST no longer recommend routine testing for carbapenemase production. Furthermore, if such testing is performed and the test is positive, interpretations for carbapenems do NOT need to be changed from susceptible to resistant. Has the lab discontinued editing AST results based on the carbapenemase result? | UL2: Other disk method, e.g., combination disk test or double disk synergy | UM2: MIC Strip test, e.g., Etest KPC, MBL or Liofilchem MRP/MBO, ETP/EBO | UN2: Biochemical (colorimetric) test, e.g. CarbaNP, BCT, or β CARBA | UO2: Chromogenic agar specific for carbapenemase producers | UP2: Modified carbapenem inactivation method (MCIM) | UQ2: Does the lab perform any genotypic tests for carbapenemase production? (E.g. PCR, GeneXpert, etc.) | UR2: Do records indicate that quality control is done each time carbapenemase testing is performed? | US2: Do records indicate that lab uses both positive and negative control organisms to QC the carbapenemase test in use? | UT2: Broth microdilution (BMD) without Polysorbate 80 | UU2: Does the lab perform colistin AST? | UV2: Colistin Broth Disk Elution (CBDE) Test | UW2: Do records indicate that quality control for colistin AST is performed on either a weekly basis or each time the test is performed? | UX2: Do records indicate that lab uses both susceptible and resistant organisms to QC the colistin test in use? (E.coli NCTC 13846 is recommended to detect low level resistance) | UY2: When colistin resistance is detected, is the isolate sent to a reference lab for molecular characterization (e.g., testing for mcr genes)? | UZ2: If the lab uses broth microdilution for colistin AST, is colistin sulfate used, not colistin methane sulfonate (sulfomethate)? | VA2: Does the lab test Staph aureusisolates against penicillin? | VB2: Are Staph aureus isolates with penicillin zones sizes or MICs in the susceptible range tested for β-lactamase production using the zone-edge test before being reported as penicillin susceptible? | VC2: When a vancomycin MIC >8 is detected for Staph aureus, is the isolate sent to a referral lab for confirmation testing and further characterization? | VD2: Does the lab perform AST for S.pneumoniae? (Not scored. If No, skip to next section.) | VE2: Penicillin | VF2: Ceftriaxone and/or Cefotaxime | VG2: When S.pneumoniae is isolated from CSF, are penicillin, ceftriaxone, and/or cefotaxime reported using the meningitis breakpoints only? | VH2: When S.pneumoniae is isolated from specimens other than CSF, are penicillin, ceftriaxone, and/or cefotaxime reported using both meningitis and non-meningitis breakpoints? | VI2: Does the lab perform the test for Inducible Clindamycin Resistance (ICR), also known as the “D-test” on Staph aureusand/or Strep pneumoniae? | VJ2: Does the SOP for the ICR test specify that the erythromycin and clindamycin disks must be placed 15-26 mm apart for Staph species? | VK2: Does the SOP for the ICR test specify that the erythromycin and clindamycin disks must be placed 12 mm apart for Strep species? | VL2: Do records indicate that quality control for ICR testing is done either on a weekly basis or each time the test is performed? | VM2: Do records indicate that lab uses both positive and negative control organisms to QC the ICR test in use? (Commonly used ICR positive strain is S.aureus ATCC BAA-977) | VN2: Does the lab produce a cumulative antibiogram at least annually? | VO2: Does the lab practice “cascade reporting”?
A3: # | B3: 1 | C3: 2 | D3: 3 | E3: 4 | F3: 5 | G3: 6 | H3: 7 | I3: 8 | J3: 9 | K3: 10 | L3: 11 | M3: 12 | N3: 13 | O3: 14 | P3: 15 | Q3: 16 | R3: 17 | S3: 18 | T3: 19 | U3: 20 | V3: 21 | W3: 22 | X3: 23 | Y3: 24 | Z3: 25 | AA3: 26 | AB3: 27 | AC3: 28 | AD3: 29 | AE3: 30 | AF3: 31 | AG3: 32 | AH3: 33 | AI3: 34 | AJ3: 35 | AK3: 36 | AL3: 37 | AM3: 38 | AN3: 39 | AO3: 40 | AP3: 41 | AQ3: 42 | AR3: 43 | AS3: 44 | AT3: 45 | AU3: 46 | AV3: 47 | AW3: 48 | AX3: 49 | AY3: 50 | AZ3: 51 | BA3: 52 | BB3: 53 | BC3: 54 | BD3: 55 | BE3: 56 | BF3: 57 | BG3: 58 | BH3: 59 | BI3: 60 | BJ3: 61 | BK3: 62 | BL3: 63 | BM3: 64 | BN3: 65 | BO3: 66 | BP3: 67 | BQ3: 68 | BR3: 69 | BS3: 70 | BT3: 71 | BU3: 72 | BV3: 73 | BW3: 74 | BX3: 75 | BY3: 76 | BZ3: 77 | CA3: 78 | CB3: 79 | CC3: 80 | CD3: 81 | CE3: 82 | CF3: 83 | CG3: 84 | CH3: 85 | CI3: 86 | CJ3: 87 | CK3: 88 | CL3: 89 | CM3: 90 | CN3: 91 | CO3: 92 | CP3: 93 | CQ3: 94 | CR3: 95 | CS3: 96 | CT3: 97 | CU3: 98 | CV3: 99 | CW3: 100 | CX3: 101 | CY3: 102 | CZ3: 103 | DA3: 104 | DB3: 105 | DC3: 106 | DD3: 107 | DE3: 108 | DF3: 109 | DG3: 110 | DH3: 111 | DI3: 112 | DJ3: 113 | DK3: 114 | DL3: 115 | DM3: 116 | DN3: 117 | DO3: 118 | DP3: 119 | DQ3: 120 | DR3: 121 | DS3: 122 | DT3: 123 | DU3: 124 | DV3: 125 | DW3: 126 | DX3: 127 | DY3: 128 | DZ3: 129 | EA3: 130 | EB3: 131 | EC3: 132 | ED3: 133 | EE3: 134 | EF3: 135 | EG3: 136 | EH3: 137 | EI3: 138 | EJ3: 139 | EK3: 140 | EL3: 141 | EM3: 142 | EN3: 143 | EO3: 144 | EP3: 145 | EQ3: 146 | ER3: 147 | ES3: 148 | ET3: 149 | EU3: 150 | EV3: 151 | EW3: 152 | EX3: 153 | EY3: 154 | EZ3: 155 | FA3: 156 | FB3: 157 | FC3: 158 | FD3: 159 | FE3: 160 | FF3: 161 | FG3: 162 | FH3: 163 | FI3: 164 | FJ3: 165 | FK3: 166 | FL3: 167 | FM3: 168 | FN3: 169 | FO3: 170 | FP3: 171 | FQ3: 172 | FR3: 173 | FS3: 174 | FT3: 175 | FU3: 176 | FV3: 177 | FW3: 178 | FX3: 179 | FY3: 180 | FZ3: 181 | GA3: 182 | GB3: 183 | GC3: 184 | GD3: 185 | GE3: 186 | GF3: 187 | GG3: 188 | GH3: 189 | GI3: 190 | GJ3: 191 | GK3: 192 | GL3: 193 | GM3: 194 | GN3: 195 | GO3: 196 | GP3: 197 | GQ3: 198 | GR3: 199 | GS3: 200 | GT3: 201 | GU3: 202 | GV3: 203 | GW3: 204 | GX3: 205 | GY3: 206 | GZ3: 207 | HA3: 208 | HB3: 209 | HC3: 210 | HD3: 211 | HE3: 212 | HF3: 213 | HG3: 214 | HH3: 215 | HI3: 216 | HJ3: 217 | HK3: 218 | HL3: 219 | HM3: 220 | HN3: 221 | HO3: 222 | HP3: 223 | HQ3: 224 | HR3: 225 | HS3: 226 | HT3: 227 | HU3: 228 | HV3: 229 | HW3: 230 | HX3: 231 | HY3: 232 | HZ3: 233 | IA3: 234 | IB3: 235 | IC3: 236 | ID3: 237 | IE3: 238 | IF3: 239 | IG3: 240 | IH3: 241 | II3: 242 | IJ3: 243 | IK3: 244 | IL3: 245 | IM3: 246 | IN3: 247 | IO3: 248 | IP3: 249 | IQ3: 250 | IR3: 251 | IS3: 252 | IT3: 253 | IU3: 254 | IV3: 255 | IW3: 256 | IX3: 257 | IY3: 258 | IZ3: 259 | JA3: 260 | JB3: 261 | JC3: 262 | JD3: 263 | JE3: 264 | JF3: 265 | JG3: 266 | JH3: 267 | JI3: 268 | JJ3: 269 | JK3: 270 | JL3: 271 | JM3: 272 | JN3: 273 | JO3: 274 | JP3: 275 | JQ3: 276 | JR3: 277 | JS3: 278 | JT3: 279 | JU3: 280 | JV3: 281 | JW3: 282 | JX3: 283 | JY3: 284 | JZ3: 285 | KA3: 286 | KB3: 287 | KC3: 288 | KD3: 289 | KE3: 290 | KF3: 291 | KG3: 292 | KH3: 293 | KI3: 294 | KJ3: 295 | KK3: 296 | KL3: 297 | KM3: 298 | KN3: 299 | KO3: 300 | KP3: 301 | KQ3: 302 | KR3: 303 | KS3: 304 | KT3: 305 | KU3: 306 | KV3: 307 | KW3: 308 | KX3: 309 | KY3: 310 | KZ3: 311 | LA3: 312 | LB3: 313 | LC3: 314 | LD3: 315 | LE3: 316 | LF3: 317 | LG3: 318 | LH3: 319 | LI3: 320 | LJ3: 321 | LK3: 322 | LL3: 323 | LM3: 324 | LN3: 325 | LO3: 326 | LP3: 327 | LQ3: 328 | LR3: 329 | LS3: 330 | LT3: 331 | LU3: 332 | LV3: 333 | LW3: 334 | LX3: 335 | LY3: 336 | LZ3: 337 | MA3: 338 | MB3: 339 | MC3: 340 | MD3: 341 | ME3: 342 | MF3: 343 | MG3: 344 | MH3: 345 | MI3: 346 | MJ3: 347 | MK3: 348 | ML3: 349 | MM3: 350 | MN3: 351 | MO3: 352 | MP3: 353 | MQ3: 354 | MR3: 355 | MS3: 356 | MT3: 357 | MU3: 358 | MV3: 359 | MW3: 360 | MX3: 361 | MY3: 362 | MZ3: 363 | NA3: 364 | NB3: 365 | NC3: 366 | ND3: 367 | NE3: 368 | NF3: 369 | NG3: 370 | NH3: 371 | NI3: 372 | NJ3: 373 | NK3: 374 | NL3: 375 | NM3: 376 | NN3: 377 | NO3: 378 | NP3: 379 | NQ3: 380 | NR3: 381 | NS3: 382 | NT3: 383 | NU3: 384 | NV3: 385 | NW3: 386 | NX3: 387 | NY3: 388 | NZ3: 389 | OA3: 390 | OB3: 391 | OC3: 392 | OD3: 393 | OE3: 394 | OF3: 395 | OG3: 396 | OH3: 397 | OI3: 398 | OJ3: 399 | OK3: 400 | OL3: 401 | OM3: 402 | ON3: 403 | OO3: 404 | OP3: 405 | OQ3: 406 | OR3: 407 | OS3: 408 | OT3: 409 | OU3: 410 | OV3: 411 | OW3: 412 | OX3: 413 | OY3: 414 | OZ3: 415 | PA3: 416 | PB3: 417 | PC3: 418 | PD3: 419 | PE3: 420 | PF3: 421 | PG3: 422 | PH3: 423 | PI3: 424 | PJ3: 425 | PK3: 426 | PL3: 427 | PM3: 428 | PN3: 429 | PO3: 430 | PP3: 431 | PQ3: 432 | PR3: 433 | PS3: 434 | PT3: 435 | PU3: 436 | PV3: 437 | PW3: 438 | PX3: 439 | PY3: 440 | PZ3: 441 | QA3: 442 | QB3: 443 | QC3: 444 | QD3: 445 | QE3: 446 | QF3: 447 | QG3: 448 | QH3: 449 | QI3: 450 | QJ3: 451 | QK3: 452 | QL3: 453 | QM3: 454 | QN3: 455 | QO3: 456 | QP3: 457 | QQ3: 458 | QR3: 459 | QS3: 460 | QT3: 461 | QU3: 462 | QV3: 463 | QW3: 464 | QX3: 465 | QY3: 466 | QZ3: 467 | RA3: 468 | RB3: 469 | RC3: 470 | RD3: 471 | RE3: 472 | RF3: 473 | RG3: 474 | RH3: 475 | RI3: 476 | RJ3: 477 | RK3: 478 | RL3: 479 | RM3: 480 | RN3: 481 | RO3: 482 | RP3: 483 | RQ3: 484 | RR3: 485 | RS3: 486 | RT3: 487 | RU3: 488 | RV3: 489 | RW3: 490 | RX3: 491 | RY3: 492 | RZ3: 493 | SA3: 494 | SB3: 495 | SC3: 496 | SD3: 497 | SE3: 498 | SF3: 499 | SG3: 500 | SH3: 501 | SI3: 502 | SJ3: 503 | SK3: 504 | SL3: 505 | SM3: 506 | SN3: 507 | SO3: 508 | SP3: 509 | SQ3: 510 | SR3: 511 | SS3: 512 | ST3: 513 | SU3: 514 | SV3: 515 | SW3: 516 | SX3: 517 | SY3: 518 | SZ3: 519 | TA3: 520 | TB3: 521 | TC3: 522 | TD3: 523 | TE3: 524 | TF3: 525 | TG3: 526 | TH3: 527 | TI3: 528 | TJ3: 529 | TK3: 530 | TL3: 531 | TM3: 532 | TN3: 533 | TO3: 534 | TP3: 535 | TQ3: 536 | TR3: 537 | TS3: 538 | TT3: 539 | TU3: 540 | TV3: 541 | TW3: 542 | TX3: 543 | TY3: 544 | TZ3: 545 | UA3: 546 | UB3: 547 | UC3: 548 | UD3: 549 | UE3: 550 | UF3: 551 | UG3: 552 | UH3: 553 | UI3: 554 | UJ3: 555 | UK3: 556 | UL3: 557 | UM3: 558 | UN3: 559 | UO3: 560 | UP3: 561 | UQ3: 562 | UR3: 563 | US3: 564 | UT3: 565 | UU3: 566 | UV3: 567 | UW3: 568 | UX3: 569 | UY3: 570 | UZ3: 571 | VA3: 572 | VB3: 573 | VC3: 574 | VD3: 575 | VE3: 576 | VF3: 577 | VG3: 578 | VH3: 579 | VI3: 580 | VJ3: 581 | VK3: 582 | VL3: 583 | VM3: 584 | VN3: 585 | VO3: 586
A4: Code | B4: Name | C4: ADD | D4: City | E4: PROV | F4: DIS | G4: Country | H4: ASS1 | I4: ASS2 | J4: ASS3 | K4: Date | L4: Z | M4: Y | N4: X | O4: Fund | P4: type | Q4: level | R4: Slev | S4: Beds | T4: DD | U4: Grad | V4: bmicro | W4: bmacro | X4: AgarD | Y4: Vit | Z4: Pho | AA4: Mic | AB4: Other | AC4: OESBL | AD4: OCRE | AE4: OMRSA | AF4: OVRE | AG4: OCOLI | AH4: OOTH | AI4: GESBL | AJ4: GCARBA | AK4: GMECA | AL4: GVAN | AM4: GMRC | AN4: GOTH | AO4: SLIP | AP4: DSLIP | AQ4: SSLIP | AR4: LQSI | AS4: LQSIP | AT4: OMENT | AU4: ABLOOD | AV4: ASTOL | AW4: AURINE | AX4: AORGA | AY4: AAST | AZ4: AOTH | BA4: BODY | BB4: WLBLOOD | BC4: WLURIN | BD4: WLSTOOL | BE4: WLSS | BF4: WLVC | BG4: WLYE | BH4: WLCJ | BI4: WLO157 | BJ4: WLRESPI | BK4: WLWOUND | BL4: WLCSF | BM4: WLBF | BN4: WFGENIT | BO4: WLANAERO | BP4: WLYEAST | BQ4: WLMOLD | BR4: WLMRSA | BS4: WLVRE | BT4: WLCRE | BU4: WLREFER | BV4: WLOTH | BW4: AAST | BX4: DD | BY4: GS | BZ4: BMIC | CA4: BMAC | CB4: AGAD | CC4: BIQC1 | CD4: BIQC2 | CE4: BIQC3 | CF4: BIQC4 | CG4: BIQC5 | CH4: BIQC6 | CI4: BIQC7 | CJ4: BIQC8 | CK4: BIQC9 | CL4: BIQC10 | CM4: BIQC11 | CN4: BIQC12 | CO4: BIQC13 | CP4: BIQC14 | CQ4: BIQC15 | CR4: BIQC16 | CS4: BIQC17 | CT4: BIQC18 | CU4: BIQC19 | CV4: BIQC20 | CW4: BIQC21 | CX4: BIQC22 | CY4: BIQC23 | CZ4: BIQC24 | DA4: BIQC25 | DB4: BISOP1 | DC4: BISOP2 | DD4: BISOP3 | DE4: BISOP4 | DF4: BISOP5 | DG4: BISOP6 | DH4: BISOP7 | DI4: BISOP8 | DJ4: BISOP9 | DK4: BISOP10 | DL4: BISOP11 | DM4: BISOP12 | DN4: BISOP13 | DO4: BISOP14 | DP4: BISOP15 | DQ4: BISOP16 | DR4: BISOP17 | DS4: BISOP18 | DT4: BISOP19 | DU4: BISOP20 | DV4: BISOP21 | DW4: BISOP22 | DX4: BISOP23 | DY4: BISOP24 | DZ4: BISOP25 | EA4: ADVMIC | EB4: ADVOTH | EC4: PGMIC | ED4: PGOTH | EE4: BMIC | EF4: BOTH | EG4: UGMIC | EH4: UGOTH | EI4: HS | EJ4: OTJ | EK4: SOTH | EL4: %MED | EM4: %GRA | EN4: MCF | EO4: RULCAL | EP4: BB | EQ4: CL | ER4: DENS | ES4: PIP | ET4: CENT | EU4: MICRO | EV4: THERM | EW4: CO2 | EX4: CJ | EY4: INC | EZ4: REF | FA4: F-20 | FB4: F-60 | FC4: F-80 | FD4: DESS | FE4: HAO | FF4: BSCIIA | FG4: CAUTO | FH4: DAUTO | FI4: PH | FJ4: BAL | FK4: CONDUC | FL4: WD | FM4: HPMS | FN4: WB | FO4: BCI | FP4: ISAST | FQ4: DDR | FR4: MT | FS4: PCRAST | FT4: RF | FU4: TO | FV4: SF | FW4: GI | FX4: FAC | FY4: LIS | FZ4: DATA | GA4: QA | GB4: MPREP | GC4: IDQC | GD4: ASTQC | GE4: SPEC | GF4: PROC | GG4: ID | GH4: BAST | GI4: EAST | GJ4: PANE | GK4: SAFE | GL4: FAC1 | GM4: FAC2 | GN4: FAC3 | GO4: FAC4 | GP4: FAC5 | GQ4: FAC6 | GR4: FAC7 | GS4: FAC8 | GT4: FAC9 | GU4: FAC10 | GV4: FAC11 | GW4: LIS1 | GX4: LIS2 | GY4: LIS3 | GZ4: LIS4 | HA4: LIS5 | HB4: LIS6 | HC4: DATA1 | HD4: DATA2 | HE4: DATA3 | HF4: DATA4 | HG4: DATA5 | HH4: DATA6 | HI4: DATA7 | HJ4: QA1 | HK4: QA2 | HL4: QA3 | HM4: QA4 | HN4: MPREP1 | HO4: MPREP2 | HP4: MPREP3 | HQ4: MPREP4 | HR4: MPREP5 | HS4: MPREP6 | HT4: IDQC1 | HU4: IDQC2 | HV4: IDQC3 | HW4: IDQC4 | HX4: IDQC5 | HY4: IDQC6 | HZ4: IDQC7 | IA4: IDQC8 | IB4: ASTQC1 | IC4: ASTQC2 | ID4: ASTQC3 | IE4: ASTQC4 | IF4: ASTQC5 | IG4: SPEC1 | IH4: SPEC2 | II4: SPEC3 | IJ4: SPEC4 | IK4: SPEC5 | IL4: PROC1 | IM4: PROC2 | IN4: PROC3 | IO4: PROC4 | IP4: ID1 | IQ4: ID2 | IR4: ID3 | IS4: ID4 | IT4: ID5 | IU4: ID6 | IV4: ID7 | IW4: ID8 | IX4: ID9 | IY4: ID10 | IZ4: ID11 | JA4: ID12 | JB4: ID13 | JC4: ID14 | JD4: ID15 | JE4: BAST1 | JF4: BAST2 | JG4: BAST3 | JH4: BAST4 | JI4: BAST5 | JJ4: BAST6 | JK4: EAST1 | JL4: EAST2 | JM4: EAST3 | JN4: EAST4 | JO4: EAST5 | JP4: EAST6 | JQ4: EAST7 | JR4: EAST8 | JS4: EAST9 | JT4: EAST10 | JU4: PAN1 | JV4: PAN2 | JW4: PAN3 | JX4: SAFE1 | JY4: SAFE2 | JZ4: SAFE3 | KA4: SAFE4 | KB4: RF1 | KC4: RF2 | KD4: RF3 | KE4: RF4 | KF4: RF5 | KG4: RF6 | KH4: RF7 | KI4: RF8 | KJ4: RF9 | KK4: RF10 | KL4: RF11 | KM4: RF12 | KN4: RF13 | KO4: RF14 | KP4: RF15 | KQ4: RF16 | KR4: RF17 | KS4: RF18 | KT4: RF19 | KU4: RF20 | KV4: RF21 | KW4: RF22 | KX4: RF23 | KY4: RF24 | KZ4: RF25 | LA4: RF26 | LB4: RF27 | LC4: RF28 | LD4: RF29 | LE4: RF30 | LF4: RF31 | LG4: RF32 | LH4: RF33 | LI4: RF34 | LJ4: RF35 | LK4: RF36 | LL4: RF37 | LM4: RF38 | LN4: RF39 | LO4: RF40 | LP4: RF41 | LQ4: RF42 | LR4: RF43 | LS4: RF44 | LT4: RF45 | LU4: RF46 | LV4: RF47 | LW4: RF48 | LX4: RF49 | LY4: RF50 | LZ4: RF51 | MA4: RF52 | MB4: RF53 | MC4: RF54 | MD4: RF55 | ME4: RF56 | MF4: RF57 | MG4: RF58 | MH4: RF59 | MI4: RF60 | MJ4: RF61 | MK4: RF62 | ML4: RF63 | MM4: RF64 | MN4: RF65 | MO4: RF66 | MP4: RF67 | MQ4: RF68 | MR4: RF69 | MS4: RF70 | MT4: RF71 | MU4: RF72 | MV4: RF73 | MW4: RF74 | MX4: RF75 | MY4: RF76 | MZ4: RF77 | NA4: RF78 | NB4: RF79 | NC4: RF80 | ND4: RF81 | NE4: RF82 | NF4: RF83 | NG4: RF84 | NH4: RF85 | NI4: RF86 | NJ4: RF87 | NK4: RF88 | NL4: RF89 | NM4: RF90 | NN4: RF91 | NO4: RF92 | NP4: RF93 | NQ4: RF94 | NR4: RF95 | NS4: RF96 | NT4: RF97 | NU4: RF98 | NV4: RF99 | NW4: RF100 | NX4: RF101 | NY4: RF102 | NZ4: TO1 | OA4: TO2 | OB4: TO3 | OC4: TO4 | OD4: TO5 | OE4: TO6 | OF4: TO7 | OG4: TO8 | OH4: TO9 | OI4: TO10 | OJ4: SF1 | OK4: SF2 | OL4: SF3 | OM4: SF4 | ON4: SF5 | OO4: SF6 | OP4: SF7 | OQ4: SF8 | OR4: SF9 | OS4: SF10 | OT4: SF11 | OU4: SF12 | OV4: SF13 | OW4: SF14 | OX4: SF15 | OY4: SF16 | OZ4: SF17 | PA4: SF18 | PB4: SF19 | PC4: SF20 | PD4: SF21 | PE4: SF22 | PF4: SF23 | PG4: Q1.1 | PH4: Q1.2 | PI4: Q1.3 | PJ4: Q1.4 | PK4: Q1.5 | PL4: Q1.6 | PM4: Q1.7 | PN4: Q1.8 | PO4: Q1.9 | PP4: Q1.10 | PQ4: Q1.11 | PR4: Q1.12 | PS4: Q1.13 | PT4: Q1.14 | PU4: Q1.15 | PV4: Q1.16 | PW4: Q1.17 | PX4: Q1.18 | PY4: Q1.19 | PZ4: Q1.20 | QA4: Q1.21 | QB4: Q2.1 | QC4: Q2.2 | QD4: Q2.3 | QE4: Q2.4 | QF4: Q2.5 | QG4: Q2.6 | QH4: Q2.7 | QI4: Q2.8 | QJ4: Q2.9 | QK4: Q2.10 | QL4: Q2.11 | QM4: Q2.12 | QN4: Q2.13 | QO4: Q2.14 | QP4: Q2.15 | QQ4: Q2.16 | QR4: Q2.17 | QS4: Q2.18 | QT4: Q2.19 | QU4: Q2.20 | QV4: Q2.21 | QW4: Q2.22 | QX4: Q2.23 | QY4: Q2.24 | QZ4: Q2.25 | RA4: Q2.26 | RB4: Q2.27 | RC4: Q2.28 | RD4: Q2.29 | RE4: Q2.30 | RF4: Q2.31 | RG4: Q2.32 | RH4: Q2.33 | RI4: Q2.34 | RJ4: Q2.35 | RK4: Q2.36 | RL4: Q2.37 | RM4: Q2.38 | RN4: Q2.39 | RO4: Q2.40 | RP4: Q2.41 | RQ4: Q2.42 | RR4: Q2.43 | RS4: Q2.44 | RT4: Q2.45 | RU4: Q5.1 | RV4: Q5.2 | RW4: Q5.3 | RX4: Q5.4 | RY4: Q5.5 | RZ4: Q5.6 | SA4: Q5.7 | SB4: Q5.8 | SC4: Q5.9 | SD4: Q5.10 | SE4: Q5.11 | SF4: Q5.12 | SG4: Q5.13 | SH4: Q6.1 | SI4: Q6.2 | SJ4: Q9.1 | SK4: Q10.1 | SL4: Q10.2 | SM4: Q10.3 | SN4: Q10.4 | SO4: Q10.5 | SP4: Q10.6 | SQ4: Q10.7 | SR4: Q10.8 | SS4: Q10.9 | ST4: Q10.10 | SU4: Q10.11 | SV4: Q10.12 | SW4: Q10.13 | SX4: Q10.14 | SY4: Q10.15 | SZ4: Q10.16 | TA4: Q10.17 | TB4: Q10.18 | TC4: Q10.19 | TD4: Q10.20 | TE4: Q10.21 | TF4: Q10.22 | TG4: Q10.23 | TH4: Q10.24 | TI4: Q10.25 | TJ4: Q10.26 | TK4: Q10.27 | TL4: Q10.28 | TM4: Q10.29 | TN4: Q10.30 | TO4: Q10.31 | TP4: Q10.32 | TQ4: Q10.33 | TR4: Q10.34 | TS4: Q10.35 | TT4: Q11.1 | TU4: Q11.2 | TV4: Q11.3 | TW4: Q11.4 | TX4: Q11.5 | TY4: Q11.6 | TZ4: Q11.7 | UA4: Q11.8 | UB4: Q11.9 | UC4: Q11.10 | UD4: Q11.11 | UE4: Q11.12 | UF4: Q11.13 | UG4: Q12.1 | UH4: Q12.2 | UI4: Q12.3 | UJ4: Q12.4 | UK4: Q12.5 | UL4: Q12.6 | UM4: Q12.7 | UN4: Q12.8 | UO4: Q12.9 | UP4: Q12.10 | UQ4: Q12.11 | UR4: Q12.12 | US4: Q12.13 | UT4: Q12.14 | UU4: Q12.15 | UV4: Q12.16 | UW4: Q12.17 | UX4: Q12.18 | UY4: Q12.19 | UZ4: Q12.20 | VA4: Q12.21 | VB4: Q12.22 | VC4: Q12.23 | VD4: Q12.24 | VE4: Q12.25 | VF4: Q12.26 | VG4: Q12.27 | VH4: Q12.28 | VI4: Q12.29 | VJ4: Q12.30 | VK4: Q12.31 | VL4: Q12.32 | VM4: Q12.33 | VN4: Q13.1 | VO4: Q13.2
B5: ='General-0.'!D8 -> 0 | C5: ='General-0.'!D9 -> 0 | D5: ='General-0.'!D10 -> 0 | E5: ='General-0.'!D11 -> 0 | F5: ='General-0.'!D12 -> 0 | G5: ='General-0.'!D13 -> 0 | H5: ='General-0.'!D4 -> 0 | I5: ='General-0.'!D5 -> 0 | J5: ='General-0.'!D6 -> 0 | K5: ='General-0.'!D7 -> 0 | L5: ='General-0.'!D16 -> 0 | M5: ='General-0.'!D17 -> 0 | N5: ='General-0.'!D18 -> 0 | O5: ='General-0.'!D31 -> 0 | P5: ='General-0.'!D36 -> 0 | Q5: ='General-0.'!D44 -> 0 | R5: ='General-0.'!D50 -> 0 | S5: ='General-0.'!D56 -> 0 | T5: ='General-0.'!E88 -> 0 | U5: ='General-0.'!E89 -> 0 | V5: ='General-0.'!E90 -> 0 | W5: ='General-0.'!E91 -> 0 | X5: ='General-0.'!E92 -> 0 | Y5: ='General-0.'!E96 -> 0 | Z5: ='General-0.'!E97 -> 0 | AA5: ='General-0.'!E98 -> 0 | AB5: ='General-0.'!E99 -> 0 | AC5: ='General-0.'!E103 -> 0 | AD5: ='General-0.'!E104 -> 0 | AE5: ='General-0.'!E105 -> 0 | AF5: ='General-0.'!E106 -> 0 | AG5: ='General-0.'!E107 -> 0 | AH5: ='General-0.'!E108 -> 0 | AI5: ='General-0.'!E112 -> 0 | AJ5: ='General-0.'!E113 -> 0 | AK5: ='General-0.'!E114 -> 0 | AL5: ='General-0.'!E115 -> 0 | AM5: ='General-0.'!E116 -> 0 | AN5: ='General-0.'!E117 -> 0 | AO5: ='General-0.'!D144 -> 0 | AP5: ='General-0.'!D145 -> 0 | AQ5: ='General-0.'!D147 -> 0 | AR5: ='General-0.'!D149 -> 0 | AS5: ='General-0.'!D150 -> 0 | AT5: ='General-0.'!D152 -> 0 | AU5: ='General-0.'!D156 -> 0 | AV5: ='General-0.'!D157 -> 0 | AW5: ='General-0.'!D158 -> 0 | AX5: ='General-0.'!D159 -> 0 | AY5: ='General-0.'!D160 -> 0 | AZ5: ='General-0.'!D161 -> 0 | BA5: ='General-0.'!D162 -> 0 | BB5: =Summary!C11 -> 0 | BC5: =Summary!C12 -> 0 | BD5: =Summary!C13 -> 0 | BE5: ='General-0.'!D66 -> 0 | BF5: ='General-0.'!D67 -> 0 | BG5: ='General-0.'!D68 -> 0 | BH5: ='General-0.'!D69 -> 0 | BI5: ='General-0.'!D70 -> 0 | BJ5: =Summary!C14 -> 0 | BK5: =Summary!C15 -> 0 | BL5: =Summary!C16 -> 0 | BM5: =Summary!C17 -> 0 | BN5: =Summary!C18 -> 0 | BO5: =Summary!C19 -> 0 | BP5: =Summary!C20 -> 0 | BQ5: =Summary!C21 -> 0 | BR5: =Summary!C22 -> 0 | BS5: =Summary!C23 -> 0 | BT5: =Summary!C24 -> 0 | BU5: =Summary!C25 -> 0 | BV5: =Summary!C26 -> 0 | BW5: =Summary!C29 -> 0 | BX5: =Summary!C30 -> 0 | BY5: =Summary!C31 -> 0 | BZ5: =Summary!C32 -> 0 | CA5: =Summary!C33 -> 0 | CB5: =Summary!C34 -> 0 | CC5: =Summary!C190 -> 0 | CD5: =Summary!C191 -> 0 | CE5: =Summary!C192 -> 0 | CF5: =Summary!C193 -> 0 | CG5: =Summary!C194 -> 0 | CH5: =Summary!C195 -> 0 | CI5: =Summary!C196 -> 0 | CJ5: =Summary!C197 -> 0 | CK5: =Summary!C198 -> 0 | CL5: =Summary!C199 -> 0 | CM5: =Summary!C200 -> 0 | CN5: =Summary!C201 -> 0 | CO5: =Summary!C202 -> 0 | CP5: =Summary!C203 -> 0 | CQ5: =Summary!C204 -> 0 | CR5: =Summary!C205 -> 0 | CS5: =Summary!C206 -> 0 | CT5: =Summary!C207 -> 0 | CU5: =Summary!C208 -> 0 | CV5: =Summary!C209 -> 0 | CW5: =Summary!C210 -> 0 | CX5: =Summary!C211 -> 0 | CY5: =Summary!C212 -> 0 | CZ5: =Summary!C213 -> 0 | DA5: =Summary!C214 -> 0 | DB5: =Summary!D190 -> 0 | DC5: =Summary!D191 -> 0 | DD5: =Summary!D192 -> 0 | DE5: =Summary!D193 -> 0 | DF5: =Summary!D194 -> 0 | DG5: =Summary!D195 -> 0 | DH5: =Summary!D196 -> 0 | DI5: =Summary!D197 -> 0 | DJ5: =Summary!D198 -> 0 | DK5: =Summary!D199 -> 0 | DL5: =Summary!D200 -> 0 | DM5: =Summary!D201 -> 0 | DN5: =Summary!D202 -> 0 | DO5: =Summary!D203 -> 0 | DP5: =Summary!D204 -> 0 | DQ5: =Summary!D205 -> 0 | DR5: =Summary!D206 -> 0 | DS5: =Summary!D207 -> 0 | DT5: =Summary!D208 -> 0 | DU5: =Summary!D209 -> 0 | DV5: =Summary!D210 -> 0 | DW5: =Summary!D211 -> 0 | DX5: =Summary!D212 -> 0 | DY5: =Summary!D213 -> 0 | DZ5: =Summary!D214 -> 0 | EA5: =Summary!C37 -> 0 | EB5: =Summary!C38 -> 0 | EC5: =Summary!C39 -> 0 | ED5: =Summary!C40 -> 0 | EE5: =Summary!C41 -> 0 | EF5: =Summary!C42 -> 0 | EG5: =Summary!C43 -> 0 | EH5: =Summary!C44 -> 0 | EI5: =Summary!C45 -> 0 | EJ5: =Summary!C46 -> 0 | EK5: =Summary!C47 -> 0 | EL5: =Summary!C48 -> #DIV/0! | EM5: =Summary!C49 -> #DIV/0! | EN5: =Summary!C218 -> 0 | EO5: =Summary!C219 -> 0 | EP5: =Summary!C220 -> 0 | EQ5: =Summary!C221 -> 0 | ER5: =Summary!C222 -> 0 | ES5: =Summary!C223 -> 0 | ET5: =Summary!C224 -> 0 | EU5: =Summary!C225 -> 0 | EV5: =Summary!C226 -> 0 | EW5: =Summary!C227 -> 0 | EX5: =Summary!C228 -> 0 | EY5: =Summary!C229 -> 0 | EZ5: =Summary!C230 -> 0 | FA5: =Summary!C231 -> 0 | FB5: =Summary!C232 -> 0 | FC5: =Summary!C233 -> 0 | FD5: =Summary!C234 -> 0 | FE5: =Summary!C235 -> 0 | FF5: =Summary!C236 -> 0 | FG5: =Summary!C237 -> 0 | FH5: =Summary!C238 -> 0 | FI5: =Summary!C240 -> 0 | FJ5: =Summary!C241 -> 0 | FK5: =Summary!C242 -> 0 | FL5: =Summary!C243 -> 0 | FM5: =Summary!C244 -> 0 | FN5: =Summary!C245 -> 0 | FO5: =Summary!C247 -> 1 | FP5: =Summary!C248 -> 1 | FQ5: =Summary!C249 -> 0 | FR5: =Summary!C250 -> 0 | FS5: =Summary!C251 -> 0 | FT5: =Flags!E117 -> 0 | FU5: =Flags!E131 -> 0 | FV5: =Flags!E159 -> 0 | FW5: =Summary!C51 -> 0 | FX5: =Summary!C52 -> 0 | FY5: =Summary!C53 -> 0 | FZ5: =Summary!C54 -> 0 | GA5: =Summary!C55 -> 0 | GB5: =Summary!C56 -> 0 | GC5: =Summary!C57 -> 0 | GD5: =Summary!C58 -> 0 | GE5: =Summary!C59 -> 0 | GF5: =Summary!C60 -> 0 | GG5: =Summary!C61 -> 0 | GH5: =Summary!C62 -> 0 | GI5: =Summary!C63 -> 0 | GJ5: =Summary!C64 -> 0 | GK5: =Summary!C65 -> 0 | GL5: =Summary!C68 -> 0 | GM5: =Summary!C69 -> 0 | GN5: =Summary!C70 -> 0 | GO5: =Summary!C71 -> 0 | GP5: =Summary!C72 -> 0 | GQ5: =Summary!C73 -> 0 | GR5: =Summary!C74 -> 0 | GS5: =Summary!C75 -> 0 | GT5: =Summary!C76 -> 0 | GU5: =Summary!C77 -> 0 | GV5: =Summary!C78 -> 0 | GW5: =Summary!C81 -> 0 | GX5: =Summary!C82 -> 0 | GY5: =Summary!C83 -> 0 | GZ5: =Summary!C84 -> 0 | HA5: =Summary!C85 -> 0 | HB5: =Summary!C86 -> 0 | HC5: =Summary!C89 -> 0 | HD5: =Summary!C90 -> 0 | HE5: =Summary!C91 -> 0 | HF5: =Summary!C92 -> 0 | HG5: =Summary!C93 -> 0 | HH5: =Summary!C94 -> 0 | HI5: =Summary!C95 -> 0 | HJ5: =Summary!C98 -> 0 | HK5: =Summary!C99 -> 0 | HL5: =Summary!C100 -> 0 | HM5: =Summary!C101 -> 0 | HN5: =Summary!C104 -> 0 | HO5: =Summary!C105 -> 0 | HP5: =Summary!C106 -> 0 | HQ5: =Summary!C107 -> 0 | HR5: =Summary!C108 -> 0 | HS5: =Summary!C109 -> 0 | HT5: =Summary!C112 -> 0 | HU5: =Summary!C113 -> 0 | HV5: =Summary!C114 -> 0 | HW5: =Summary!C115 -> 0 | HX5: =Summary!C116 -> 0 | HY5: =Summary!C117 -> 0 | HZ5: =Summary!C118 -> 0 | IA5: =Summary!C119 -> 0 | IB5: =Summary!C122 -> 0 | IC5: =Summary!C123 -> 0 | ID5: =Summary!C124 -> 0 | IE5: =Summary!C125 -> 0 | IF5: =Summary!C126 -> 0 | IG5: =Summary!C129 -> 0 | IH5: =Summary!C130 -> 0 | II5: =Summary!C131 -> 0 | IJ5: =Summary!C132 -> 0 | IK5: =Summary!C133 -> 0 | IL5: =Summary!C136 -> 0 | IM5: =Summary!C137 -> 0 | IN5: =Summary!C138 -> 0 | IO5: =Summary!C139 -> 0 | IP5: =Summary!C142 -> 0 | IQ5: =Summary!C143 -> 0 | IR5: =Summary!C144 -> 0 | IS5: =Summary!C145 -> 0 | IT5: =Summary!C146 -> 0 | IU5: =Summary!C147 -> 0 | IV5: =Summary!C148 -> 0 | IW5: =Summary!C149 -> 0 | IX5: =Summary!C150 -> 0 | IY5: =Summary!C151 -> 0 | IZ5: =Summary!C152 -> 0 | JA5: =Summary!C153 -> 0 | JB5: =Summary!C154 -> 0 | JC5: =Summary!C155 -> 0 | JD5: =Summary!C156 -> 0 | JE5: =Summary!C159 -> 0 | JF5: =Summary!C160 -> 0 | JG5: =Summary!C161 -> 0 | JH5: =Summary!C162 -> 0 | JI5: =Summary!C163 -> 0 | JJ5: =Summary!C164 -> 0 | JK5: =Summary!C167 -> 0 | JL5: =Summary!C168 -> 0 | JM5: =Summary!C169 -> 0 | JN5: =Summary!C170 -> 0 | JO5: =Summary!C171 -> 0 | JP5: =Summary!C172 -> 0 | JQ5: =Summary!C173 -> 0 | JR5: =Summary!C174 -> 0 | JS5: =Summary!C175 -> 0 | JT5: =Summary!C176 -> 0 | JU5: =Summary!C179 -> 0 | JV5: =Summary!C180 -> 0 | JW5: =Summary!C181 -> 0 | JX5: =Summary!C184 -> 0 | JY5: =Summary!C185 -> 0 | JZ5: =Summary!C186 -> 0 | KA5: =Summary!C187 -> 0 | KB5: =Flags!C5 -> 0 | KC5: =Flags!C7 -> 0 | KD5: =Flags!C8 -> 0 | KE5: =Flags!C9 -> 0 | KF5: =Flags!C10 -> 0 | KG5: =Flags!C11 -> 0 | KH5: =Flags!C12 -> 0 | KI5: =Flags!C13 -> 0 | KJ5: =Flags!C14 -> 0 | KK5: =Flags!C15 -> 0 | KL5: =Flags!C16 -> 0 | KM5: =Flags!C17 -> 0 | KN5: =Flags!C18 -> 0 | KO5: =Flags!C19 -> 0 | KP5: =Flags!C20 -> 0 | KQ5: =Flags!C21 -> 0 | KR5: =Flags!C22 -> 0 | KS5: =Flags!C23 -> 0 | KT5: =Flags!C24 -> 0 | KU5: =Flags!C25 -> 0 | KV5: =Flags!C26 -> 0 | KW5: =Flags!C27 -> 0 | KX5: =Flags!C28 -> 0 | KY5: =Flags!C29 -> 0 | KZ5: =Flags!C30 -> 0 | LA5: =Flags!C31 -> 0 | LB5: =Flags!C35 -> 0 | LC5: =Flags!C32 -> 0 | LD5: =Flags!C33 -> 0 | LE5: =Flags!C34 -> 0 | LF5: =Flags!C36 -> 0 | LG5: =Flags!C37 -> 0 | LH5: =Flags!C38 -> 0 | LI5: =Flags!C39 -> 0 | LJ5: =Flags!C40 -> 0 | LK5: =Flags!C41 -> 0 | LL5: =Flags!C42 -> 0 | LM5: =Flags!C44 -> 0 | LN5: =Flags!C45 -> 0 | LO5: =Flags!C46 -> 0 | LP5: =Flags!C47 -> 0 | LQ5: =Flags!C48 -> 0 | LR5: =Flags!C49 -> 0 | LS5: =Flags!C50 -> 0 | LT5: =Flags!C51 -> 0 | LU5: =Flags!C52 -> 0 | LV5: =Flags!C54 -> 0 | LW5: =Flags!C56 -> 0 | LX5: =Flags!C57 -> 0 | LY5: =Flags!C58 -> 0 | LZ5: =Flags!C59 -> 0 | MA5: =Flags!C60 -> 0 | MB5: =Flags!C61 -> 0 | MC5: =Flags!C62 -> 0 | MD5: =Flags!C63 -> 0 | ME5: =Flags!C64 -> 0 | MF5: =Flags!C65 -> 0 | MG5: =Flags!C67 -> 0 | MH5: =Flags!C68 -> 0 | MI5: =Flags!C69 -> 0 | MJ5: =Flags!C70 -> 0 | MK5: =Flags!C71 -> 0 | ML5: =Flags!C72 -> 0 | MM5: =Flags!C73 -> 0 | MN5: =Flags!C74 -> 0 | MO5: =Flags!C75 -> 0 | MP5: =Flags!C76 -> 0 | MQ5: =Flags!C77 -> 0 | MR5: =Flags!C78 -> 0 | MS5: =Flags!C80 -> 0 | MT5: =Flags!C81 -> 0 | MU5: =Flags!C82 -> 0 | MV5: =Flags!C83 -> 0 | MW5: =Flags!C84 -> 0 | MX5: =Flags!C85 -> 0 | MY5: =Flags!C86 -> 0 | MZ5: =Flags!C87 -> 0 | NA5: =Flags!C88 -> 0 | NB5: =Flags!C90 -> 0 | NC5: =Flags!C91 -> 0 | ND5: =Flags!C92 -> 0 | NE5: =Flags!C93 -> 0 | NF5: =Flags!C94 -> 0 | NG5: =Flags!C95 -> 0 | NH5: =Flags!C96 -> 0 | NI5: =Flags!C97 -> 0 | NJ5: =Flags!C98 -> 0 | NK5: =Flags!C99 -> 0 | NL5: =Flags!C101 -> 0 | NM5: =Flags!C102 -> 0 | NN5: =Flags!C103 -> 0 | NO5: =Flags!C104 -> 0 | NP5: =Flags!C105 -> 0 | NQ5: =Flags!C106 -> 0 | NR5: =Flags!C107 -> 0 | NS5: =Flags!C109 -> 0 | NT5: =Flags!C110 -> 0 | NU5: =Flags!C111 -> 0 | NV5: =Flags!C112 -> 0 | NW5: =Flags!C113 -> 0 | NX5: =Flags!C114 -> 0 | NY5: =Flags!C115 -> 0 | NZ5: =Flags!C120 -> 0 | OA5: =Flags!C121 -> 0 | OB5: =Flags!C122 -> 0 | OC5: =Flags!C123 -> 0 | OD5: =Flags!C124 -> 0 | OE5: =Flags!C125 -> 0 | OF5: =Flags!C126 -> 0 | OG5: =Flags!C127 -> 0 | OH5: =Flags!C128 -> 0 | OI5: =Flags!C129 -> 0 | OJ5: =Flags!C135 -> 0 | OK5: =Flags!C136 -> 0 | OL5: =Flags!C137 -> 0 | OM5: =Flags!C138 -> 0 | ON5: =Flags!C139 -> 0 | OO5: =Flags!C140 -> 0 | OP5: =Flags!C141 -> 0 | OQ5: =Flags!C142 -> 0 | OR5: =Flags!C143 -> 0 | OS5: =Flags!C144 -> 0 | OT5: =Flags!C145 -> 0 | OU5: =Flags!C146 -> 0 | OV5: =Flags!C147 -> 0 | OW5: =Flags!C148 -> 0 | OX5: =Flags!C149 -> 0 | OY5: =Flags!C150 -> 0 | OZ5: =Flags!C151 -> 0 | PA5: =Flags!C152 -> 0 | PB5: =Flags!C153 -> 0 | PC5: =Flags!C154 -> 0 | PD5: =Flags!C155 -> 0 | PE5: =Flags!C156 -> 0 | PF5: =Flags!C157 -> 0 | PG5: ='Facility-1.'!D46 -> 0 | PH5: ='Facility-1.'!D128 -> 0 | PI5: ='Facility-1.'!D129 -> 0 | PJ5: ='Facility-1.'!D133 -> 0 | PK5: ='Facility-1.'!D134 -> 0 | PL5: ='Facility-1.'!D135 -> 0 | PM5: ='Facility-1.'!D136 -> 0 | PN5: ='Facility-1.'!D140 -> 0 | PO5: ='Facility-1.'!D141 -> 0 | PP5: ='Facility-1.'!D142 -> 0 | PQ5: ='Facility-1.'!D143 -> 0 | PR5: ='Facility-1.'!D147 -> 0 | PS5: ='Facility-1.'!D148 -> 0 | PT5: ='Facility-1.'!D149 -> 0 | PU5: ='Facility-1.'!D150 -> 0 | PV5: ='Facility-1.'!D154 -> 0 | PW5: ='Facility-1.'!D155 -> 0 | PX5: ='Facility-1.'!D156 -> 0 | PY5: ='Facility-1.'!D157 -> 0 | PZ5: ='Facility-1.'!D161 -> 0 | QA5: ='Facility-1.'!D162 -> 0 | QB5: ='LIS-2.'!D10 -> 0 | QC5: ='LIS-2.'!D11 -> 0 | QD5: ='LIS-2.'!D12 -> 0 | QE5: ='LIS-2.'!D13 -> 0 | QF5: ='LIS-2.'!D14 -> 0 | QG5: ='LIS-2.'!D15 -> 0 | QH5: ='LIS-2.'!D16 -> 0 | QI5: ='LIS-2.'!D17 -> 0 | QJ5: ='LIS-2.'!D21 -> 0 | QK5: ='LIS-2.'!D22 -> 0 | QL5: ='LIS-2.'!D23 -> 0 | QM5: ='LIS-2.'!D24 -> 0 | QN5: ='LIS-2.'!D25 -> 0 | QO5: ='LIS-2.'!D26 -> 0 | QP5: ='LIS-2.'!D27 -> 0 | QQ5: ='LIS-2.'!D28 -> 0 | QR5: ='LIS-2.'!D33 -> 0 | QS5: ='LIS-2.'!D34 -> 0 | QT5: ='LIS-2.'!D35 -> 0 | QU5: ='LIS-2.'!D36 -> 0 | QV5: ='LIS-2.'!D37 -> 0 | QW5: ='LIS-2.'!D38 -> 0 | QX5: ='LIS-2.'!D39 -> 0 | QY5: ='LIS-2.'!D40 -> 0 | QZ5: ='LIS-2.'!D41 -> 0 | RA5: ='LIS-2.'!D42 -> 0 | RB5: ='LIS-2.'!D45 -> 0 | RC5: ='LIS-2.'!D47 -> 0 | RD5: ='LIS-2.'!D48 -> 0 | RE5: ='LIS-2.'!D49 -> 0 | RF5: ='LIS-2.'!D50 -> 0 | RG5: ='LIS-2.'!D51 -> 0 | RH5: ='LIS-2.'!D52 -> 0 | RI5: ='LIS-2.'!D53 -> 0 | RJ5: ='LIS-2.'!D54 -> 0 | RK5: ='LIS-2.'!D55 -> 0 | RL5: ='LIS-2.'!D56 -> 0 | RM5: ='LIS-2.'!D60 -> 0 | RN5: ='LIS-2.'!D61 -> 0 | RO5: ='LIS-2.'!D62 -> 0 | RP5: ='LIS-2.'!D63 -> 0 | RQ5: ='LIS-2.'!D64 -> 0 | RR5: ='LIS-2.'!D68 -> 0 | RS5: ='LIS-2.'!D74 -> 0 | RT5: ='LIS-2.'!D76 -> 0 | RU5: ='Media QC-5.'!D27 -> 0 | RV5: ='Media QC-5.'!D44 -> 0 | RW5: ='Media QC-5.'!D45 -> 0 | RX5: ='Media QC-5.'!D46 -> 0 | RY5: ='Media QC-5.'!D47 -> 0 | RZ5: ='Media QC-5.'!D48 -> 0 | SA5: ='Media QC-5.'!D49 -> 0 | SB5: ='Media QC-5.'!D50 -> 0 | SC5: ='Media QC-5.'!D51 -> 0 | SD5: ='Media QC-5.'!D52 -> 0 | SE5: ='Media QC-5.'!D67 -> 0 | SF5: ='Media QC-5.'!D68 -> 0 | SG5: ='Media QC-5.'!D73 -> 0 | SH5: ='ID QC-6.'!D158 -> 0 | SI5: ='ID QC-6.'!D163 -> 0 | SJ5: ='Processing-9.'!H13 -> NA | SK5: ='Identification-10.'!D14 -> 0 | SL5: ='Identification-10.'!D23 -> 0 | SM5: ='Identification-10.'!D29 -> 0 | SN5: ='Identification-10.'!D36 -> 0 | SO5: ='Identification-10.'!D45 -> 0 | SP5: ='Identification-10.'!D52 -> 0 | SQ5: ='Identification-10.'!D61 -> 0 | SR5: ='Identification-10.'!D68 -> 0 | SS5: ='Identification-10.'!D75 -> 0 | ST5: ='Identification-10.'!D83 -> 0 | SU5: ='Identification-10.'!D92 -> 0 | SV5: ='Identification-10.'!D99 -> 0 | SW5: ='Identification-10.'!D106 -> 0 | SX5: ='Identification-10.'!D113 -> 0 | SY5: ='Identification-10.'!D120 -> 0 | SZ5: ='Identification-10.'!D127 -> 0 | TA5: ='Identification-10.'!D134 -> 0 | TB5: ='Identification-10.'!D141 -> 0 | TC5: ='Identification-10.'!D148 -> 0 | TD5: ='Identification-10.'!D157 -> 0 | TE5: ='Identification-10.'!D164 -> 0 | TF5: ='Identification-10.'!D173 -> 0 | TG5: ='Identification-10.'!D180 -> 0 | TH5: ='Identification-10.'!D187 -> 0 | TI5: ='Identification-10.'!D194 -> 0 | TJ5: ='Identification-10.'!D201 -> 0 | TK5: ='Identification-10.'!D239 -> 0 | TL5: ='Identification-10.'!D240 -> 0 | TM5: ='Identification-10.'!D241 -> 0 | TN5: ='Identification-10.'!D242 -> 0 | TO5: ='Identification-10.'!D243 -> 0 | TP5: ='Identification-10.'!D244 -> 0 | TQ5: ='Identification-10.'!D245 -> 0 | TR5: ='Identification-10.'!D246 -> 0 | TS5: ='Identification-10.'!D247 -> 0 | TT5: ='Basic AST-11.'!D10 -> 0 | TU5: ='Basic AST-11.'!D11 -> 0 | TV5: ='Basic AST-11.'!D12 -> 0 | TW5: ='Basic AST-11.'!D40 -> 0 | TX5: ='Basic AST-11.'!D64 -> 0 | TY5: ='Basic AST-11.'!D73 -> 0 | TZ5: ='Basic AST-11.'!D77 -> 0 | UA5: ='Basic AST-11.'!D78 -> 0 | UB5: ='Basic AST-11.'!D81 -> 0 | UC5: ='Basic AST-11.'!D87 -> 0 | UD5: ='Basic AST-11.'!D88 -> 0 | UE5: ='Basic AST-11.'!D89 -> 0 | UF5: ='Basic AST-11.'!D90 -> 0 | UG5: ='AST Expert rules-12.'!D44 -> 0 | UH5: ='AST Expert rules-12.'!D49 -> 0 | UI5: ='AST Expert rules-12.'!D50 -> 0 | UJ5: ='AST Expert rules-12.'!D51 -> 0 | UK5: ='AST Expert rules-12.'!D57 -> 0 | UL5: ='AST Expert rules-12.'!D61 -> 0 | UM5: ='AST Expert rules-12.'!D62 -> 0 | UN5: ='AST Expert rules-12.'!D63 -> 0 | UO5: ='AST Expert rules-12.'!D64 -> 0 | UP5: ='AST Expert rules-12.'!D65 -> 0 | UQ5: ='AST Expert rules-12.'!D66 -> 0 | UR5: ='AST Expert rules-12.'!D67 -> 0 | US5: ='AST Expert rules-12.'!D68 -> 0 | UT5: ='AST Expert rules-12.'!D80 -> 0 | UU5: ='AST Expert rules-12.'!D74 -> 0 | UV5: ='AST Expert rules-12.'!D81 -> 0 | UW5: ='AST Expert rules-12.'!D83 -> 0 | UX5: ='AST Expert rules-12.'!D84 -> 0 | UY5: ='AST Expert rules-12.'!D89 -> 0 | UZ5: ='AST Expert rules-12.'!D90 -> 0 | VA5: ='AST Expert rules-12.'!D98 -> 0 | VB5: ='AST Expert rules-12.'!D100 -> 0 | VC5: ='AST Expert rules-12.'!D108 -> 0 | VD5: ='AST Expert rules-12.'!D123 -> 0 | VE5: ='AST Expert rules-12.'!D136 -> 0 | VF5: ='AST Expert rules-12.'!D137 -> 0 | VG5: ='AST Expert rules-12.'!D138 -> 0 | VH5: ='AST Expert rules-12.'!D139 -> 0 | VI5: ='AST Expert rules-12.'!D143 -> 0 | VJ5: ='AST Expert rules-12.'!D144 -> 0 | VK5: ='AST Expert rules-12.'!D145 -> 0 | VL5: ='AST Expert rules-12.'!D146 -> 0 | VM5: ='AST Expert rules-12.'!D147 -> 0 | VN5: ='AST Policy-13.'!D20 -> 0 | VO5: ='AST Policy-13.'!D42 -> 0

Sheet General-0.
B1: =Language!A269 -> 0- GENERAL INFORMATION | C1: 0- THÔNG TIN CHUNG | D1: DRAFT DOCUMENT, Shared for piloting purposes only
B3: =Language!A270 -> LABORATORY DEMOGRAPHICS | C3: THÔNG TIN CHUNG PXN
A4: 0.1 | B4: =Language!A271 -> Assessor 1 (last name and affiliation) | C4: Người đánh giá 1 (họ tên, đơn vị công tác)
A5: 0.2 | B5: =Language!A272 -> Assessor 2 (last name and affiliation) | C5: Người đánh giá 2 (họ tên, đơn vị công tác)
A6: 0.3 | B6: =Language!A273 -> Assessor 3 (last name and affiliation) | C6: Người đánh giá 3 (họ tên, đơn vị công tác)
A7: 0.4 | B7: =Language!A274 -> Date of assessment (dd/mm/yyyy) | C7: Ngày đánh giá (dd / mm / yyyy)
A8: 0.5 | B8: =Language!A275 -> Laboratory/Hospital name | C8: Phòng xét nghiệm / Tên bệnh viện
A9: 0.6 | B9: =Language!A276 -> Address | C9: Địa chỉ
A10: 0.7 | B10: =Language!A277 -> City | C10: Tp.
A11: 0.8 | B11: =Language!A278 -> Province | C11: Tỉnh
A12: 0.9 | B12: =Language!A279 -> District | C12: Huyện
A13: 0.10 | B13: =Language!A280 -> Country | C13: Quốc gia
B15: =Language!A281 -> GPS position of the laboratory (used for GIS representation of indicators). PLEASE ONLY USE DIGITAL DEGREE WITH SIGN + OR - BUT DO NOT USE DEGREE MINUTE SECOND DEGREES | C15: Vị trí GPS của Phòng xét nghiệm (được sử dụng để biểu diễn GIS của các chỉ số). VUI LÒNG CHỈ SỬ DỤNG DEGITAL DEGREE CÓ KÝ + HOẶC - NHƯNG KHÔNG SỬ DỤNG DEGREE PHÚT THỨ HAI
A16: 0.11 | B16: =Language!A282 -> Altitude: enter meters without digits | C16: Cao độ: nhập mét không có chữ số
A17: 0.12 | B17: =Language!A283 -> Latitude: enter digital degrees with 5 digits after the comma | C17: Vĩ độ: nhập độ kỹ thuật số với 5 chữ số sau dấu phẩy
A18: 0.13 | B18: =Language!A284 -> Longitude: enter digital degrees with 5 digits after the comma | C18: Kinh độ: nhập độ kỹ thuật số với 5 chữ số sau dấu phẩy
A20: 0.14 | B20: =Language!A285 -> Contact information of the relevant bacteriology laboratory leadership; e.g., Director, Manager, Supervisor, Section Head, Quality Officer | C20: Thông tin liên lạc của ban lãnh đạo Phòng xét nghiệm vi khuẩn học liên quan; ví dụ: Giám đốc, Trưởng phòng, Giám sát, Trưởng bộ phận, Cán bộ chất lượng
B21: =Language!A286 -> Title/Position | C21: Chức vụ/ Vị trí | D21: First Name/Tên | F21: Last name/Họ | H21: Email address
B22: Head | C22: Trưởng khoa
B23: Vice Director | C23: Phó khoa
F30: Comments/ Nhận xét
A31: 0.15 | B31: =Language!A294 -> Primary Laboratory/Facility funding sources | C31: Các nguồn tài trợ của Phòng xét nghiệm / Cơ sở chính
B32: =Language!A295 -> 1. Public/Government | C32: 1. Công / Chính phủ
B33: =Language!A296 -> 2. Private | C33: 2. Tư nhân
B34: =Language!A297 -> 3. NGO/Faith-based/Donors | C34: 3. NGO / Tổ chức phi chính phủ/ Các nhà tài trợ
B35: =Language!A298 -> 4. Other | C35: 4. Khác
A36: 0.16 | B36: =Language!A299 -> Primary Laboratory affiliation | C36: Phòng xét nghiệm thuộc loại hình cở sở y tế nào
B37: =Language!A300 -> 1. Hospital: University Medical Center or Teaching Hospital | C37: 1. Bệnh viện: Trung tâm Y tế Đại học hoặc Bệnh viện Giảng dạy
B38: =Language!A301 -> 2. Hospital: Military | C38: 2. Bệnh viện: Quân đội
B39: =Language!A302 -> 3. Hospital: (not academic or military) | C39: 3. Bệnh viện: (không phải học thuật hoặc quân sự)
B40: =Language!A303 -> 4. Clinic (primarily outpatient) | C40: 4. Phòng khám (chủ yếu là ngoại trú)
B41: =Language!A304 -> 5. Reference/referral lab within a Public Health Institute | C41: 5. Phòng xét nghiệm tham chiếu trong Viện Y tế Công cộng
B42: =Language!A305 -> 6. Reference/referral lab not affiliated with a single healthcare facility or public health institute | C42: 6. Phòng xét nghiệm tham chiếu không liên kết với cơ sở chăm sóc sức khỏe độc lập hoặc viện y tế công cộng
B43: =Language!A306 -> 7. Other, e.g., Research Laboratory | C43: 7. Khác, ví dụ, Phòng xét nghiệm nghiên cứu
A44: 0.17 | B44: =Language!A307 -> Laboratory/Facility Level (if primarily government funded) | C44: PXN thuộc cơ sở y tế tuyến nào (nếu được chính phủ tài trợ chủ yếu)
B45: =Language!A308 -> 1. National | C45: 1. Trung ương
B46: =Language!A309 -> 2. Regional | C46: 2. Khu vực
B47: =Language!A310 -> 3. Provinical | C47: 3. Tỉnh
B48: =Language!A311 -> 4. District | C48: 4. Quận
B49: =Language!A312 -> 5. NA | C49: 5. NA
A50: 0.18 | B50: =Language!A313 -> Service level of the Hospital/Healthcare Facility | C50: Loại hình Dịch vụ chăm sóc sức khỏe của Bệnh viện / Cơ sở y tế
B51: =Language!A314 -> 1. Primary | C51: 1. Chăm sóc sức khỏe ban đầu
B52: =Language!A315 -> 2. Secondary | C52: 2. Chăm sóc sức khỏe Thứ cấp
B53: =Language!A316 -> 3. Tertiary | C53: 3. Chăm sóc sức khỏe Cấp ba
B54: =Language!A317 -> 4. Other | C54: 4. Khác
B55: =Language!A318 -> 5. NA | C55: 5. Không áp dụng
A56: 0.19 | B56: =Language!A319 -> Number of beds of the Hospital/Healthcare Facility | C56: Số giường (thực kê) của Bệnh viện / Cơ sở y tế | F56: #### beds with ### ICU beds
B58: =Language!A320 -> Please note: all questions refer only to clinical patient specimens, NOT to environmental or research specimens | C58: Xin lưu ý: tất cả các câu hỏi chỉ đề cập đến mẫu bệnh phẩm lâm sàng, KHÔNG đề cập đến mẫu môi trường hoặc mẫu nghiên cứu
B59: =Language!A321 -> TEST MENU and WORKLOAD | C59: NUÔI CẤY VÀ KHỐI LƯỢNG CÔNG VIỆC
B60: =Language!A322 -> Does the lab perform the following types of culture? | C60: Phòng xét nghiệm có thực hiện các loại nuôi cấy sau đây không? | D60: =Language!A420 -> Y/N | E60: =Language!A421 -> # cultures last year | F60: =F30 -> Comments/ Nhận xét
B61: =Language!A323 -> In the #/year column, please enter the total number of cultures performed last year, both positive and negative | C61: Trong cột # / năm, vui lòng nhập tổng số Nuôi cấy được thực hiện trong năm ngoái, cả âm tính và dương tính
A62: 0.20 | B62: =Language!A324 -> Blood Cultures | C62: Cấy máu | F62: ##% of positive) From to
A63: 0.21 | B63: =Language!A325 -> Urine Cultures | C63: Nuôi cấy nước tiểu | F63: ##% of positive) From to
A64: 0.22 | B64: =Language!A326 -> Stool Cultures (all bacterial enteric pathogens) | C64: Cấy phân (tất cả các vi khuẩn gây bệnh đường ruột) | F64: ##% of positive) From to
B65: =Language!A327 -> Please indicate if the lab performs stool culture for the following enteric pathogens. Do not enter the number of cultures. | C65: Vui lòng cho biết Phòng xét nghiệm có thực hiện cấy phân tìm các mầm bệnh đường ruột sau đây không. Không nhập số lượng Nuôi cấy.
A66: 0.23 | B66: =Language!A328 -> Salmonella and/or Shigella | C66: Salmonella và / hoặc Shigella
A67: 0.24 | B67: =Language!A329 -> Vibrio cholerae | C67: Vibrio cholerae
A68: 0.25 | B68: =Language!A330 -> Yersinia enterocolitic | C68: Yersinia enterocolitic
A69: 0.26 | B69: =Language!A331 -> Campylobacter jejuni | C69: Campylobacter jejuni
A70: 0.27 | B70: =Language!A332 -> Enterohemorrhagic/Enterotoxic E.coli (e.g., O157:H7) | C70: Enterohemorrhagic / Enterotoxic E.coli (ví dụ: O157: H7)
A71: 0.28 | B71: =Language!A333 -> Respiratory Cultures (not TB/AFB) | C71: Nuôi cấy đường hô hấp (không phải TB / AFB) | F71: ( 1469 TA with 65% of postive + 1423 sputum with 34% of positive) From January to August 2019
A72: 0.29 | B72: =Language!A334 -> Wound Cultures | C72: Nuôi cấy vết thương
A73: 0.30 | B73: =Language!A335 -> Cerebrospinal Fluid Cultures | C73: Nuôi cấy dịch não tủy | F73: ##% of positive) From to
A74: 0.31 | B74: =Language!A336 -> Sterile Body Fluid Cultures (pleural, pericardial, peritoneal, synovial) | C74: Nuôi cấy dịch cơ thể vô trùng (màng phổi, màng tim, màng bụng, hoạt dịch)
A75: 0.32 | B75: =Language!A337 -> Genital Cultures | C75: Nuôi cấy bộ phận sinh dục
A76: 0.33 | B76: =Language!A338 -> Anaerobic Cultures | C76: Nuôi cấy kỵ khí | F76: ##% of positive) From to
A77: 0.34 | B77: =Language!A339 -> Fungal Cultures (Yeast) | C77: Nuôi cấy nấm (men)
A78: 0.35 | B78: =Language!A340 -> Fungal Cultures (Mold) | C78: Nuôi cấy nấm (Nấm mốc)
A79: 0.36 | B79: =Language!A341 -> MRSA screen for Infection Control purposes (e.g., nares, axilla, groin) | C79: Sàng lọc MRSA cho các mục đích Kiểm soát Nhiễm trùng | F79: ##% of positive) From to
A80: 0.37 | B80: =Language!A342 -> VRE screen for Infection Control purposes (e.g., rectal swab) | C80: Sàng lọc VRE cho các mục đích Kiểm soát Nhiễm trùng (ví dụ: tăm bông trực tràng)
A81: 0.38 | B81: =Language!A343 -> CRE screen (e.g., rectal swab) | C81: Sàng lọc CRE (ví dụ: tăm bông trực tràng)
A82: 0.39 | B82: =Language!A344 -> Identification and/or AST of isolates referred from other laboratories | C82: Định danh và / hoặc AST các phân lập được chuyển tới từ các Phòng xét nghiệm khác
A83: 0.40 | B83: =Language!A345 -> Other cultures of local importance (opportunity to customize via comments) | C83: Nuôi cấy các phân lập khác (có ý nghĩa trong giám sát kháng kháng sinh tại địa phương) (trả lời trong phần nhận xét)
B85: =Language!A346 -> AST/AMR METHODS AND WORKLOAD | C85: CÁC PHƯƠNG PHÁP AST / AMR VÀ KHỐI LƯỢNG CÔNG VIỆC
B86: =Language!A347 -> Which manual AST methods are in use? | C86: Phương pháp AST thủ công nào đang được sử dụng? | D86: =D60 -> Y/N | E86: =Language!A422 -> # organisms last year | F86: =F60 -> Comments/ Nhận xét
B87: =Language!A348 -> In the #/year column, please enter the approximate number of organisms tested using each method, not the number of antibiotics tested | C87: Trong cột # / năm, vui lòng nhập số lượng gần đúng sinh vật được thử nghiệm bằng mỗi phương pháp, không nhập số lượng kháng sinh được thử nghiệm
A88: 0.41 | B88: =Language!A349 -> Disk diffusion | C88: Khuếch tán đĩa | F88: from to
A89: 0.42 | B89: =Language!A350 -> Gradient Strip (e.g., Etest/Liofilchem) | C89: Dải Gradient (ví dụ: Etest / Liofilchem) | F89: from to
A90: 0.43 | B90: =Language!A351 -> Broth microdilution (96-well tray) | C90: Broth Microdilution Vi pha loãng canh thang (khay 96 giếng)
A91: 0.44 | B91: =Language!A352 -> Broth macrodilultion (tube method) | C91: Broth Macrodilultion Pha loãng canh thang trong ống nghiệm
A92: 0.45 | B92: =Language!A353 -> Agar dilution | C92: Pha loãng thạch
B94: =Language!A354 -> Which automated AST methods are in use? | C94: Phương pháp AST tự động nào đang được sử dụng? | D94: =D86 -> Y/N | E94: =E86 -> # organisms last year | F94: =F86 -> Comments/ Nhận xét
B95: =Language!A355 -> In the #/year column, please enter the approximate number of organisms tested using each method, not the number of antibiotics tested | C95: Trong cột # / năm, vui lòng nhập số lượng gần đúng sinh vật được thử nghiệm bằng mỗi phương pháp, không nhập số lượng kháng sinh được thử nghiệm
A96: 0.46 | B96: =Language!A356 -> Vitek | C96: Vitek | F96: from to
A97: 0.47 | B97: =Language!A357 -> Phoenix | C97: =B97 -> Phoenix
A98: 0.48 | B98: =Language!A358 -> Microscan | C98: Microscan
A99: 0.49 | B99: =Language!A359 -> Other, please specify in comments. | C99: Khác, vui lòng ghi rõ trong nhận xét.
B101: =Language!A360 -> Does the lab use chromagar to detect antibiotic resistant organisms? | C101: Phòng xét nghiệm có sử dụng chromagar để phát hiện sinh vật kháng kháng sinh không? | D101: =D86 -> Y/N | E101: =E86 -> # organisms last year | F101: =F94 -> Comments/ Nhận xét
B102: =Language!A361 -> In the #/year column, please enter the approximate number of organisms tested using each method | C102: Trong cột # / năm, vui lòng nhập số lượng sinh vật gần đúng được thử nghiệm bằng từng phương pháp
A103: 0.50 | B103: =Language!A362 -> ESBL producers | C103: Nhà sản xuất ESBL | F103: ##% of positive) From to
A104: 0.51 | B104: =Language!A363 -> CRE/Carbapenemases | C104: CRE / Carbapenemases
A105: 0.52 | B105: =Language!A364 -> MRSA | C105: MRSA | F105: ##% of positive) From to
A106: 0.53 | B106: =Language!A365 -> VRE | C106: VRE | F106: ##% of positive) From to
A107: 0.54 | B107: =Language!A366 -> Colistin resistance | C107: Kháng colistin
A108: 0.55 | B108: =Language!A367 -> Other, please specify in comments. | C108: Khác, vui lòng ghi rõ trong nhận xét.
B110: =Language!A368 -> Does the lab use PCR to detect antibiotic resistance genes? | C110: Phòng xét nghiệm có sử dụng PCR để phát hiện gen kháng thuốc kháng sinh không? | D110: =D86 -> Y/N | E110: =E86 -> # organisms last year | F110: =F101 -> Comments/ Nhận xét
B111: =Language!A369 -> In the #/year column, please enter the approximate number of organisms tested using each method | C111: Trong cột # / năm, vui lòng nhập số lượng sinh vật gần đúng được thử nghiệm bằng từng phương pháp
A112: 0.56 | B112: =Language!A370 -> ESBLs | C112: ESBL
A113: 0.57 | B113: =Language!A371 -> Carbapenemases | C113: Carbapenemases
A114: 0.58 | B114: =Language!A372 -> mecA | C114: mecA
...

Sheet Facility-1.
B1: DRAFT DOCUMENT, Shared for piloting purposes only | C1: TÀI LIỆU DỰ THẢO, Chỉ được chia sẻ cho mục đích thí điểm
B2: =Language!A427 -> 1- FACILITY | C2: 1- CƠ SỞ HẠ TẦNG | F2: Comments/ Nhận xét
B3: =Language!A428 -> Please note: all questions refer to equipment that is used for clinical patient specimens, NOT equipment that is used only for research specimens | C3: Xin lưu ý: tất cả các câu hỏi đề cập đến thiết bị được sử dụng cho bệnh phẩm lâm sàng, KHÔNG phải thiết bị chỉ được sử dụng cho bệnh phẩm nghiên cứu
B4: =Language!A429 -> LABORATORY FACILITY | C4: CƠ SỞ HẠ TẦNG PXN
B5: =Language!A430 -> Observe the laboratory work benches, are they: | C5: Quan sát các bàn làm việc trong phòng thí nghiệm, chúng có:
A6: 1.1 | B6: =Language!A431 -> Separate from patient care areas | C6: Tách biệt với khu vực chăm sóc bệnh nhân | H6: =D6 -> 0 | I6: =IF(H6="Yes",1,IF(H6="No",0,"'")) -> '
A7: 1.2 | B7: =Language!A432 -> Organized with minimal clutter? | C7: Được tổ chức ngăn nắp, gọn gàng? | H7: =D7 -> 0 | I7: =IF(H7="Yes",1,IF(H7="No",0,"'")) -> '
A8: 1.3 | B8: =Language!A433 -> Adequately ventilated? | C8: Có đủ thông gió? | H8: =D8 -> 0 | I8: =IF(H8="Yes",1,IF(H8="No",0,"'")) -> '
A9: 1.4 | B9: =Language!A434 -> Free of excess moisture? | C9: Không có độ ẩm dư thừa? | H9: =D9 -> 0 | I9: =IF(H9="Yes",1,IF(H9="No",0,"'")) -> '
A10: 1.5 | B10: =Language!A435 -> Adequately lit? | C10: Có đủ ánh sáng? | H10: =D10 -> 0 | I10: =IF(H10="Yes",1,IF(H10="No",0,"'")) -> '
A11: 1.6 | B11: =Language!A436 -> Does the laboratory have a functional heating/air conditioning system? | C11: Phòng thí nghiệm có hệ thống sưởi ấm / điều hòa không khí chức năng không? | H11: =D11 -> 0 | I11: =IF(H11="Yes",1,IF(H11="No",0,"'")) -> '
A12: 1.7 | B12: =Language!A437 -> Is the temperature in the laboratory maintained between 20°-25°C? | C12: Nhiệt độ trong phòng thí nghiệm có được duy trì trong khoảng 20 ° -25 ° C không? | H12: =D12 -> 0 | I12: =IF(H12="Yes",1,IF(H12="No",0,"'")) -> '
A13: 1.8 | B13: =Language!A438 -> Is all critical equipment (instruments, refrigerators, freezers, incubators, computers, automated instruments) supported by a functioning generator? | C13: Tất cả các thiết bị quan trọng (dụng cụ, tủ lạnh, tủ đông, tủ ấm, máy tính, dụng cụ tự động) có được hỗ trợ bởi máy phát điện đang hoạt động không? | H13: =D13 -> 0 | I13: =IF(H13="Yes",1,IF(H13="Partial",0.5,IF(H13="No",0,"'"))) -> '
A14: 1.9 | B14: =Language!A439 -> Are all critical pieces of equipment attached to uninterrupted power source (UPS) devices? (These provide temporary power until the generator can be activated) | C14: Tất cả các phần thiết bị quan trọng có được gắn vào thiết bị nguồn điện liên tục (UPS) không? (Chúng cung cấp nguồn điện tạm thời cho đến khi máy phát điện có thể được kích hoạt) | H14: =D14 -> 0 | I14: =IF(H14="Yes",1,IF(H14="Partial",0.5,IF(H14="No",0,"'"))) -> '
A15: 1.10 | B15: =Language!A440 -> In the last 6 months, has prolonged power failure disrupted the ability to provide routine bacteriology services? | C15: Trong 6 tháng qua, tình trạng mất điện kéo dài có làm ảnh hưởng đến khả năng cung cấp dịch vụ vi khuẩn thông thường không? | H15: =D15 -> 0 | I15: =IF(H15="No",1,IF(H15="No",0,"'")) -> ' | J15: =IF(D15="Yes","System Flag","'") -> '
A16: 1.11 | B16: =Language!A441 -> Is there a contingency plan in place for continued testing in the event of prolonged electricity disruption (e.g. power outage lasting several days)? | C16: Có kế hoạch dự phòng nào để tiếp tục thử nghiệm trong trường hợp mất điện kéo dài (ví dụ: mất điện kéo dài vài ngày) không? | H16: =D16 -> 0 | I16: =IF(H16="Yes",1,IF(H16="No",0,"'")) -> '
B17: =Language!A442 -> Standard: ISO 15189: 5.2.5 & 5.2.10 The laboratory space should be sufficient to ensure that the quality of work, the safety of personnel, and the ability of staff to carry out quality control procedures and documentation. The laboratory should be clean and well organized, free of clutter, well-ventilated, adequately lit, and within acceptable temperature ranges. Emergency power should be available for sensitive instruments, temperature controlled storage, and other essential equipment to prevent damage and disruption due to unexpected power fluctuations and outages. Sensitive instruments should be equipped with surge controls. Distilled and de-ionized water should be available, if required. | C17: Tiêu chuẩn: ISO 15189: 5.2.5 & 5.2.10 Không gian phòng thí nghiệm phải đủ để đảm bảo chất lượng công việc, sự an toàn của nhân viên và khả năng của nhân viên trong việc thực hiện các thủ tục và tài liệu kiểm soát chất lượng. Phòng thí nghiệm phải sạch sẽ và được tổ chức tốt, không lộn xộn, thông gió tốt, đủ ánh sáng và trong phạm vi nhiệt độ chấp nhận được. Nguồn điện khẩn cấp phải có sẵn cho các thiết bị nhạy cảm, kho lưu trữ được kiểm soát nhiệt độ và các thiết bị thiết yếu khác để tránh hư hỏng và gián đoạn do mất điện và dao động bất ngờ. Các thiết bị nhạy cảm nên được trang bị bộ điều khiển tăng áp. Nên có sẵn nước cất và nước khử ion, nếu cần.
A18: 1.12 | B18: =Language!A443 -> Describe the internet service in the laboratory | C18: Mô tả dịch vụ internet trong phòng thí nghiệm | H18: =D18 -> 0 | I18: =IF(H18=1,1,IF(H18=2,0.5,IF(H18=3,0,"'"))) -> '
B19: =Language!A444 -> 1: Continuous (service interruptions are rare) - 2: Sporadic (service interruptions are common) - 3: No internet available | C19: 1: Liên tục (rất hiếm khi xảy ra gián đoạn dịch vụ) - 2: Không thường xuyên (thường xảy ra gián đoạn dịch vụ) - 3: Không có Internet
B21: =Language!A445 -> GENERAL EQUIPMENT AVAILABILITY | C21: TÍNH SẴN CÓ CỦA CÁC TRANG THIẾT BỊ CƠ BẢN
B22: =Language!A446 -> Indicate whether the lab has the following FUNCTIONAL pieces of equipment. In column D (#), indicate how many pieces of FUNCTIONAL equipment are present. If the lab only has non-functional equipment, select "No" and write "non-functional" in the comments. Also indicate in the comments if the quantity of equipment is sufficient for the laboratory's volume of testing. | C22: Cho biết phòng thí nghiệm có các thiết bị CHỨC NĂNG sau đây không. Trong cột D (#), cho biết có bao nhiêu phần của thiết bị CHỨC NĂNG. Nếu phòng thí nghiệm chỉ có thiết bị mà không hoạt động, hãy chọn "No" và viết "non-functional" trong nhận xét. Đồng thời nêu rõ trong phần nhận xét nếu số lượng thiết bị đủ cho khối lượng thử nghiệm của phòng thí nghiệm. | D22: =Language!A597 -> Functional equipment? | E22: # | F22: =Language!A598 -> Please comment "insufficient" if the amount of functional equipment present is insufficient for the laboratory's volume of testing.
A23: 1.13 | B23: =Language!A447 -> McFarland QC standards of known densities, including 0.5, not expired | C23: Các tiêu chuẩn QC của McFarland về độ đục, bao gồm 0,5, chưa hết hạn | H23: =D23 -> 0 | I23: =IF(H23="Yes",1,IF(H23="No",0,"'")) -> '
A24: 1.14 | B24: =Language!A448 -> Ruler or caliper with millimeter markings | C24: Thước hoặc thước cặp có vạch milimet | H24: =D24 -> 0 | I24: =IF(H24="Yes",1,IF(H24="No",0,"'")) -> '
A25: 1.15 | B25: =Language!A449 -> Bunsen burners or micro-incinerators | C25: Đèn đốt Bunsen hoặc đèn đốt vi sinh | H25: =D25 -> 0 | I25: =IF(H25="Yes",1,IF(H25="No",0,"'")) -> '
A26: 1.16 | B26: =Language!A450 -> Calibrated 1uL or 10uL loops (for plating urine cultures) | C26: Các vòng 1uL hoặc 10uL đã hiệu chuẩn (để cấy nước tiểu) | H26: =D26 -> 0 | I26: =IF(H26="Yes",1,IF(H26="No",0,"'")) -> '
A27: 1.17 | B27: =Language!A451 -> Optical densitometer/turbidimeter (for determining McFarland density) | C27: Máy đo mật độ quang học / máy đo độ đục (để xác định mật độ McFarland) | H27: =D27 -> 0 | I27: =IF(H27="Yes",1,IF(H27="No",0,"'")) -> '
A28: 1.18 | B28: =Language!A452 -> Microliter pipettes (e.g., Eppendorf) | C28: Pipet microlit (ví dụ, Eppendorf) | H28: =D28 -> 0 | I28: =IF(H28="Yes",1,IF(H28="No",0,"'")) -> '
A29: 1.19 | B29: =Language!A453 -> Centrifuge (not used for TB cultures) | C29: Máy ly tâm (không dùng để nuôi cấy lao) | H29: =D29 -> 0 | I29: =IF(H29="Yes",1,IF(H29="No",0,"'")) -> '
A30: 1.20 | B30: =Language!A454 -> Microscope | C30: Kính hiển vi | H30: =D30 -> 0 | I30: =IF(H30="Yes",1,IF(H30="No",0,"'")) -> '
A31: 1.21 | B31: =Language!A455 -> Thermometers | C31: Nhiệt kế | H31: =D31 -> 0 | I31: =IF(H31="Yes",1,IF(H31="No",0,"'")) -> '
A32: 1.22 | B32: =Language!A456 -> CO2 incubators | C32: Tủ ấm CO2 | H32: =D32 -> 0 | I32: =IF(H32="Yes",1,IF(H32="No",0,"'")) -> '
A33: 1.23 | B33: =Language!A457 -> Candle jars | C33: Lọ nến | H33: =D33 -> 0 | I33: =IF(H33="Yes",1,IF(H33="No",0,"'")) -> '
A34: 1.24 | B34: =Language!A458 -> Ambient (non-CO2) incubator | C34: Tủ ấm xung quanh (không CO2) | H34: =D34 -> 0 | I34: =IF(H34="Yes",1,IF(H34="No",0,"'")) -> '
... A40: 1.30 | B40: =Language!A464 -> Hot air oven (for drying saturated desiccants) | C40: Tủ sấy không khí nóng (để làm khô chất hút ẩm bão hòa) | H40: =D40 -> 0 | I40: =IF(H40="Yes",1,IF(H40="No",0,"'")) -> '
A41: 1.31 | B41: =Language!A465 -> Biological Safety Cabinet Class IIA | C41: Tủ an toàn sinh học loại IIA | H41: =D41 -> 0 | I41: =IF(H41="Yes",1,IF(H41="No",0,"'")) -> ' | J41: =IF(D41="No","Red Flag","'") -> '
A42: 1.32 | B42: =Language!A466 -> Autoclave for media preparation ("clean" autoclave) | C42: Nồi hấp để chuẩn bị môi trường (nồi hấp "sạch") | H42: =D42 -> 0 | I42: =IF(H42="Yes",1,IF(H42="No",0,"'")) -> '
A43: 1.33 | B43: =Language!A467 -> Autoclave for sterlizing waste ("dirty" autoclave) | C43: Nồi hấp để xử lý chất thải sterlizing (nồi hấp "bẩn") | H43: =D43 -> 0 | I43: =IF(H43="Yes",1,IF(H43="No",0,"'")) -> '
B45: =Language!A468 -> MEDIA PREPARATION EQUIPMENT AVAILABILITY | C45: THIẾT BỊ CHUẨN BỊ MÔI TRƯỜNG
A46: 1.34 | B46: =Language!A469 -> Does the lab prepare any media or distilled water? (e.g., blood agar, Mueller Hinton agar, blood culture bottles) | C46: Phòng thí nghiệm có chuẩn bị môi trường hoặc nước cất nào không? (ví dụ: thạch máu, thạch Mueller Hinton, chai cấy máu)
B47: =Language!A470 -> If No, answer NA until next section | C47: Nếu Không, hãy trả lời NA cho đến phần tiếp theo
B48: =Language!A471 -> Indicate whether the lab is currently using the following FUNCTIONAL pieces of equipment. If the lab has only non-functional equipment, select "No" but note "non-functional" in the comments. | C48: Cho biết phòng thí nghiệm có các thiết bị CHỨC NĂNG sau đây không. Trong cột D (#), cho biết có bao nhiêu phần của thiết bị CHỨC NĂNG. Nếu phòng thí nghiệm chỉ có thiết bị mà không hoạt động, hãy chọn "No" và viết "non-functional" trong nhận xét. Đồng thời nêu rõ trong phần nhận xét nếu số lượng thiết bị đủ cho khối lượng thử nghiệm của phòng thí nghiệm. | E48: #
A49: 1.35 | B49: =Language!A472 -> pH meter | C49: Máy đo độ pH | H49: =D49 -> 0 | I49: =IF(H49="Yes",1,IF(H49="No",0,"'")) -> '
A50: 1.36 | B50: =Language!A473 -> Weighing balance | C50: Cân | H50: =D50 -> 0 | I50: =IF(H50="Yes",1,IF(H50="No",0,"'")) -> '
A51: 1.37 | B51: =Language!A474 -> Conductivity meter | C51: Máy đo độ dẫn điện | H51: =D51 -> 0 | I51: =IF(H51="Yes",1,IF(H51="No",0,"'")) -> '
A52: 1.38 | B52: =Language!A475 -> Distillator/reverse osmosis equipment | C52: Thiết bị chưng cất / thẩm thấu ngược | H52: =D52 -> 0 | I52: =IF(H52="Yes",1,IF(H52="No",0,"'")) -> '
A53: 1.39 | B53: =Language!A476 -> Hot plate with magnetic stir bar (for mixing powdered media) | C53: Thanh khuấy từ tản nhiệt (để trộn môi trường bột) | H53: =D53 -> 0 | I53: =IF(H53="Yes",1,IF(H53="No",0,"'")) -> '
A54: 1.40 | B54: =Language!A477 -> Water bath | C54: Bể ổn nhiệt | H54: =D54 -> 0 | I54: =IF(H54="Yes",1,IF(H54="No",0,"'")) -> '
B56: =Language!A478 -> EQUIPMENT CALIBRATION RECORDS | C56: HỒ SƠ ĐÁNH GIÁ THIẾT BỊ
B57: =Language!A479 -> Review the calibration records for each piece of equipment. Has calibration been performed within the last year? (Enter NA if the lab does not have the equipment.) | C57: Xem lại hồ sơ hiệu chuẩn cho từng phần thiết bị. Hiệu chuẩn có được thực hiện trong năm qua không? (Nhập NA nếu phòng thí nghiệm không có thiết bị.)
A58: 1.41 | B58: =Language!A480 -> Optical Densitometer (for determining McFarland density) | C58: Máy đo mật độ quang học (để xác định mật độ McFarland) | H58: =D58 -> 0 | I58: =IF(H58="Yes",1,IF(H58="No",0,"'")) -> '
A59: 1.42 | B59: =Language!A481 -> Microliter pipettes (e.g., Eppendorf) | C59: Pipet microlit (ví dụ, Eppendorf) | H59: =D59 -> 0 | I59: =IF(H59="Yes",1,IF(H59="No",0,"'")) -> '
A60: 1.43 | B60: =Language!A482 -> Centrifuge | C60: Máy ly tâm | H60: =D60 -> 0 | I60: =IF(H60="Yes",1,IF(H60="No",0,"'")) -> '
A61: 1.44 | B61: =Language!A483 -> Thermometers | C61: Nhiệt kế | H61: =D61 -> 0 | I61: =IF(H61="Yes",1,IF(H61="No",0,"'")) -> '
A62: 1.45 | B62: =Language!A484 -> pH meter | C62: độ pH | H62: =D62 -> 0 | I62: =IF(H62="Yes",1,IF(H62="No",0,"'")) -> '
A63: 1.46 | B63: =Language!A485 -> Conductivity meter | C63: Máy đo độ dẫn điện | H63: =D63 -> 0 | I63: =IF(H63="Yes",1,IF(H63="No",0,"'")) -> '
A64: 1.47 | B64: =Language!A486 -> CO2 incubator | C64: Tủ ấm CO2 | H64: =D64 -> 0 | I64: =IF(H64="Yes",1,IF(H64="No",0,"'")) -> '
A65: 1.48 | B65: =Language!A487 -> Ambient (non-CO2) incubator | C65: Tủ ấm xung quanh (không CO2) | H65: =D65 -> 0 | I65: =IF(H65="Yes",1,IF(H65="No",0,"'")) -> '
A66: 1.49 | B66: =Language!A488 -> Hot air oven for recharging desiccants | C66: Lò không khí nóng để nạp chất hút ẩm | H66: =D66 -> 0 | I66: =IF(H66="Yes",1,IF(H66="No",0,"'")) -> '
A67: 1.50 | B67: =Language!A489 -> Biological Safety Cabinet Class IIA | C67: Tủ an toàn sinh học loại IIA | H67: =D67 -> 0 | I67: =IF(H67="Yes",1,IF(H67="No",0,"'")) -> ' | J67: =IF(D67="No","Red Flag","'") -> '
A68: 1.51 | B68: =Language!A490 -> Weighing balance | C68: Cân bằng trọng lượng | H68: =D68 -> 0 | I68: =IF(H68="Yes",1,IF(H68="No",0,"'")) -> '
A69: 1.52 | B69: =Language!A491 -> Water bath | C69: Tắm nước | H69: =D69 -> 0 | I69: =IF(H69="Yes",1,IF(H69="No",0,"'")) -> '
B71: =Language!A492 -> THERMOMETERS | C71: NHIỆT ĐỘ
B72: =Language!A493 -> Indicate if manual (non-digital) thermometers are present inside each piece of equipment. (Enter NA if the lab does not have the equipment.) | C72: Cho biết nhiệt kế thủ công (không phải kỹ thuật số) có bên trong mỗi thiết bị hay không. (Nhập NA nếu phòng thí nghiệm không có thiết bị.)
A73: 1.53 | B73: =Language!A494 -> CO2 incubator | C73: Tủ ấm CO2 | H73: =D73 -> 0 | I73: =IF(H73="Yes",1,IF(H73="No",0,"'")) -> '
A74: 1.54 | B74: =Language!A495 -> Ambient (non-CO2) incubator | C74: Tủ ấm xung quanh (không CO2) | H74: =D74 -> 0 | I74: =IF(H74="Yes",1,IF(H74="No",0,"'")) -> '
A75: 1.55 | B75: =Language!A496 -> Refrigerator (2-8°C) | C75: Tủ lạnh (2-8 ° C) | H75: =D75 -> 0 | I75: =IF(H75="Yes",1,IF(H75="No",0,"'")) -> '
A76: 1.56 | B76: =Language!A497 -> Non-defrosting freezer, -20°C | C76: Tủ đông không rã đông, -20 ° C | H76: =D76 -> 0 | I76: =IF(H76="Yes",1,IF(H76="No",0,"'")) -> '
A77: 1.57 | B77: =Language!A498 -> Non-defrosting freezer, -60°C | C77: Tủ đông không rã đông, -60 ° C | H77: =D77 -> 0 | I77: =IF(H77="Yes",1,IF(H77="No",0,"'")) -> '
A78: 1.58 | B78: =Language!A499 -> Non-defrosting freezer, -80°C | C78: Tủ đông không rã đông, -80 ° C | H78: =D78 -> 0 | I78: =IF(H78="Yes",1,IF(H78="No",0,"'")) -> '
A79: 1.59 | B79: =Language!A500 -> Hot air oven (for recharging desiccants) | C79: Lò không khí nóng (để nạp lại chất hút ẩm) | H79: =D79 -> 0 | I79: =IF(H79="Yes",1,IF(H79="No",0,"'")) -> '
A80: 1.60 | B80: =Language!A501 -> Hot plate with magnetic stir bar (for mixing powdered media) | C80: Đĩa nóng với thanh khuấy từ (để trộn môi trường bột) | H80: =D80 -> 0 | I80: =IF(H80="Yes",1,IF(H80="No",0,"'")) -> '
A81: 1.61 | B81: =Language!A502 -> Water bath | C81: Tắm nước | H81: =D81 -> 0 | I81: =IF(H81="Yes",1,IF(H81="No",0,"'")) -> '
B83: =Language!A503 -> TEMPERATURE AND ATMOSPHERE MONITORING | C83: THEO DÕI NHIỆT ĐỘ VÀ ATMOSPHERE
B84: =Language!A504 -> Observe if acceptable min/max temperature ranges have been clearly defined on record sheets for the following areas/equipment and if temperature checks are documented daily. Tick NA if the piece of equipment in question in not in use in the lab. | C84: Quan sát trên các tờ hồ sơ xem khoảng chấp nhận nhiệt độ tối thiểu / tối đa có được xác định rõ ràng cho các khu vực / thiết bị sau đây chưa và nhiệt độ có được kiểm tra và ghi lại hàng ngày không. Đánh dấu NA nếu thiết bị được đề cập không được sử dụng trong phòng thí nghiệm.
B85: =Language!#REF! -> #REF! | C85: #REF!
B86: =Language!#REF! -> #REF! | C86: #REF!
B87: =Language!A505 -> Room temperature | C87: Nhiệt độ phòng
A88: 1.62 | B88: =Language!A506 -> Are temperatures recorded each day of use? | C88: Nhiệt độ có được ghi lại mỗi ngày sử dụng không? | H88: =D88 -> 0 | I88: =IF(H88="Yes",1,IF(H88="No",0,"'")) -> '
A89: 1.63 | B89: =Language!A507 -> Is the acceptable temperature range (the minimum and maximum) clearly defined on the record sheet? | C89: Phạm vi nhiệt độ chấp nhận được (tối thiểu và tối đa) có được xác định rõ ràng trên tờ ghi không? | H89: =D89 -> 0 | I89: =IF(H89="Yes",1,IF(H89="No",0,"'")) -> '
B90: =Language!A508 -> Freezers, -20°C | C90: Tủ đông, -20 ° C
A91: 1.64 | B91: =Language!A509 -> Are temperatures recorded each day of use? | C91: Nhiệt độ có được ghi lại mỗi ngày sử dụng không? | H91: =D91 -> 0 | I91: =IF(H91="Yes",1,IF(H91="No",0,"'")) -> '
A92: 1.65 | B92: =Language!A510 -> Is the acceptable temperature range (the minimum and maximum) clearly defined on the record sheet? | C92: Phạm vi nhiệt độ chấp nhận được (tối thiểu và tối đa) có được xác định rõ ràng trên tờ ghi không? | H92: =D92 -> 0 | I92: =IF(H92="Yes",1,IF(H92="No",0,"'")) -> '
B93: =Language!A511 -> Freezers, -60°C | C93: Tủ đông, -60 ° C
A94: 1.66 | B94: =Language!A512 -> Are temperatures recorded each day of use? | C94: Nhiệt độ có được ghi lại mỗi ngày sử dụng không? | H94: =D94 -> 0 | I94: =IF(H94="Yes",1,IF(H94="No",0,"'")) -> '
A95: 1.67 | B95: =Language!A513 -> Is the acceptable temperature range (the minimum and maximum) clearly defined on the record sheet? | C95: Phạm vi nhiệt độ chấp nhận được (tối thiểu và tối đa) có được xác định rõ ràng trên tờ ghi không? | H95: =D95 -> 0 | I95: =IF(H95="Yes",1,IF(H95="No",0,"'")) -> '
B96: =Language!A514 -> Freezers, -80°C | C96: Tủ đông, -80 ° C
A97: 1.68 | B97: =Language!A515 -> Are temperatures recorded each day of use? | C97: Nhiệt độ có được ghi lại mỗi ngày sử dụng không? | H97: =D97 -> 0 | I97: =IF(H97="Yes",1,IF(H97="No",0,"'")) -> '
A98: 1.69 | B98: =Language!A516 -> Is the acceptable temperature range (the minimum and maximum) clearly defined on the record sheet? | C98: Phạm vi nhiệt độ chấp nhận được (tối thiểu và tối đa) có được xác định rõ ràng trên tờ ghi không? | H98: =D98 -> 0 | I98: =IF(H98="Yes",1,IF(H98="No",0,"'")) -> '
B99: =Language!A517 -> Refrigerators | C99: Tủ lạnh
A100: 1.70 | B100: =Language!A518 -> Are temperatures recorded each day of use? | C100: Nhiệt độ có được ghi lại mỗi ngày sử dụng không? | H100: =D100 -> 0 | I100: =IF(H100="Yes",1,IF(H100="No",0,"'")) -> '
A101: 1.71 | B101: =Language!A519 -> Is the acceptable temperature range (the minimum and maximum) clearly defined on the record sheet? | C101: Phạm vi nhiệt độ chấp nhận được (tối thiểu và tối đa) có được xác định rõ ràng trên tờ ghi không? | H101: =D101 -> 0 | I101: =IF(H101="Yes",1,IF(H101="No",0,"'")) -> '
B102: =Language!A520 -> Incubators, ambient atmosphere | C102: Tủ ấm/ủ, đo áp suất
A103: 1.72 | B103: =Language!A521 -> Are temperatures recorded each day of use? | C103: Nhiệt độ có được ghi lại mỗi ngày sử dụng không? | H103: =D103 -> 0 | I103: =IF(H103="Yes",1,IF(H103="No",0,"'")) -> '
A104: 1.73 | B104: =Language!A522 -> Is the acceptable temperature range (the minimum and maximum) clearly defined on the record sheet? | C104: Phạm vi nhiệt độ chấp nhận được (tối thiểu và tối đa) có được xác định rõ ràng trên tờ ghi không? | H104: =D104 -> 0 | I104: =IF(H104="Yes",1,IF(H104="No",0,"'")) -> '
B105: =Language!A523 -> Incubators, CO2 | C105: Tủ CO2
A106: 1.74 | B106: =Language!A524 -> Are temperatures recorded each day of use? | C106: Nhiệt độ có được ghi lại mỗi ngày sử dụng không? | H106: =D106 -> 0 | I106: =IF(H106="Yes",1,IF(H106="No",0,"'")) -> '
A107: 1.75 | B107: =Language!A525 -> Is the acceptable temperature range (the minimum and maximum) clearly defined on the record sheet? | C107: Phạm vi nhiệt độ chấp nhận được (tối thiểu và tối đa) có được xác định rõ ràng trên tờ ghi không? | H107: =D107 -> 0 | I107: =IF(H107="Yes",1,IF(H107="No",0,"'")) -> '
A108: 1.76 | B108: =Language!A526 -> Are CO2 incubators checked for adequate CO2 levels and documented daily (or each day of use if not used daily)? | C108: Các tủ ấm CO2 có được kiểm tra mức CO2 thích hợp hay không và được ghi lại hàng ngày (hoặc mỗi ngày sử dụng nếu không sử dụng hàng ngày)? | H108: =D108 -> 0 | I108: =IF(H108="Yes",1,IF(H108="No",0,"'")) -> '
B109: =Language!A527 -> Water baths | C109: Bể ổn nhiệt
A110: 1.77 | B110: =Language!A528 -> Are temperatures recorded each day of use? | C110: Nhiệt độ có được ghi lại mỗi ngày sử dụng không? | H110: =D110 -> 0 | I110: =IF(H110="Yes",1,IF(H110="No",0,"'")) -> '
...

Sheet LIS-2.
B1: DRAFT DOCUMENT, Shared for piloting purposes only | C1: TÀI LIỆU DỰ THẢO, Chỉ được chia sẻ cho mục đích thí điểm
B2: =Language!A603 -> 2 - LABORATORY INFORMATION SYSTEM (ELECTRONIC) | C2: 2 - HỆ THỐNG THÔNG TIN PXN (ĐIỆN TỬ) | F2: ='Facility-1.'!F2 -> Comments/ Nhận xét
B3: =Language!A604 -> If the lab does not use an electronic LIS, answer No to question 2.1, then skip to Data Management | C3: Nếu phòng thí nghiệm không sử dụng LIS điện tử, hãy trả lời Không cho câu hỏi 2.1, sau đó chuyển đến Quản lý dữ liệu
B4: =Language!A605 -> The scores for this section reflect the usability of the computer-based LIS and it's likely compatibility with AMR surveillance systems, not the quality of the laboratory | C4: Điểm cho phần này phản ánh khả năng sử dụng của LIS dựa trên máy tính và nó có khả năng tương thích với các hệ thống giám sát AMR, không phải chất lượng của phòng thí nghiệm
B5: =Language!A606 -> When exporting data from an LIS for data analysis purposes, including AMR surveillance, it is important that each data field is discrete | C5: Khi xuất dữ liệu từ LIS cho mục đích phân tích dữ liệu, bao gồm giám sát AMR, điều quan trọng là mỗi trường dữ liệu phải rời rạc
B6: =Language!A607 -> DEMOGRAPHIC DATA FIELDS | C6: TRƯỜNG DỮ LIỆU NHÂN KHẨU HỌC
A7: 2.1 | B7: =Language!A608 -> Does the laboratory use a computer-based Laboratory Information System (LIS)? | C7: Phòng thí nghiệm có sử dụng Hệ thống Thông tin Phòng thí nghiệm dựa trên máy tính (LIS) không? | H7: =D7 -> 0 | I7: =IF(H7="Yes",1,IF(H7="No",0,"'")) -> ' | J7: =IF(D7="No","System Flag","'") -> '
B8: =Language!A609 -> If yes, please record name in comments. PLEASE NOTE: WHONET is not an LIS | C8: Nếu có, vui lòng ghi lại tên trong phần bình luận. XIN LƯU Ý: WHONET không phải là LIS
B9: =Language!A610 -> Observe data entry into the LIS. Are individual data fields present for each of the following? | C9: Quan sát việc nhập dữ liệu vào LIS. Các trường dữ liệu riêng lẻ có hiển thị cho từng trường sau đây không?
A10: 2.2 | B10: =Language!A611 -> Patient Last Name/Surname | C10: Họ / Họ của bệnh nhân | H10: =D10 -> 0 | I10: =IF(H10="Yes",1,IF(H10="No",0,"'")) -> '
A11: 2.3 | B11: =Language!A612 -> Patient First Name | C11: Tên bệnh nhân | H11: =D11 -> 0 | I11: =IF(H11="Yes",1,IF(H11="No",0,"'")) -> '
A12: 2.4 | B12: =Language!A613 -> Patient Identification Number | C12: Số nhận dạng bệnh nhân | H12: =D12 -> 0 | I12: =IF(H12="Yes",1,IF(H12="No",0,"'")) -> '
A13: 2.5 | B13: =Language!A614 -> Patient Date of Birth | C13: Ngày sinh của bệnh nhân | H13: =D13 -> 0 | I13: =IF(H13="Yes",1,IF(H13="No",0,"'")) -> '
A14: 2.6 | B14: =Language!A615 -> Patient Age | C14: Tuổi bệnh nhân | H14: =D14 -> 0 | I14: =IF(H14="Yes",1,IF(H14="No",0,"'")) -> '
A15: 2.7 | B15: =Language!A616 -> Patient Gender | C15: Giới tính bệnh nhân | H15: =D15 -> 0 | I15: =IF(H15="Yes",1,IF(H15="No",0,"'")) -> '
A16: 2.8 | B16: =Language!A617 -> Patient Location (Ward or Unit at the time of specimen collection, e.g., "ICU") | C16: Vị trí Bệnh nhân (Khu hoặc Đơn vị tại thời điểm lấy mẫu, ví dụ: "ICU") | H16: =D16 -> 0 | I16: =IF(H16="Yes",1,IF(H16="No",0,"'")) -> '
A17: 2.9 | B17: =Language!A618 -> Patient Date of Admission | C17: Ngày nhập viện của bệnh nhân | H17: =D17 -> 0 | I17: =IF(H17="Yes",1,"'") -> '
B19: =Language!A619 -> SPECIMEN DATA FIELDS | C19: TRƯỜNG DỮ LIỆU BỆNH PHẨM
B20: =Language!A620 -> Observe data entry into the LIS. Are individual data fields present for each of the following? | C20: Quan sát việc nhập dữ liệu vào LIS. Các trường dữ liệu riêng lẻ có hiển thị cho từng trường sau đây không?
A21: 2.10 | B21: =Language!A621 -> Specimen identification number | C21: Số nhận dạng mẫu vật | H21: =D21 -> 0 | I21: =IF(H21="Yes",1,IF(H21="No",0,"'")) -> '
A22: 2.11 | B22: =Language!A622 -> Specimen Type (e.g. Wound) | C22: Loại mẫu vật (ví dụ: vết thương) | H22: =D22 -> 0 | I22: =IF(H22="Yes",1,IF(H22="No",0,"'")) -> '
A23: 2.12 | B23: =Language!A623 -> Specimen Source/Body Site (e.g. Arm) | C23: Nguồn mẫu / Vị trí cơ thể (ví dụ: Cánh tay) | H23: =D23 -> 0 | I23: =IF(H23="Yes",1,IF(H23="No",0,"'")) -> '
A24: 2.13 | B24: =Language!A624 -> Additional descriptors (e.g., Left, Right) | C24: Các bộ mô tả bổ sung (ví dụ: Trái, Phải) | H24: =D24 -> 0 | I24: =IF(H24="Yes",1,IF(H24="No",0,"'")) -> '
A25: 2.14 | B25: =Language!A625 -> Date of specimen collection | C25: Ngày lấy mẫu | H25: =D25 -> 0 | I25: =IF(H25="Yes",1,IF(H25="No",0,"'")) -> '
A26: 2.15 | B26: =Language!A626 -> Time of specimen collection | C26: Thời gian lấy mẫu | H26: =D26 -> 0 | I26: =IF(H26="Yes",1,IF(H26="No",0,"'")) -> '
A27: 2.16 | B27: =Language!A627 -> Date of specimen receipt | C27: Ngày nhận mẫu | H27: =D27 -> 0 | I27: =IF(H27="Yes",1,IF(H27="No",0,"'")) -> '
A28: 2.17 | B28: =Language!A628 -> Time of specimen receipt | C28: Thời gian nhận mẫu | H28: =D28 -> 0 | I28: =IF(H28="Yes",1,IF(H28="No",0,"'")) -> '
B30: =Language!A629 -> CULTURE OBSERVATION DATA FIELDS | C30: TRƯỜNG DỮ LIỆU NUÔI CẤY
B31: =Language!A630 -> Observe culture data entry into the LIS. Are individual data fields present for each of the following? | C31: Quan sát việc nhập dữ liệu nuôi cấy vào LIS. Các trường dữ liệu riêng lẻ có hiển thị cho từng trường sau đây không?
B32: =Language!A631 -> Gram stain of specimen (e.g., sputum gram stain) | C32: Nhuộm gram của bệnh phẩm (ví dụ, nhuộm gram đờm)
A33: 2.18 | B33: =Language!A632 -> Quantity of Epithelial Cells per low power field | C33: Số lượng tế bào biểu mô trên một trường năng lượng thấp | H33: =D33 -> 0 | I33: =IF(H33="Yes",1,IF(H33="No",0,"'")) -> '
A34: 2.19 | B34: =Language!A633 -> Quantity of PMNs (WBCs) per low power field | C34: Số lượng PMN (WBCs) trên quang trường 10x | H34: =D34 -> 0 | I34: =IF(H34="Yes",1,IF(H34="No",0,"'")) -> '
A35: 2.20 | B35: =Language!A634 -> Quantity of bacterial cells per high power field | C35: Số lượng tế bào vi khuẩn trên một quang trường 100x | H35: =D35 -> 0 | I35: =IF(H35="Yes",1,IF(H35="No",0,"'")) -> '
A36: 2.21 | B36: =Language!A635 -> Type of bacterial cells (gram positive cocci, gram negative bacilli, etc.) | C36: Loại tế bào vi khuẩn (cầu khuẩn gram dương, trực khuẩn gram âm, v.v.) | H36: =D36 -> 0 | I36: =IF(H36="Yes",1,IF(H36="No",0,"'")) -> '
A37: 2.22 | B37: =Language!A636 -> Description of colony morphologies (e.g. "mucoid lactose fermenter" or "beta-hemolytic") | C37: Mô tả hình thái khuẩn lạc (ví dụ: "chất lên men mucoid lactose" hoặc "beta-tan huyết") | H37: =D37 -> 0 | I37: =IF(H37="Yes",1,IF(H37="No",0,"'")) -> '
A38: 2.23 | B38: =Language!A637 -> Description of colony quantities (e.g. "1+, 2+, 3+, 4+" or "few, moderate, many") | C38: Mô tả số lượng khuẩn lạc (ví dụ: "1+, 2+, 3+, 4+" hoặc "ít, vừa phải, nhiều") | H38: =D38 -> 0 | I38: =IF(H38="Yes",1,IF(H38="No",0,"'")) -> '
A39: 2.24 | B39: =Language!A638 -> Gram stain of bacterial colony | C39: Nhuộm gram của khuẩn lạc | H39: =D39 -> 0 | I39: =IF(H39="Yes",1,IF(H39="No",0,"'")) -> '
A40: 2.25 | B40: =Language!A639 -> Biochemical test results (e.g., "catalase positive") for conventional test methods | C40: Kết quả xét nghiệm sinh hóa (ví dụ: "catalase dương tính") cho các phương pháp thử nghiệm thông thường | H40: =D40 -> 0 | I40: =IF(H40="Yes",1,IF(H40="No",0,"'")) -> '
A41: 2.26 | B41: =Language!A640 -> Organism name | C41: Tên sinh vật | H41: =D41 -> 0 | I41: =IF(H41="Yes",1,IF(H41="No",0,"'")) -> '
A42: 2.27 | B42: =Language!A641 -> Isolate number (e.g., when more than one pathogen is encountered in a culture: isolate #1, isolate #2) | C42: Số phân lập (ví dụ: khi gặp nhiều hơn một mầm bệnh trong môi trường nuôi cấy: phân lập # 1, phân lập # 2) | H42: =D42 -> 0 | I42: =IF(H42="Yes",1,IF(H42="No",0,"'")) -> '
B44: =Language!A642 -> AST DATA FIELDS | C44: TRƯỜNG DỮ LIỆU KHÁNG SINH ĐỒ
A45: 2.28 | B45: =Language!A643 -> Can the LIS record the AST method used to obtain each individual antibiotic result (e.g., Etest vs. Vitek vs. disk)? | C45: LIS có thể ghi lại phương pháp AST được sử dụng để thu được từng kết quả kháng sinh riêng lẻ (ví dụ: Etest so với Vitek so với đĩa) không? | H45: =D45 -> 0 | I45: =IF(H45="Yes",1,IF(H45="No",0,"'")) -> '
B46: =Language!A644 -> Observe data entry into the LIS. Are individual data fields present for each of the following? | C46: Quan sát việc nhập dữ liệu vào LIS. Các trường dữ liệu riêng lẻ có hiển thị cho từng trường sau đây không?
A47: 2.29 | B47: =Language!A645 -> Disk diffusion zone sizes | C47: Kích thước vùng khuếch tán đĩa | H47: =D47 -> 0 | I47: =IF(H47="Yes",1,IF(H47="No",0,"'")) -> '
A48: 2.30 | B48: =Language!A646 -> Disk diffusion interpretation (S/I/R) | C48: Giải thích khuếch tán đĩa (S / I / R) | H48: =D48 -> 0 | I48: =IF(H48="Yes",1,IF(H48="No",0,"'")) -> '
A49: 2.31 | B49: =Language!A647 -> MIC values | C49: Giá trị MIC | H49: =D49 -> 0 | I49: =IF(H49="Yes",1,IF(H49="No",0,"'")) -> '
A50: 2.32 | B50: =Language!A648 -> MIC interpretation (S/I/R) | C50: Thông dịch MIC (S / I / R) | H50: =D50 -> 0 | I50: =IF(H50="Yes",1,IF(H50="No",0,"'")) -> '
A51: 2.33 | B51: =Language!A649 -> Can the LIS record MIC values to three decimal places (e.g. 0.016)? | C51: LIS có thể ghi các giá trị MIC đến ba chữ số thập phân (ví dụ: 0,016) không? | H51: =D51 -> 0 | I51: =IF(H51="Yes",1,IF(H51="No",0,"'")) -> '
A52: 2.34 | B52: =Language!A650 -> Can the LIS suppress (hide) an individual antibiotic result from the patient report without deleting it from the database (for cascade reporting)? | C52: LIS có thể ngăn chặn (ẩn) một kết quả kháng sinh riêng lẻ từ báo cáo của bệnh nhân mà không xóa nó khỏi cơ sở dữ liệu (đối với báo cáo theo tầng) không? | H52: =D52 -> 0 | I52: =IF(H52="Yes",1,IF(H52="No",0,"'")) -> '
A53: 2.35 | B53: =Language!A651 -> Does the LIS software automatically interpret zone sizes into Susceptible, Intermediate, Resistant? | C53: Phần mềm LIS có tự động giải thích kích thước vùng thành Dễ chịu, Trung bình, Kháng không? | H53: =D53 -> 0
A54: 2.36 | B54: =Language!A652 -> Does the LIS software automatically interpret MICs into Susceptible, Intermediate, Resistant? | C54: Phần mềm LIS có tự động giải thích các MIC thành Nhạy cảm, Trung bình, Kháng không? | H54: =D54 -> 0
A55: 2.37 | B55: =Language!A653 -> If the LIS software automatically interprets zone sizes or MICs, are the breakpoints updated annually? | C55: Nếu phần mềm LIS tự động diễn giải kích thước vùng ức chế hoặc MIC, các điểm gãy có được cập nhật hàng năm không? | H55: =D55 -> 0 | I55: =IF(H55="Yes",1,IF(H55="No",0,"'")) -> ' | J55: =IF(H55="No","Red Flag","'") -> '
A56: 2.38 | B56: =Language!A654 -> If the LIS software automatically interprets zone sizes or MICs, are the breakpoints up to date today? | C56: Nếu phần mềm LIS tự động giải thích kích thước vùng ức chế hoặc MIC, các điểm gãy có cập nhật mới không? | H56: =D56 -> 0 | I56: =IF(H56="Yes",1,IF(H56="No",0,IF(H56="Don't Know",0,"'"))) -> ' | J56: =IF(H56="No","Red Flag",IF(H56="Don't know","Red Flag","'")) -> '
B58: =Language!A655 -> REPORTS AND DATA TRANSFER CAPABILITIES | C58: BÁO CÁO VÀ KẾT NỐI DỮ LIỆU
B59: =Language!A656 -> (An “interface” is an electronic connection that allows information to flow automatically between different computer systems and software applications) | C59: (“Giao diện” là một kết nối điện tử cho phép thông tin lưu chuyển tự động giữa các hệ thống máy tính và ứng dụng phần mềm khác nhau)
A60: 2.39 | B60: =Language!A657 -> Can the LIS de-duplicate data based on select criteria (e.g., patient ID, organism, specimen date)? | C60: Liệu LIS có thể loại bỏ dữ liệu trùng lặp dựa trên các tiêu chí đã chọn (ví dụ: ID bệnh nhân, sinh vật, ngày lấy mẫu) không? | H60: =D60 -> 0 | I60: =IF(H60="Yes",1,IF(H60="No",0,"'")) -> '
A61: 2.40 | B61: =Language!A658 -> Can the LIS produce a cumulative antibiogram report? | C61: LIS có thể tạo báo cáo kháng sinh đồ tích lũy không? | H61: =D61 -> 0 | I61: =IF(H61="Yes",1,IF(H61="No",0,"'")) -> '
A62: 2.41 | B62: =Language!A659 -> Can the LIS interface with automated AST instruments (e.g., Vitek, Phoenix, SIRScan, BIOMIC)? | C62: Có thể giao tiếp LIS với các thiết bị AST tự động (ví dụ: Vitek, Phoenix, SIRScan, BIOMIC) không? | H62: =D62 -> 0 | I62: =IF(H62="Yes",1,IF(H62="No",0,"'")) -> '
A63: 2.42 | B63: =Language!A660 -> Can the LIS interface with the Hospital Information System (HIS)? | C63: LIS có thể giao tiếp với Hệ thống Thông tin Bệnh viện (HIS) không? | H63: =D63 -> 0 | I63: =IF(H63="Yes",1,IF(H63="No",0,"'")) -> '
A64: 2.43 | B64: =Language!A661 -> Can the LIS export line lists of data to .txt or .csv files? | C64: LIS có thể xuất danh sách dòng dữ liệu sang tệp .txt hoặc .csv không? | H64: =D64 -> 0 | I64: =IF(H64="Yes",1,IF(H64="No",0,"'")) -> '
B66: =Language!A662 -> INTERFACE CONNECTIVITY | C66: KHẢ NĂNG KẾT NỐI GIAO DIỆN
B67: =Language!A663 -> (An “interface” is an electronic connection that allows information to flow automatically between different computer systems and software applications) | C67: (“Giao diện” là một kết nối điện tử cho phép thông tin lưu chuyển tự động giữa các hệ thống máy tính và ứng dụng phần mềm khác nhau)
A68: 2.44 | B68: =Language!A664 -> If the lab uses an automated AST instrument, describe the data flow between the LIS and the instrument software. | C68: Nếu phòng thí nghiệm sử dụng thiết bị AST tự động, hãy mô tả luồng dữ liệu giữa LIS và phần mềm thiết bị. | H68: =D68 -> 0 | I68: =IF(H68=2,1,IF(H68=3,0.5,IF(H68=4,0.5,IF(H68=1,0,"'")))) -> '
B69: =Language!A665 -> 1: Systems are not currently interfaced | C69: 1: Hệ thống hiện không được giao diện
B70: =Language!A666 -> 2: Bidirectional: Patient information (e.g., medical record number, specimen number, specimen type) flows from the LIS into the instrument software, AND results (ID and AST) flow from the instrument software back into the LIS. | C70: 2: Hai chiều: Thông tin bệnh nhân (ví dụ: số hồ sơ bệnh án, số mẫu bệnh phẩm, loại bệnh phẩm) chuyển từ LIS vào phần mềm dụng cụ, kết quả AND (ID và AST) chảy từ phần mềm dụng cụ trở lại LIS.
B71: =Language!A667 -> 3: Uni-directional: Patient information flows from the LIS into the instrument software, but results do not transmit back into the LIS | C71: 3: Đơn hướng: Thông tin bệnh nhân truyền từ LIS vào phần mềm thiết bị, nhưng kết quả không truyền trở lại LIS
B72: =Language!A668 -> 4: Uni-directional: Results transmit from the instrument software into the LIS, but patient information cannot flow from the LIS into the instrument software. | C72: 4: Một hướng: Kết quả truyền từ phần mềm thiết bị vào LIS, nhưng thông tin bệnh nhân không thể truyền từ LIS vào phần mềm thiết bị.
B73: =Language!A669 -> NA: no automated instruments | C73: NA: không có công cụ tự động
A74: 2.45 | B74: =Language!A670 -> Does the hospital use a Hospital Information System (HIS) or Electronic Medical Record (EMR)? | C74: Bệnh viện có sử dụng Hệ thống Thông tin Bệnh viện (HIS) hoặc Bệnh án Điện tử (EMR) không? | H74: =D74 -> 0 | I74: =IF(H74="Yes",1,IF(H74="No",0,"'")) -> ' | J74: =IF(D74="No","System Flag","'") -> '
B75: =Language!A671 -> If yes, please record system name in comments | C75: Nếu có, vui lòng ghi lại tên hệ thống trong phần bình luận
A76: 2.46 | B76: =Language!A672 -> If the LIS and HIS/EMR are interfaced, describe the data flow between the LIS and the HIS/EMR | C76: Nếu LIS và HIS / EMR được giao tiếp, hãy mô tả luồng dữ liệu giữa LIS và HIS / EMR | H76: =D76 -> 0 | I76: =IF(H76=2,1,IF(H76=3,0.5,IF(H76=4,0.5,IF(H76=1,0,"'")))) -> '
B77: =Language!A673 -> 1: Systems are not interfaced | C77: 1: Hệ thống không được giao tiếp
B78: =Language!A674 -> 2: Bidirectional: Patient information (e.g., demographics, lab orders) flows from the HIS into the LIS, AND patient microbiology (ID/AST) results flow from the LIS back into the HIS. | C78: 2: Hai chiều: Thông tin về bệnh nhân (ví dụ: nhân khẩu học, đơn đặt hàng phòng thí nghiệm) chuyển từ HIS vào LIS, và kết quả vi sinh bệnh nhân (ID / AST) từ LIS trở lại HIS.
B79: =Language!A675 -> 3: Uni-directional: Patient demographics transmit from the HIS into the LIS, but patient results do not transmit back into the HIS | C79: 3: Đơn hướng: Nhân khẩu học của bệnh nhân truyền từ HIS vào LIS, nhưng kết quả của bệnh nhân không truyền trở lại HIS
B80: =Language!A676 -> 4: Uni-directional: Patient results transmit from the LIS into the HIS, but patient demographics cannot transmit from the HIS into the LIS. | C80: 4: Đơn hướng: Kết quả của bệnh nhân truyền từ LIS vào HIS, nhưng nhân khẩu học của bệnh nhân không thể truyền từ HIS vào LIS.
B81: =Language!A677 -> NA: no LIS or no HIS | C81: NA: không có LIS hoặc không có HIS

Sheet Data Mgmt-3.
B1: DRAFT DOCUMENT, Shared for piloting purposes only | C1: TÀI LIỆU DỰ THẢO, Chỉ được chia sẻ cho mục đích thí điểm
B2: =Language!A678 -> 3- DATA MANAGEMENT | C2: 3- QUẢN LÝ DỮ LIỆU | F2: ='Facility-1.'!F2 -> Comments/ Nhận xét
B3: =Language!A679 -> Please note: all questions refer only to clinical patient specimens, NOT to research specimens | C3: Xin lưu ý: tất cả các câu hỏi chỉ đề cập đến bệnh phẩm lâm sàng, KHÔNG đề cập đến bệnh phẩm nghiên cứu
B5: =Language!A680 -> PATIENT AND SPECIMEN IDENTIFICATION | C5: MÃ BỆNH NHÂN VÀ MÃ BỆNH PHẨM
A6: 3.1 | B6: =Language!A681 -> Are inpatients assigned a unique patient ID number upon admission to the hospital? | C6: Bệnh nhân nội trú có được chỉ định một số ID bệnh nhân duy nhất khi nhập viện không? | H6: =D6 -> 0 | I6: =IF(H6="Yes",1,IF(H6="No",0,"'")) -> ' | J6: =IF(D6="No","System Flag","'") -> '
A7: 3.2 | B7: =Language!A682 -> Are outpatients assigned a unique patient ID number upon registration at the clinic? | C7: Bệnh nhân ngoại trú có được chỉ định một số ID bệnh nhân duy nhất khi đăng ký tại phòng khám không? | H7: =D7 -> 0 | I7: =IF(H7="Yes",1,IF(H7="No",0,"'")) -> ' | J7: =IF(D7="No","System Flag","'") -> '
A8: 3.3 | B8: =Language!A683 -> Are patient ID numbers assigned in such a way that no two patients are given the same number in the course of one year? | C8: Số ID bệnh nhân có được chỉ định theo cách mà không có hai bệnh nhân nào được cấp cùng một số trong suốt một năm không? | H8: =D8 -> 0 | I8: =IF(H8="Yes",1,IF(H8="No",0,"'")) -> ' | J8: =IF(D8="No","System Flag","'") -> '
A9: 3.4 | B9: =Language!A684 -> Do patients retain the same patient ID number each time they are admitted to the hospital? | C9: Bệnh nhân có giữ lại cùng một số ID bệnh nhân mỗi khi nhập viện không? | H9: =D9 -> 0 | I9: =IF(H9="Yes",1,IF(H9="No",0,"'")) -> ' | J9: =IF(D9="No","System Flag","'") -> '
A10: 3.5 | B10: =Language!A685 -> Does the laboratory use the same patient ID numbers assigned by the hospital and/or clinics? | C10: Phòng xét nghiệm có sử dụng cùng số ID bệnh nhân do bệnh viện và / hoặc phòng khám chỉ định không? | H10: =D10 -> 0 | I10: =IF(H10="Yes",1,IF(H10="No",0,"'")) -> ' | J10: =IF(D10="No","Red Flag","'") -> '
A11: 3.6 | B11: =Language!A686 -> Does the laboratory assign a unique specimen ID number to each specimen received in the lab? | C11: Phòng thí nghiệm có chỉ định một số ID duy nhất cho mỗi mẫu nhận được trong phòng thí nghiệm không? | H11: =D11 -> 0 | I11: =IF(H11="Yes",1,IF(H11="No",0,"'")) -> ' | J11: =IF(D11="No","Red Flag","'") -> '
A12: 3.7 | B12: =Language!A687 -> Are specimen numbers assigned in such a way that no two specimens are given the same number during one year? | C12: Số mẫu vật có được chỉ định theo cách mà không có hai mẫu nào được cấp cùng một số ID trong một năm không? | H12: =D12 -> 0 | I12: =IF(H12="Yes",1,IF(H12="No",0,"'")) -> ' | J12: =IF(D12="No","Red Flag","'") -> '
B14: =Language!A688 -> SPECIMEN REQUISITION FORM | C14: MẪU CHỈ ĐỊNH XÉT NGHIỆM
B15: =Language!A689 -> Review the specimen requisition form. Does it contain each of the following data fields? | C15: Xem lại mẫu phiếu xét nghiệm. Nó có các trường dữ liệu sau không?
A16: 3.8 | B16: =Language!A690 -> Patient Name | C16: Tên bệnh nhân | H16: =D16 -> 0 | I16: =IF(H16="Yes",1,IF(H16="No",0,"'")) -> '
A17: 3.9 | B17: =Language!A691 -> Patient Identification Number | C17: Số nhận dạng bệnh nhân | H17: =D17 -> 0 | I17: =IF(H17="Yes",1,IF(H17="No",0,"'")) -> '
A18: 3.10 | B18: =Language!A692 -> Patient Date of Birth or Age | C18: Ngày sinh hoặc tuổi của bệnh nhân | H18: =D18 -> 0 | I18: =IF(H18="Yes",1,IF(H18="No",0,"'")) -> '
A19: 3.11 | B19: =Language!A693 -> Patient Location (Ward or unit at time of specimen collection, e.g., "ICU") | C19: Vị trí Bệnh nhân (Khu hoặc đơn vị tại thời điểm lấy mẫu, ví dụ: "ICU") | H19: =D19 -> 0 | I19: =IF(H19="Yes",1,IF(H19="No",0,"'")) -> '
A20: 3.12 | B20: =Language!A694 -> Specimen Type (e.g. Wound) | C20: Loại mẫu (ví dụ: vết thương) | H20: =D20 -> 0 | I20: =IF(H20="Yes",1,IF(H20="No",0,"'")) -> '
A21: 3.13 | B21: =Language!A695 -> Specimen Source/Body Site (e.g. Arm) | C21: Vị trí lấy mẫu / Vị trí cơ thể (ví dụ: Cánh tay) | H21: =D21 -> 0 | I21: =IF(H21="Yes",1,IF(H21="No",0,"'")) -> '
A22: 3.14 | B22: =Language!A696 -> Date of specimen collection | C22: Ngày lấy mẫu | H22: =D22 -> 0 | I22: =IF(H22="Yes",1,IF(H22="No",0,"'")) -> '
A23: 3.15 | B23: =Language!A697 -> Time of specimen collection | C23: Thời gian lấy mẫu | H23: =D23 -> 0 | I23: =IF(H23="Yes",1,IF(H23="No",0,"'")) -> '
A24: 3.16 | B24: =Language!A698 -> Test order (e.g. culture & AST) | C24: Yêu cầu xét nghiệm (ví dụ: nuôi cấy và AST) | H24: =D24 -> 0 | I24: =IF(H24="Yes",1,IF(H24="No",0,"'")) -> '
A25: 3.17 | B25: =Language!A699 -> Name of physician ordering the test | C25: Tên bác sĩ yêu cầu xét nghiệm | H25: =D25 -> 0 | I25: =IF(H25="Yes",1,IF(H25="No",0,"'")) -> '
A26: 3.18 | B26: =Language!A700 -> Name or initials of person collecting specimen | C26: Tên hoặc tên viết tắt của người thu thập mẫu | H26: =D26 -> 0 | I26: =IF(H26="Yes",1,IF(H26="No",0,"'")) -> '
B28: =Language!A701 -> ORDER ENTRY | C28: NHẬP DỮ LIỆU
B29: =Language!A702 -> Review the process of specimen receiving/order entry. Are each of the following variables captured in the logbook or computer system? | C29: Xem lại quy trình nhận bệnh phẩm / nhập đơn hàng. Mỗi biến sau đây có được ghi lại trong sổ nhật ký hoặc hệ thống máy tính không?
A30: 3.19 | B30: =Language!A703 -> Patient Name | C30: Tên bệnh nhân | H30: =D30 -> 0 | I30: =IF(H30="Yes",1,IF(H30="No",0,"'")) -> '
A31: 3.20 | B31: =Language!A704 -> Patient Identification Number | C31: Số nhận dạng bệnh nhân | H31: =D31 -> 0 | I31: =IF(H31="Yes",1,IF(H31="No",0,"'")) -> '
A32: 3.21 | B32: =Language!A705 -> Patient Date of Birth or Age | C32: Ngày sinh hoặc tuổi của bệnh nhân | H32: =D32 -> 0 | I32: =IF(H32="Yes",1,IF(H32="No",0,"'")) -> '
A33: 3.22 | B33: =Language!A706 -> Patient Location (Ward or unit at time of specimen collection, e.g., "ICU") | C33: Vị trí Bệnh nhân (Khu hoặc đơn vị tại thời điểm lấy mẫu, ví dụ: "ICU") | H33: =D33 -> 0 | I33: =IF(H33="Yes",1,IF(H33="No",0,"'")) -> '
A34: 3.23 | B34: =Language!A707 -> Specimen Type (e.g. Wound) | C34: Loại mẫu vật (ví dụ: vết thương) | H34: =D34 -> 0 | I34: =IF(H34="Yes",1,IF(H34="No",0,"'")) -> '
A35: 3.24 | B35: =Language!A708 -> Specimen Source/Body Site (e.g. Arm) | C35: Nguồn mẫu / Vị trí cơ thể (ví dụ: Cánh tay) | H35: =D35 -> 0 | I35: =IF(H35="Yes",1,IF(H35="No",0,"'")) -> '
A36: 3.25 | B36: =Language!A709 -> Date of specimen collection | C36: Ngày lấy mẫu | H36: =D36 -> 0 | I36: =IF(H36="Yes",1,IF(H36="No",0,"'")) -> '
A37: 3.26 | B37: =Language!A710 -> Time of specimen collection | C37: Thời gian lấy mẫu | H37: =D37 -> 0 | I37: =IF(H37="Yes",1,IF(H37="No",0,"'")) -> '
A38: 3.27 | B38: =Language!A711 -> Date of specimen receipt | C38: Ngày nhận mẫu | H38: =D38 -> 0 | I38: =IF(H38="Yes",1,IF(H38="No",0,"'")) -> '
A39: 3.28 | B39: =Language!A712 -> Time of specimen receipt | C39: Thời gian nhận mẫu | H39: =D39 -> 0 | I39: =IF(H39="Yes",1,IF(H39="No",0,"'")) -> '
A40: 3.29 | B40: =Language!A713 -> Test order (e.g. culture & AST) | C40: Thứ tự kiểm tra (ví dụ: nuôi cấy và AST) | H40: =D40 -> 0 | I40: =IF(H40="Yes",1,IF(H40="No",0,"'")) -> '
A41: 3.30 | B41: =Language!A714 -> Name of physician ordering the test | C41: Tên bác sĩ yêu cầu xét nghiệm | H41: =D41 -> 0 | I41: =IF(H41="Yes",1,IF(H41="No",0,"'")) -> '
A42: 3.31 | B42: =Language!A715 -> Name or initials of person receiving specimen | C42: Tên hoặc tên viết tắt của người nhận mẫu vật | H42: =D42 -> 0 | I42: =IF(H42="Yes",1,IF(H42="No",0,"'")) -> '
B44: =Language!A716 -> CULTURE OBSERVATIONS | C44: SỔ NUÔI CẤY
B45: =Language!A717 -> The work card is where culture observations and biochemical test results are recorded. Work cards may be paper or electronic. | C45: Phiếu công việc là nơi ghi chép các quan sát nuôi cấy và kết quả xét nghiệm sinh hóa. Thẻ làm việc có thể là giấy hoặc điện tử.
B46: =Language!A718 -> Review the workcard of a recently completed culture. Are the following elements recorded? | C46: Xem lại bảng công việc của nuôi cấy đã hoàn thành gần đây. Các yếu tố sau có được ghi không?
B47: =Language!A719 -> Gram stain of specimen (e.g., sputum gram stain) | C47: Nhuộm gram của bệnh phẩm (ví dụ, nhuộm gram đờm)
A48: 3.32 | B48: =Language!A720 -> Quantity of Epithelial Cells per low power field | C48: Số lượng tế bào biểu mô trên một trường | H48: =D48 -> 0 | I48: =IF(H48="Yes",1,IF(H48="No",0,"'")) -> '
A49: 3.33 | B49: =Language!A721 -> Quantity of PMNs (WBCs) per low power field | C49: Số lượng PMN (WBCs) trên mỗi trường | H49: =D49 -> 0 | I49: =IF(H49="Yes",1,IF(H49="No",0,"'")) -> '
A50: 3.34 | B50: =Language!A722 -> Quantity of bacterial cells per high power field | C50: Số lượng tế bào vi khuẩn trên một trường | H50: =D50 -> 0 | I50: =IF(H50="Yes",1,IF(H50="No",0,"'")) -> '
A51: 3.35 | B51: =Language!A723 -> Type of bacterial cells (gram positive cocci, gram negative bacilli, etc.) | C51: Loại tế bào vi khuẩn (cầu khuẩn gram dương, trực khuẩn gram âm, v.v.) | H51: =D51 -> 0 | I51: =IF(H51="Yes",1,IF(H51="No",0,"'")) -> '
A52: 3.36 | B52: =Language!A724 -> Description of colony morphologies (e.g. "mucoid lactose fermenter" or "beta-hemolytic") | C52: Mô tả hình thái khuẩn lạc (ví dụ: "chất lên men mucoid lactose" hoặc "beta-tan huyết") | H52: =D52 -> 0 | I52: =IF(H52="Yes",1,IF(H52="No",0,"'")) -> '
A53: 3.37 | B53: =Language!A725 -> Description of colony quantities (e.g. "1+, 2+, 3+, 4+" or "few, moderate, many") | C53: Mô tả số lượng khuẩn lạc (ví dụ: "1+, 2+, 3+, 4+" hoặc "ít, vừa phải, nhiều") | H53: =D53 -> 0 | I53: =IF(H53="Yes",1,IF(H53="No",0,"'")) -> '
A54: 3.38 | B54: =Language!A726 -> Gram stain of bacterial growth colonies (gram positive cocci, gram negative bacilli, etc.) | C54: Nhuộm gram các khuẩn lạc phát triển của vi khuẩn (cầu khuẩn gram dương, trực khuẩn gram âm, v.v.) | H54: =D54 -> 0 | I54: =IF(H54="Yes",1,IF(H54="No",0,"'")) -> '
A55: 3.39 | B55: =Language!A727 -> Biochemical test results (e.g., "catalase positive") for conventional test methods | C55: Kết quả xét nghiệm sinh hóa (ví dụ: "catalase dương tính") cho các phương pháp thử nghiệm thông thường | H55: =D55 -> 0 | I55: =IF(H55="Yes",1,IF(H55="No",0,"'")) -> '
A56: 3.40 | B56: =Language!A728 -> AST Method used for each antibiotic (e.g., Disk, Etest, Instrument) | C56: Phương pháp AST được sử dụng cho từng loại kháng sinh (ví dụ: Đĩa, Etest, Dụng cụ) | H56: =D56 -> 0 | I56: =IF(H56="Yes",1,IF(H56="No",0,"'")) -> '
A57: 3.41 | B57: =Language!A729 -> Disk diffusion zone sizes | C57: Kích thước vùng khuếch tán đĩa | H57: =D57 -> 0 | I57: =IF(H57="Yes",1,IF(H57="No",0,"'")) -> '
A58: 3.42 | B58: =Language!A730 -> Disk diffusion interpretation (S/I/R) | C58: Giải thích khuếch tán đĩa (S / I / R) | H58: =D58 -> 0 | I58: =IF(H58="Yes",1,IF(H58="No",0,"'")) -> '
A59: 3.43 | B59: =Language!A731 -> MIC values | C59: Giá trị MIC | H59: =D59 -> 0 | I59: =IF(H59="Yes",1,IF(H59="No",0,"'")) -> '
A60: 3.44 | B60: =Language!A732 -> MIC interpretation (S/I/R) | C60: Thông dịch MIC (S / I / R) | H60: =D60 -> 0 | I60: =IF(H60="Yes",1,IF(H60="No",0,"'")) -> '
A61: 3.45 | B61: =Language!A733 -> Describe the laboratory’s system for recording culture observations | C61: Mô tả hệ thống của phòng thí nghiệm để ghi lại các quan sát nuôi cấy | H61: =D61 -> 0 | I61: =IF(H61=1,1,IF(H61=2,0.5,IF(H61=3,0.5,IF(H61=4,0.5,IF(H61=5,0,"'"))))) -> '
B62: =Language!A734 -> 1: Laboratory Information System (LIS) | C62: 1: Hệ thống thông tin phòng thí nghiệm (LIS)
B63: =Language!A735 -> 2: Fully electronic, but non-LIS (e.g., Word, Excel) | C63: 2: Hoàn toàn điện tử, nhưng không phải LIS (ví dụ: Word, Excel)
B64: =Language!A736 -> 3: Handwritten on a paper work card (e.g., the back of the specimen requisition) or in a logbook | C64: 3: Viết tay trên thẻ làm việc bằng giấy (ví dụ: mặt sau của yêu cầu mẫu vật) hoặc trong nhật ký
B65: =Language!A737 -> 4: Combination of handwritten and electronic recording | C65: 4: Kết hợp giữa ghi chép tay và ghi âm điện tử
B66: =Language!A738 -> 5: Internal results are not routinely recorded | C66: 5: Kết quả nội bộ không được ghi lại thường xuyên
A67: 3.46 | B67: =Language!A739 -> Are culture observations/work cards retained for a defined time period (at least one year)? | C67: Thẻ quan sát / công việc nuôi cấy có được giữ lại trong một khoảng thời gian xác định (ít nhất một năm) không? | H67: =D67 -> 0 | I67: =IF(H67="Yes",1,IF(H67="No",0,"'")) -> '
B69: =Language!A740 -> AST RESULTS REPORTING | C69: BÁO CÁO KẾT QUẢ AST
A70: 3.47 | B70: =Language!A741 -> Describe the laboratory’s system for reporting AST results to the physician/client | C70: Mô tả hệ thống của phòng thí nghiệm để báo cáo kết quả AST cho bác sĩ / khách hàng | H70: =D70 -> 0 | I70: =IF(H70=1,1,IF(H70=2,0.75,IF(H70=3,0.5,"'"))) -> '
B71: =Language!A742 -> 1: Fully electronic system – physician does not receive paper from the lab | C71: 1: Hệ thống điện tử hoàn toàn - bác sĩ không nhận giấy từ phòng thí nghiệm
B72: =Language!A743 -> 2: Combination of paper and electronic reporting | C72: 2: Kết hợp giữa báo cáo giấy và báo cáo điện tử
B73: =Language!A744 -> 3: Fully paper-based system | C73: 3: Hệ thống hoàn toàn dựa trên giấy
A74: 3.48 | B74: =Language!A745 -> If AST results are fully or partially issued to physicians on paper, please describe that system. | C74: Nếu kết quả AST được cấp đầy đủ hoặc một phần cho bác sĩ trên giấy, vui lòng mô tả hệ thống đó. | H74: =D74 -> 0 | I74: =IF(H74=1,1,IF(H74=2,0.5,IF(H74=3,0.5,"'"))) -> '
B75: =Language!A746 -> 1: Printout from the Laboratory Information System | C75: 1: Bản in từ Hệ thống Thông tin Phòng thí nghiệm
B76: =Language!A747 -> 2: Printout from the ID/AST instrument (e.g., Vitek, Phoenix, etc.) | C76: 2: Bản in từ thiết bị ID / AST (ví dụ: Vitek, Phoenix, v.v.)
B77: =Language!A748 -> 3: Printout from a non-LIS computer program (e.g. Word, Excel) | C77: 3: Bản in từ chương trình máy tính không phải LIS (ví dụ: Word, Excel)
B78: =Language!A749 -> 4: Primarily hand written onto a paper form | C78: 4: Chủ yếu viết tay trên giấy
A79: 3.49 | B79: =Language!A750 -> Are AST reports retained for a defined time period (at least one year)? | C79: Các báo cáo của AST có được lưu giữ trong một khoảng thời gian xác định (ít nhất một năm) không? | H79: =D79 -> 0 | I79: =IF(H79="Yes",1,IF(H79="No",0,"'")) -> '
B81: =Language!A751 -> DATA BACKUP & SECURITY | C81: DỰ PHÒNG VÀ BẢO MẬT DỮ LIỆU
A82: 3.50 | B82: =Language!A752 -> What method is used to back up the lab’s electronic patient records? | C82: Phương pháp nào được sử dụng để sao lưu hồ sơ bệnh nhân điện tử của phòng thí nghiệm? | H82: =D82 -> 0 | I82: =IF(H82=1,1,IF(H82=2,0.5,IF(H82="NA","'",IF(H82=0,"'",0)))) -> ' | J82: =IF(H82=3,"Red Flag",IF(H82=4,"Red Flag","'")) -> '
B83: =Language!A753 -> 1: Facility or cloud server - 2: External hard drive, USB, or CD - 3: Internal hard drive (PC or laptop) - 4: None - NA: do not use an electronic database for patient records | C83: 1: Máy chủ cơ sở hoặc đám mây - 2: Ổ cứng ngoài, USB hoặc CD - 3: Ổ cứng trong (PC hoặc máy tính xách tay) - 4: Không có - NA: không sử dụng cơ sở dữ liệu điện tử cho hồ sơ bệnh nhân
A84: 3.51 | B84: =Language!A754 -> How frequently are the lab’s electronic records backed up? | C84: Các hồ sơ điện tử của phòng thí nghiệm được sao lưu với tần suất như thế nào? | H84: =D84 -> 0 | I84: =IF(H84=1,1,IF(H84=2,0.5,IF(H84=3,0,"'"))) -> '
B85: =Language!A755 -> 1: Daily/Continuously - 2: Other frequency, specify in comments - 3: Never - NA: no electronic database | C85: 1: Hàng ngày / Liên tục - 2: Tần suất khác, ghi rõ trong nhận xét - 3: Không bao giờ - NA: không có cơ sở dữ liệu điện tử
A86: 3.52 | B86: =Language!A756 -> Does the lab or facility have a policy and/or SOP on data backup and restoration? | C86: Phòng thí nghiệm hoặc cơ sở có chính sách và / hoặc SOP về sao lưu và khôi phục dữ liệu không? | H86: =D86 -> 0 | I86: =IF(H86="Yes",1,IF(H86="No",0,"'")) -> '
A87: 3.53 | B87: =Language!A757 -> Does the lab or facility have a policy and/or SOP on data security and confidentiality? | C87: Phòng thí nghiệm hoặc cơ sở có chính sách và / hoặc SOP về bảo mật và bí mật dữ liệu không? | H87: =D87 -> 0 | I87: =IF(H87="Yes",1,IF(H87="No",0,"'")) -> '
A88: 3.54 | B88: =Language!A758 -> Do laboratory computers have antivirus software? | C88: Máy tính trong phòng thí nghiệm có phần mềm chống vi-rút không? | H88: =D88 -> 0 | I88: =IF(H88="Yes",1,IF(H88="No",0,"'")) -> ' | J88: =IF(D88="No","System Flag","")
A89: 3.55 | B89: =Language!A759 -> Do laboratory computers have genuine (not pirated) Operating Systems? | C89: Máy tính phòng thí nghiệm có Hệ điều hành chính hãng (không vi phạm bản quyền) không? | H89: =D89 -> 0 | I89: =IF(H89="Yes",1,IF(H89="No",0,"'")) -> ' | J89: =IF(D89="No","System Flag","'") -> '
B91: =Language!A760 -> AMR DATA SHARING | C91: CHIA SẺ DỮ LIỆU AMR
B92: =Language!A761 -> Is the laboratory currently a member of any AMR Surveillance Systems? | C92: Phòng thí nghiệm hiện có phải là thành viên của bất kỳ Hệ thống giám sát AMR nào không?
A93: 3.56 | B93: =Language!A762 -> WHO GLASS (Global Antimicrobial Resistance Surveillance System) | C93: WHO GLASS (Hệ thống Giám sát Kháng thuốc Toàn cầu) | H93: =D93 -> 0
A94: 3.57 | B94: =Language!A763 -> Other, please describe in comments | C94: Khác, vui lòng mô tả trong phần bình luận | H94: =D94 -> 0
B95: =Language!A764 -> Which of the following methods are currently used to submit data to the AMR surveillance network(s)? | C95: Phương pháp nào sau đây hiện được sử dụng để gửi dữ liệu tới (các) mạng giám sát AMR?
B96: =Language!A765 -> More than one may be used. if the lab does not currently participate in AMR surveillance, select NA | C96: Nhiều hơn một có thể được sử dụng. nếu phòng thí nghiệm hiện không tham gia giám sát AMR, hãy chọn NA
A97: 3.58 | B97: =Language!A766 -> Lab sends paper forms to an AMR coordinator | C97: Phòng thí nghiệm gửi biểu mẫu giấy cho điều phối viên AMR | H97: =D97 -> 0 | I97: =IF(H97="Yes",0.25,"'") -> '
A98: 3.59 | B98: =Language!A767 -> Lab types data into an Excel spreadsheet | C98: Lab nhập dữ liệu vào bảng tính Excel | H98: =D98 -> 0 | I98: =IF(H98="Yes",0.5,"'") -> '
A99: 3.60 | B99: =Language!A768 -> Lab types data into an online database | C99: Lab nhập dữ liệu vào cơ sở dữ liệu trực tuyến | H99: =D99 -> 0 | I99: =IF(H99="Yes",0.5,"'") -> '
A100: 3.61 | B100: =Language!A769 -> Lab types data into WHONET | C100: Phòng thí nghiệm nhập dữ liệu vào WHONET | H100: =D100 -> 0 | I100: =IF(H100="Yes",0.75,"'") -> '
A101: 3.62 | B101: =Language!A770 -> Lab exports a file from the automated AST instrument | C101: Lab xuất một tệp từ công cụ AST tự động | H101: =D101 -> 0 | I101: =IF(H101="Yes",0.75,"'") -> '
A102: 3.63 | B102: =Language!A771 -> Lab exports a file from the LIS | C102: Lab xuất một tệp từ LIS | H102: =D102 -> 0 | I102: =IF(H102="Yes",1,IF(H102="No",0,"'")) -> '
B103: =Language!A772 -> If the lab has ever tried to use BacLink to transfer data from the LIS into WHONET, were any of the following problems encountered? | C103: Nếu phòng thí nghiệm đã từng cố gắng sử dụng BacLink để truyền dữ liệu từ LIS sang WHONET, có vấn đề nào sau đây gặp phải không?
A104: 3.64 | B104: =Language!A773 -> The LIS export file was missing some of the required data fields | C104: Tệp xuất LIS thiếu một số trường dữ liệu bắt buộc | H104: =D104 -> 0 | I104: =IF(H104="No",1,IF(H104="Yes",0,"'")) -> '
A105: 3.65 | B105: =Language!A774 -> The LIS export file merged/combined different data fields into a single column | C105: Tệp xuất LIS đã hợp nhất / kết hợp các trường dữ liệu khác nhau thành một cột duy nhất | H105: =D105 -> 0 | I105: =IF(H105="No",1,IF(H105="Yes",0,"'")) -> '
A106: 3.66 | B106: =Language!A775 -> The LIS export file does not distinguish antibiotic results by AST method | C106: Tệp xuất LIS không phân biệt kết quả kháng sinh đồ theo phương pháp AST | H106: =D106 -> 0 | I106: =IF(H106="No",1,IF(H106="Yes",0,"'")) -> '
A107: 3.67 | B107: =Language!A776 -> The LIS export file does not contain zone sizes or MIC values | C107: Tệp xuất LIS không chứa kích thước vùng hoặc giá trị MIC | H107: =D107 -> 0 | I107: =IF(H107="No",1,IF(H107="Yes",0,"'")) -> '
...

Sheet QA-4.
B1: DRAFT DOCUMENT, Shared for piloting purposes only | C1: TÀI LIỆU DỰ THẢO, Chỉ được chia sẻ cho mục đích thí điểm
B2: =Language!A784 -> 4- QUALITY ASSURANCE | C2: 4- ĐẢM BẢO CHẤT LƯỢNG | F2: ='Facility-1.'!F2 -> Comments/ Nhận xét
B4: =Language!A785 -> QUALITY STRUCTURE/BASICS | C4: CƠ BẢN
A5: 4.1 | B5: =Language!A786 -> Is there a Quality Manual in place that conforms to ISO standards? (15189, 17025 or 9001)? | C5: Có Sổ tay chất lượng phù hợp với tiêu chuẩn ISO không? (15189, 17025 hoặc 9001)? | H5: =D5 -> 0 | I5: =IF(H5="Yes",1,IF(H5="No",0,"'")) -> '
A6: 4.2 | B6: =Language!A787 -> Does the lab have a formally designated Quality Officer or Manager? | C6: Phòng thí nghiệm có Cán bộ hoặc Quản lý Chất lượng được chỉ định chính thức không? | H6: =D6 -> 0 | I6: =IF(H6="Yes",1,IF(H6="No",0,"'")) -> '
A7: 4.3 | B7: =Language!A788 -> Is there a Quality Focal Point in bacteriology, in charge of collaboration with quality manager? | C7: Có Đầu mối Chất lượng trong vi khuẩn học, phụ trách cộng tác với người quản lý chất lượng không? | H7: =D7 -> 0 | I7: =IF(H7="Yes",1,IF(H7="No",0,"'")) -> '
A8: 4.4 | B8: =Language!A789 -> Is there documentation showing that the Quality Officers and Focal Points have received appropriate training in Quality Management Systems (QMS)? | C8: Có tài liệu nào cho thấy Cán bộ Chất lượng và Đầu mối đã được đào tạo thích hợp về Hệ thống Quản lý Chất lượng (QMS) không? | H8: =IF(D8=1,"Yes",IF(D8=2,"Some",IF(D8=3,"No","0"))) -> 0 | I8: =IF(H8="Yes",1,IF(H8="Some",0.5,IF(H8="No",0,"'"))) -> ' | J8: =IF(H8="No","Training Opportunity",IF(H8="Some","Training Opportunity","'")) -> '
B9: =Language!A790 -> 1: Yes - 2: Some, but would like additional training - 3: No training documented | C9: 1: Có - 2: Một số, nhưng muốn được đào tạo thêm - 3: Không có tài liệu đào tạo
A10: 4.5 | B10: =Language!A791 -> How often does a Supervisor or Quality Officer review Media QC, ID QC, and AST QC results? | C10: Bao lâu một Giám sát hoặc Cán bộ Chất lượng xem xét các kết quả QC của Media, ID QC và AST QC? | H10: =D10 -> 0 | I10: =IF(H10=1,1,IF(H10=2,0.5,IF(H10=0,"'",0))) -> '
B11: =Language!A792 -> 1: Weekly – 2: Monthly – 3: Sporadically – 4: Never | C11: 1: Hàng tuần - 2: Hàng tháng - 3: Không thường xuyên - 4: Không bao giờ
A12: 4.6 | B12: =Language!A793 -> Is there evidence that QC review is performed at the stated frequency? | C12: Có bằng chứng cho thấy việc xem xét QC được thực hiện với tần suất đã nêu không? | H12: =D12 -> 0 | I12: =IF(H12=1,1,IF(H12=2,0.5,IF(H12=3,0,"'"))) -> '
B13: =Language!A794 -> 1: Yes, for all QC results - 2: Yes, but only for some QC results - 3: No | C13: 1: Có, cho tất cả các kết quả QC - 2: Có, nhưng chỉ cho một số kết quả QC - 3: Không
A14: 4.7 | B14: =Language!A795 -> Is there documentation showing that the the Supervisor/Quality Officer received training on how to effectively troubleshoot QC failures? | C14: Có tài liệu cho thấy Giám sát viên / Cán bộ Chất lượng đã được đào tạo về cách khắc phục sự cố QC một cách hiệu quả không? | H14: =IF(D14=1,"Yes",IF(D14=2,"Some",IF(D14=3,"No","0"))) -> 0 | I14: =IF(H14="Yes",1,IF(H14="Some",0.5,IF(H14="No",0,"'"))) -> ' | J14: =IF(H14="No","Training Opportunity",IF(H14="Some","Training Opportunity","'")) -> '
B15: =Language!A796 -> 1: Yes - 2: Some, but would like additional training - 3: No training documented | C15: 1: Có - 2: Một số, nhưng muốn được đào tạo thêm - 3: Không có tài liệu đào tạo
A16: 4.8 | B16: =Language!A797 -> Does a Supervisor or qualified designee review positive culture results every day? | C16: Người giám sát hoặc người được chỉ định đủ điều kiện có đánh giá kết quả nuôi cấy tích cực hàng ngày không? | H16: =D16 -> 0 | I16: =IF(H16="Yes",1,IF(H16="No",0,"'")) -> '
A17: 4.9 | B17: =Language!A798 -> Are there written guidelines stating who is permitted to modify erroneous lab results after they have been reported? | C17: Có hướng dẫn bằng văn bản nêu rõ ai được phép sửa đổi các kết quả phòng thí nghiệm sai sót sau khi chúng đã được báo cáo không? | H17: =D17 -> 0 | I17: =IF(H17="Yes",1,IF(H17="No",0,"'")) -> '
A18: 4.10 | B18: =Language!A799 -> Who is permitted to modify erroneous lab results? | C18: Ai được phép sửa đổi các kết quả phòng thí nghiệm sai sót? | H18: =D18 -> 0 | I18: =IF(H18=1,1,IF(H18=0,"'",0)) -> '
B19: =Language!A800 -> 1: Supervisors and/or persons with supervisory permission - 2: All microbiologists | C19: 1: Người giám sát và / hoặc người được phép giám sát - 2: Tất cả các nhà vi sinh vật
A20: 4.11 | B20: =Language!A801 -> When corrections to patient results are made, what is done with the erroneous result? | C20: Khi hiệu chỉnh kết quả của bệnh nhân được thực hiện, điều gì được thực hiện với kết quả sai sót? | H20: =D20 -> 0 | I20: =IF(H20=1,1,IF(H20=0,"'",0)) -> '
B21: =Language!A802 -> 1: Erroneous results remain in place but are amended to reflect that they are erroneous - 2: Erroneous results are deleted from the record - 3: Other(explain in comments) | C21: 1: Các kết quả sai sót vẫn giữ nguyên nhưng được sửa đổi để phản ánh rằng chúng có sai sót - 2: Các kết quả sai sót bị xóa khỏi hồ sơ - 3: Khác (giải thích trong nhận xét)
B23: =Language!A803 -> LABORATORY STAFF EDUCATION/TRAINING/COMPETENCY | C23: ĐÀO TẠO / NĂNG LỰC NHÂN VIÊN
A24: 4.12 | B24: =Language!A804 -> Does at least 50% of the technical staff possess formal education in microbiology or medical laboratory science? (Refer to the figure in column D) | C24: Có ít nhất 50% nhân viên kỹ thuật được đào tạo chính quy về vi sinh hoặc khoa học phòng thí nghiệm y tế không? (Tham khảo hình ở cột D) | E24: ='General-0.'!D136 -> #DIV/0! | H24: =D24 -> 0 | I24: =IF(H24="Yes",1,IF(H24="No",0,"'")) -> ' | J24: =IF(D24="No","System Flag","'") -> '
A25: 4.13 | B25: =Language!A805 -> Is the lab sufficiently staffed to provide high quality services? (Including support staff.) | C25: Phòng thí nghiệm có đủ nhân viên để cung cấp các dịch vụ chất lượng cao không? (Bao gồm cả nhân viên hỗ trợ.) | H25: =D25 -> 0 | I25: =IF(H25="Yes",1,IF(H25="No",0,"'")) -> ' | J25: =IF(D25="No","System Flag","'") -> '
A26: 4.14 | B26: =Language!A806 -> Does the lab have a standardized process for training new employees? | C26: Phòng thí nghiệm có quy trình chuẩn hóa để đào tạo nhân viên mới không? | H26: =D26 -> 0 | I26: =IF(H26="Yes",1,IF(H26="No",0,"'")) -> '
A27: 4.15 | B27: =Language!A807 -> Does the lab have up-to-date documentation showing which benches & tests each staff member has been trained on and approved to work independently? (Review such records) | C27: Phòng thí nghiệm có tài liệu cập nhật cho thấy mỗi nhân viên đã được đào tạo và cho phép làm việc độc lập & bài kiểm tra nào không? (Xem lại hồ sơ ghi nhận) | H27: =D27 -> 0 | I27: =IF(H27="Yes",1,IF(H27="No",0,"'")) -> '
B28: =Language!A808 -> Do records demonstrate that lab staff receive annual competency assessments for each of the following? (Review competency records, select N/A if not on lab's test menu) | C28: Hồ sơ có chứng minh rằng nhân viên phòng thí nghiệm nhận được đánh giá năng lực hàng năm cho mỗi điều sau đây không? (Xem lại hồ sơ năng lực, chọn N / A nếu không có trong menu kiểm tra của phòng thí nghiệm)
A29: 4.16 | B29: =Language!A809 -> Blood culture | C29: Cây mau | H29: =D29 -> 0 | I29: =IF(H29="Yes",1,IF(H29="No",0,"'")) -> '
A30: 4.17 | B30: =Language!A810 -> Urine culture | C30: Cấy nước tiểu | H30: =D30 -> 0 | I30: =IF(H30="Yes",1,IF(H30="No",0,"'")) -> '
A31: 4.18 | B31: =Language!A811 -> Stool culture | C31: Cấy phân | H31: =D31 -> 0 | I31: =IF(H31="Yes",1,IF(H31="No",0,"'")) -> '
A32: 4.19 | B32: =Language!A812 -> Respiratory culture (non-TB) | C32: Nuôi cấy đường hô hấp (không lao) | H32: =D32 -> 0 | I32: =IF(H32="Yes",1,IF(H32="No",0,"'")) -> '
A33: 4.20 | B33: =Language!A813 -> Wound culture | C33: Nuôi cấy vết thương | H33: =D33 -> 0 | I33: =IF(H33="Yes",1,IF(H33="No",0,"'")) -> '
A34: 4.21 | B34: =Language!A814 -> Cerebrospinal Fluid Cultures | C34: Nuôi cấy dịch não tủy | H34: =D34 -> 0 | I34: =IF(H34="Yes",1,IF(H34="No",0,"'")) -> '
A35: 4.22 | B35: =Language!A815 -> Sterile Body Fluid Cultures | C35: Nuôi cấy dịch cơ thể vô trùng | H35: =D35 -> 0 | I35: =IF(H35="Yes",1,IF(H35="No",0,"'")) -> '
A36: 4.23 | B36: =Language!A816 -> Antibiotic Susceptibility Testing | C36: Thử nghiệm tính nhạy cảm với kháng sinh | H36: =D36 -> 0 | I36: =IF(H36="Yes",1,IF(H36="No",0,"'")) -> '
B37: =Language!A817 -> Standard: Newly hired lab staff should be assessed for competency before performing independent duties and again within six months. All lab staff should be regularly assessed for testing competency at least once a year. Staff assigned to a new section should be assessed before fully assuming independent duties. When deficiencies are noted, retraining and reassessment should be planned and documented. If the employee’s competency remains below standard, further action might include supervisory review of work, re-assignment of duties, or other appropriate actions. Records of competency assessments and resulting actions should be retained in personnel files and/or quality records. Records should show which skills were assessed, how those skills were measured, and who performed the assessment. | C37: Tiêu chuẩn: Nhân viên phòng thí nghiệm mới được tuyển phải được đánh giá năng lực trước khi thực hiện các nhiệm vụ độc lập và một lần nữa trong vòng sáu tháng. Tất cả nhân viên phòng thí nghiệm phải được đánh giá thường xuyên để kiểm tra năng lực ít nhất mỗi năm một lần. Nhân viên được giao cho một bộ phận mới nên được đánh giá trước khi đảm nhận đầy đủ các nhiệm vụ độc lập. Khi những thiếu sót được ghi nhận, việc đào tạo lại và đánh giá lại nên được lập kế hoạch và lập thành văn bản. Nếu năng lực của nhân viên vẫn dưới mức tiêu chuẩn, hành động tiếp theo có thể bao gồm giám sát đánh giá công việc, phân công lại nhiệm vụ hoặc các hành động thích hợp khác. Hồ sơ đánh giá năng lực và các hành động kết quả cần được lưu giữ trong hồ sơ nhân sự và / hoặc hồ sơ chất lượng. Hồ sơ cần cho thấy những kỹ năng nào được đánh giá, cách đo lường những kỹ năng đó và ai là người thực hiện đánh giá.
B39: =Language!A818 -> TOUBLESHOOTING, PROBLEM SOLVING, AND ROOT CAUSE ANALYSES | C39: XỬ LÝ SỰ CỐ, GIẢI QUYẾT VẤN ĐỀ VÀ PHÂN TÍCH NGUYÊN NHÂN
A40: 4.24 | B40: =Language!A819 -> Is a root cause analysis performed when unacceptable QC results are obtained? (Request to see a recent example) | C40: Phân tích nguyên nhân gốc rễ có được thực hiện khi thu được kết quả QC không được chấp nhận không? (Yêu cầu xem một ví dụ gần đây) | H40: =D40 -> 0 | I40: =IF(H40="Yes",1,IF(H40="No",0,"'")) -> '
A41: 4.25 | B41: =Language!A820 -> Is corrective action based on the findings of the root cause analysis documented? | C41: Hành động khắc phục có dựa trên những phát hiện của phân tích nguyên nhân gốc rễ không? | H41: =D41 -> 0 | I41: =IF(H41="Yes",1,IF(H41="No",0,"'")) -> '
A42: 4.26 | B42: =Language!A821 -> Is there evidence the supervisor or Quality Officer has received adequate training on how to perform root-cause analysis of QC failures? | C42: Có bằng chứng rằng người giám sát hoặc Cán bộ chất lượng đã được đào tạo đầy đủ về cách thực hiện phân tích nguyên nhân gốc rễ của các lỗi QC không? | H42: =IF(D42=1,"Yes",IF(D42=2,"Some",IF(D42=3,"No","0"))) -> 0 | I42: =IF(H42="Yes",1,IF(H42="Some",0.75,IF(H42="No",0,"'"))) -> ' | J42: =IF(H42="No","Training Opportunity",IF(H42="Some","Training Opportunity","'")) -> '
B43: =Language!A822 -> 1: Yes - 2: Some, but would like additional training - 3: No | C43: 1: Có - 2: Một số, nhưng muốn được đào tạo thêm - 3: Không
A44: 4.27 | B44: =Language!A823 -> Are patient results reported if QC of media, ID method, or AST method was not performed? | C44: Kết quả của bệnh nhân có được báo cáo nếu QC của phương tiện, phương pháp ID hoặc phương pháp AST không được thực hiện không? | H44: =D44 -> 0 | I44: =IF(H44="No",1,IF(H44="Yes",0,"'")) -> ' | J44: =IF(D44="Yes","Red Flag","'") -> '
A45: 4.28 | B45: =Language!A824 -> Are patient results reported if QC of media, ID method, or AST method failed to produce acceptable results? | C45: Kết quả của bệnh nhân có được báo cáo nếu QC của phương tiện, phương pháp ID hoặc phương pháp AST không cho kết quả chấp nhận được không? | H45: =D45 -> 0 | I45: =IF(H45="No",1,IF(H45="Yes",0,"'")) -> ' | J45: =IF(D45="Yes","Red Flag","'") -> '
A46: 4.29 | B46: =Language!A825 -> Is there evidence that the lab troubleshoots unacceptable QC results for media, reagents, ID systems and AST methods? | C46: Có bằng chứng cho thấy phòng thí nghiệm khắc phục sự cố kết quả QC không được chấp nhận đối với phương tiện, thuốc thử, hệ thống ID và phương pháp AST không? | H46: =D46 -> 0 | I46: =IF(H46="Yes",1,IF(H46="No",0,"'")) -> '
A47: 4.30 | B47: =Language!A826 -> If automated instruments are used for ID, (e.g., Vitek, Phoenix, Microscan) is there user manual or SOP that describes how to troubleshoot instrument failures? | C47: Nếu các công cụ tự động được sử dụng cho ID, (ví dụ: Vitek, Phoenix, Microscan) thì có hướng dẫn sử dụng hoặc SOP mô tả cách khắc phục lỗi thiết bị không? | H47: =D47 -> 0 | I47: =IF(H47="Yes",1,IF(H47="No",0,"'")) -> '
B48: =Language!A827 -> Check NA if lab does not use automated instrument | C48: Ghi là NA nếu phòng thí nghiệm không sử dụng thiết bị tự động
B50: =Language!A828 -> EXTERNAL QUALITY ASSESSMENT (EQA) | C50: NGOẠI KIỂM
A51: 4.31 | B51: =Language!A829 -> How many times per year does the lab currently receive EQA/PT challenges that include both bacterial identification & AST? (Please do not include challenges designed to focus on a single organism, e.g., TB or N.gonorrhoeae) | C51: Phòng thí nghiệm hiện nhận được bao nhiêu lần mỗi năm các đợt ngoại kiểm EQA / PT bao gồm cả xác định vi khuẩn & AST? (Vui lòng không bao gồm các ngoại kiểm được thiết kế để tập trung vào một sinh vật đơn lẻ, ví dụ: TB hoặc N.gonorrhoeae) | H51: =D51 -> 0 | I51: =IF(H51=3,1,IF(H51=2,0.75,IF(H51=1,0.5,IF(H51=4,0,"'")))) -> ' | J51: =IF(D51=4,"System Flag","'") -> '
B52: =Language!A830 -> 1: One time per year; 2: Two times per year; 3: Three times per year or more; 4: Zero (if zero, please answer the next question, then skip to next section) | C52: 1: Một lần mỗi năm; 2: Hai lần mỗi năm; 3: Ba lần mỗi năm hoặc nhiều hơn; 4: Không (nếu không, vui lòng trả lời câu hỏi tiếp theo, sau đó chuyển sang phần tiếp theo)
A53: 4.32 | B53: =Language!A831 -> If the lab does not participate in an EQA program, what is the reason? (Informational, not scored) | C53: Nếu phòng thí nghiệm không tham gia vào chương trình EQA, lý do là gì? (Thông tin, không cho điểm)
A54: 4.33 | B54: =Language!A832 -> Is the EQA/PT provider ISO-17043 accredited? | C54: Nhà cung cấp EQA / PT có được công nhận ISO-17043 không? | H54: =D54 -> 0 | I54: =IF(H54="Yes",1,IF(H54="No",0,"'")) -> '
B55: =Language!A833 -> Please list provider in comments | C55: Vui lòng liệt kê nhà cung cấp trong phần bình luận
A56: 4.34 | B56: =Language!A834 -> Are the test methods used on EQA isolates the same as the test methods used for routine patient isolates? | C56: Các phương pháp thử nghiệm được sử dụng trên các chủng EQA có giống với các phương pháp thử nghiệm được sử dụng cho các chủng bệnh nhân thường quy không? | H56: =D56 -> 0 | I56: =IF(H56="Yes",1,IF(H56="No",0,"'")) -> '
A57: 4.35 | B57: =Language!A835 -> Does the lab ever perform additional testing on an EQA isolate compared to what would be performed on a typical patient isolate? | C57: Phòng thí nghiệm có bao giờ thực hiện thử nghiệm bổ sung trên một chủng EQA so với những gì sẽ được thực hiện trên một chủng bệnh nhân điển hình không? | H57: =D57 -> 0 | I57: =IF(H57="Yes",0,IF(H57="No",1,"'")) -> '
A58: 4.36 | B58: =Language!A836 -> Does the lab ever send EQA isolates to another lab for confirmation before submitting results? | C58: Phòng thí nghiệm có bao giờ gửi chủng phân lập từ chương trình EQA đến một phòng thí nghiệm khác để xác nhận trước khi gửi kết quả không? | H58: =D58 -> 0 | I58: =IF(H58="Yes",0,IF(H58="No",1,"'")) -> '
A59: 4.37 | B59: =Language!A837 -> Does the lab ever call another lab to ask what their EQA result was before submitting results? | C59: Phòng thí nghiệm có bao giờ gọi đến một phòng thí nghiệm khác để hỏi kết quả EQA của họ trước khi gửi kết quả không? | H59: =D59 -> 0 | I59: =IF(H59="Yes",0,IF(H59="No",1,"'")) -> '
A60: 4.38 | B60: =Language!A838 -> Are PT/EQA specimens tested by the same staff performing patient testing? (Look for evidence that all staff participate in the challenges, not only supervisors or senior staff) | C60: Các mẫu PT / EQA có được xét nghiệm bởi cùng một nhân viên thực hiện xét nghiệm bệnh nhân không? (Tìm kiếm bằng chứng cho thấy tất cả nhân viên đều tham gia vào các thử thách, không chỉ người giám sát hoặc nhân viên cấp cao) | H60: =D60 -> 0 | I60: =IF(H60="Yes",1,IF(H60="No",0,"'")) -> '
A61: 4.39 | B61: =Language!A839 -> On average, how long does the lab have to wait before receiving the results of their PT/EQA performance? | C61: Trung bình, phòng thí nghiệm phải đợi bao lâu trước khi nhận được kết quả về hiệu suất PT / EQA của họ? | H61: =D61 -> 0 | I61: =IF(H61=1,1,IF(H61=2,0.5,IF(H61=0,"'",0))) -> ' | J61: =IF(H61=2,"System Flag",IF(H61=3,"System Flag","'")) -> '
B62: =Language!A840 -> 1: Less than 2 months; 2: 2 – 6 months; 3: More than 6 months; NA: no EQA | C62: 1: Dưới 2 tháng; 2: 2 - 6 tháng; 3: Hơn 6 tháng; NA: không có EQA
A63: 4.40 | B63: =Language!A841 -> Review the 3 most recent EQA challenges for organism identification. On how many did the lab score >80%? | C63: Xem lại 3 đợt EQA gần đây nhất để xác định sinh vật. Có bao nhiêu điểm phòng thí nghiệm đạt> 80%? | H63: =D63 -> 0 | I63: =IF(H63=3,1,IF(H63=2,0.75,IF(H63=1,0.33,IF(H63="None",0,"'")))) -> '
B64: =Language!A842 -> If scores are not made available to review, select "None" | C64: Nếu điểm không có sẵn để xem xét, hãy chọn "Không có"
A65: 4.41 | B65: =Language!A843 -> Review the 3 most recent EQA challenges for AST. On how many did the lab score >80%? | C65: Xem lại 3 thử thách EQA gần đây nhất cho AST. Có bao nhiêu điểm phòng thí nghiệm đạt> 80%? | H65: =D65 -> 0 | I65: =IF(H65=3,1,IF(H65=2,0.75,IF(H65=1,0.33,IF(H65="None",0,"'")))) -> '
B66: =Language!A844 -> If scores are not made available to review, select "None" | C66: Nếu điểm không có sẵn để xem xét, hãy chọn "Không có"
A67: 4.42 | B67: =Language!A845 -> Is a root cause analysis performed when unacceptable PT/EQA results are obtained? (Request to see a recent example) | C67: Phân tích nguyên nhân gốc rễ có được thực hiện khi thu được kết quả PT / EQA không được chấp nhận không? (Yêu cầu xem một ví dụ gần đây) | H67: =D67 -> 0 | I67: =IF(H67="Yes",1,IF(H67="No",0,"'")) -> '
A68: 4.43 | B68: =Language!A846 -> Is corrective action based on the findings of the root cause analysis documented? | C68: Hành động khắc phục có dựa trên những phát hiện của phân tích nguyên nhân gốc rễ không? | H68: =D68 -> 0 | I68: =IF(H68="Yes",1,IF(H68="No",0,"'")) -> '
A69: 4.44 | B69: =Language!A847 -> Is there evidence the supervisor or Quality Officer has received adequate training on how to perform root-cause analysis for EQA failures? | C69: Có bằng chứng nào cho thấy người giám sát hoặc Cán bộ chất lượng đã được đào tạo đầy đủ về cách thực hiện phân tích nguyên nhân gốc rễ đối với các lỗi EQA không? | H69: =IF(D69=1,"Yes",IF(D69=2,"Some",IF(D69=3,"No","0"))) -> 0 | I69: =IF(H69="Yes",1,IF(H69="Some",0.75,IF(H69="No",0,"'"))) -> ' | J69: =IF(H69="No","Training Opportunity",IF(H69="Some","Training Opportunity","'")) -> '
B70: =Language!A848 -> 1: Yes - 2: Some, but would like additional training - 3: No | C70: 1: Có - 2: Một số, nhưng muốn được đào tạo thêm - 3: Không
A71: 4.45 | B71: =Language!A849 -> Is laboratory leadership notified of all unacceptable EQA results as soon as they are received? | C71: Ban lãnh đạo phòng thí nghiệm có được thông báo về tất cả các kết quả EQA không được chấp nhận ngay khi nhận được không? | H71: =D71 -> 0 | I71: =IF(H71="Yes",1,IF(H71="No",0,"'")) -> '

Sheet Media QC-5.
B1: DRAFT DOCUMENT, Shared for piloting purposes only | C1: TÀI LIỆU DỰ THẢO, Chỉ được chia sẻ cho mục đích thí điểm
B2: =Language!A850 -> 5- MEDIA PREPARATION AND QUALITY CONTROL | C2: 5- ĐIỀU CHẾ MÔI TRƯỜNG VÀ KIỂM SOÁT CHẤT LƯỢNG | F2: ='Facility-1.'!F2 -> Comments/ Nhận xét
B4: =Language!A851 -> MEDIA PREPARATION SOPs | C4: SOP CHUẨN BỊ MÔI TRƯỜNG
A5: 5.1 | B5: =Language!A852 -> Are media-specific SOPs in place for each type of media reconstituted in house? | C5: Các SOP dành riêng cho MÔI TRƯỜNG có được áp dụng cho từng loại MÔI TRƯỜNG được hoàn nguyên trong nhà không? | H5: =D5 -> 0 | I5: =IF(H5="Yes",1,IF(H5="No",0,"'")) -> '
B6: =Language!A853 -> Do all media preparation records including the following? | C6: Có tất cả các hồ sơ chuẩn bị MÔI TRƯỜNG bao gồm những điều sau đây không? | H6: =D6 -> 0
A7: 5.2 | B7: =Language!A854 -> Name of media | C7: Tên MÔI TRƯỜNG | H7: =D7 -> 0 | I7: =IF(H7="Yes",1,IF(H7="No",0,"'")) -> '
A8: 5.3 | B8: =Language!A855 -> Date of preparation | C8: Ngày chuẩn bị | H8: =D8 -> 0 | I8: =IF(H8="Yes",1,IF(H8="No",0,"'")) -> '
A9: 5.4 | B9: =Language!A856 -> Batch number | C9: Số lô | H9: =D9 -> 0 | I9: =IF(H9="Yes",1,IF(H9="No",0,"'")) -> '
A10: 5.5 | B10: =Language!A857 -> Quantity made | C10: Số lượng thực hiện | H10: =D10 -> 0 | I10: =IF(H10="Yes",1,IF(H10="No",0,"'")) -> '
A11: 5.6 | B11: =Language!A858 -> pH | C11: độ pH | H11: =D11 -> 0 | I11: =IF(H11="Yes",1,IF(H11="No",0,"'")) -> '
A12: 5.7 | B12: =Language!A859 -> Name of preparer | C12: Tên người chuẩn bị | H12: =D12 -> 0 | I12: =IF(H12="Yes",1,IF(H12="No",0,"'")) -> '
A13: 5.8 | B13: =Language!A860 -> Expiration Date | C13: Ngày hết hạn | H13: =D13 -> 0 | I13: =IF(H13="Yes",1,IF(H13="No",0,"'")) -> '
B14: =Language!A861 -> Observe the media reconstituted in house, is each batch clearly labeled with the following? | C14: Quan sát môi trường điều chế tạ chỗ, mỗi lô có ghi nhãn rõ ràng như sau không? | H14: =D14 -> 0
A15: 5.9 | B15: =Language!A862 -> Name of media | C15: Tên MÔI TRƯỜNG | H15: =D15 -> 0 | I15: =IF(H15="Yes",1,IF(H15="No",0,"'")) -> '
A16: 5.10 | B16: =Language!A863 -> Date of preparation | C16: Ngày chuẩn bị | H16: =D16 -> 0 | I16: =IF(H16="Yes",1,IF(H16="No",0,"'")) -> '
A17: 5.11 | B17: =Language!A864 -> Expiration date | C17: Ngày hết hạn | H17: =D17 -> 0 | I17: =IF(H17="Yes",1,IF(H17="No",0,"'")) -> '
A18: 5.12 | B18: =Language!A865 -> Date opened | C18: Ngày mở hộp | H18: =D18 -> 0 | I18: =IF(H18="Yes",1,IF(H18="No",0,"'")) -> '
H19: =D19 -> 0
B20: =Language!A866 -> GENERAL MEDIA PREPARATION | C20: ĐIỀU CHẾ MÔI TRƯỜNG- NỘI DUNG CHUNG | H20: =D20 -> 0
A21: 5.13 | B21: =Language!A867 -> Is media prepared in a separate room, apart from the room where specimens and cultures are processed? | C21: Môi trường có được chuẩn bị trong một phòng riêng biệt, ngoài phòng mà mẫu vật và dịch cấy được xử lý không? | H21: =D21 -> 0 | I21: =IF(H21="Yes",1,IF(H21="No",0,"'")) -> '
A22: 5.14 | B22: =Language!A868 -> Is media prepared in a clean room? | C22: MÔI TRƯỜNG MÔI TRƯỜNG có được chuẩn bị trong phòng sạch không? | H22: =D22 -> 0 | I22: =IF(H22="Yes",1,IF(H22="No",0,"'")) -> '
A23: 5.15 | B23: =Language!A869 -> Is deionized water (DI) or distilled water used to prepare all media? | C23: Nước khử ion (DI) hay nước cất có được sử dụng để chuẩn bị tất cả các MÔI TRƯỜNG MÔI TRƯỜNG không? | H23: =D23 -> 0 | I23: =IF(H23="Yes",1,IF(H23="No",0,"'")) -> '
A24: 5.16 | B24: =Language!A870 -> Are the media suspensions mixed with a magnetic stir bar while boiling? | C24: Hỗn dịch môi trường có được trộn lẫn với thanh khuấy từ khi đang sôi không? | H24: =D24 -> 0 | I24: =IF(H24="Yes",1,IF(H24="No",0,"'")) -> '
A25: 5.17 | B25: =Language!A871 -> Is the dissolved suspension autoclaved in a clean autoclave at 15 psi, 121°C, for 15 minutes? | C25: Hỗn dịch hòa tan có được hấp tiệt trùng trong nồi hấp sạch ở 15 psi, 121 ° C, trong 15 phút không? | H25: =D25 -> 0 | I25: =IF(H25="Yes",1,IF(H25="No",0,"'")) -> '
A26: 5.18 | B26: =Language!A872 -> Is the autoclaved suspension cooled to 45-50°C before adding additional compounds (e.g. blood)? | C26: Hỗn dịch hấp tiệt trùng có được làm nguội đến 45-50 ° C trước khi thêm các hợp chất bổ sung (ví dụ như máu) không? | H26: =D26 -> 0 | I26: =IF(H26="Yes",1,IF(H26="No",0,"'")) -> '
A27: 5.19 | B27: =Language!A873 -> What is the source of the blood used to make the blood agar, chocolate, and/or MHB plates? | C27: Nguồn máu được sử dụng để tạo đĩa thạch máu, sô cô la và / hoặc MHB là gì? | H27: =D27 -> 0 | I27: =IF(H27=1,1,IF(H27=2,0,IF(H27=3,0,"'"))) -> '
B28: =Language!A874 -> 1: Sheep’s blood - 2: Human blood (e.g., from expired packed cells) - 3: Other source (please describe in comments) | C28: 1: Máu cừu - 2: Máu người (ví dụ: từ các tế bào đóng gói đã hết hạn sử dụng) - 3: Nguồn khác (vui lòng mô tả trong phần nhận xét) | H28: =D28 -> 0
A29: 5.20 | B29: =Language!A875 -> Is the pH recorded for all media prepared in house? | C29: Độ pH có được ghi lại cho tất cả các môi trường được chuẩn bị trong nhà không? | H29: =D29 -> 0 | I29: =IF(H29="Yes",1,IF(H29="No",0,"'")) -> '
A30: 5.21 | B30: =Language!A876 -> Is all prepared media stored at 2-8°C until use? | C30: Tất cả MÔI TRƯỜNG đã chuẩn bị có được bảo quản ở 2-8 ° C cho đến khi sử dụng không? | H30: =D30 -> 0 | I30: =IF(H30="Yes",1,IF(H30="No",0,"'")) -> '
A31: 5.22 | B31: =Language!A877 -> Are plates are stored inside bags/sleeves to avoid dehydration? | C31: Đĩa có được cất trong túi / gói kín để tránh mất nước không? | H31: =D31 -> 0 | I31: =IF(H31="Yes",1,IF(H31="No",0,"'")) -> '
H32: =D32 -> 0
B33: =Language!A878 -> DISTILLED/DEIONIZED WATER PREPARATION | C33: ĐIỀU CHẾỊ NƯỚC CẤT | H33: =D33 -> 0
B34: =Language!A879 -> If the lab or facility produces it's own distilled or deionized water, are QC records present for the following? | C34: Nếu phòng thí nghiệm hoặc cơ sở sản xuất nước cất hoặc nước khử ion của riêng mình, hồ sơ QC có phù hợp với những điều sau đây không? | H34: =D34 -> 0
A35: 5.23 | B35: =Language!A880 -> Conductimetry | C35: Conductimetry | H35: =D35 -> 0 | I35: =IF(H35="Yes",1,IF(H35="No",0,"'")) -> '
A36: 5.24 | B36: =Language!A881 -> pH | C36: độ pH | H36: =D36 -> 0 | I36: =IF(H36="Yes",1,IF(H36="No",0,"'")) -> '
A37: 5.25 | B37: =Language!A882 -> Sterility | C37: Vô trùng | H37: =D37 -> 0 | I37: =IF(H37="Yes",1,IF(H37="No",0,"'")) -> '
A38: 5.26 | B38: =Language!A883 -> If the lab purchases distilled or deionized water, does it come with a Certificate of Analysis demonstrating proper pH, sterility and conductimetry? | C38: Nếu phòng thí nghiệm mua nước cất hoặc nước khử ion, nó có đi kèm với Giấy chứng nhận phân tích chứng minh độ pH, độ vô trùng và đo thời gian dẫn thích hợp không? | H38: =D38 -> 0 | I38: =IF(H38="Yes",1,IF(H38="No",0,"'")) -> '
H39: =D39 -> 0
B40: =Language!A884 -> ROUTINE MEDIA QC | C40: QC MÔI TRƯỜNG | H40: =D40 -> 0
A41: 5.27 | B41: =Language!A885 -> Are new batches of media checked for sterility by incubating a portion of un-inoculated plates? | C41: Các lô môi trường mới có được kiểm tra độ vô trùng bằng cách ủ một phần các đĩa chưa cấy không? | H41: =D41 -> 0 | I41: =IF(H41="Yes",1,IF(H41="No",0,"'")) -> '
A42: 5.28 | B42: =Language!A886 -> Are media quality controlled by using ATCC or ATCC-derivative strains? | C42: Chất lượng môi trường có được kiểm soát bằng cách sử dụng chủng ATCC hoặc các chủng dẫn xuất ATCC không? | H42: =D42 -> 0 | I42: =IF(H42=1,1,IF(H42=2,0.5,IF(H42=3,0,"'"))) -> '
B43: =Language!A887 -> 1: All - 2: Some - 3: None | C43: 1: Tất cả - 2: Một số - 3: Không có | H43: =D43 -> 0
A44: 5.29 | B44: =Language!A888 -> Do records demonstrate that QC is performed on each newly reconstituted batch or newly received lot number/shipment of media? | C44: Hồ sơ có chứng minh rằng QC được thực hiện trên mỗi lô mới điều chế hoặc số lô / lô hàng MÔI TRƯỜNG MÔI TRƯỜNG mới nhận được không? | H44: =D44 -> 0 | I44: =IF(H44="Yes",1,IF(H44="No",0,"'")) -> '
A45: 5.30 | B45: =Language!A889 -> Do QC records for blood agar plates demonstrate that they are checked for their ability to support growth of fastidious organisms such as Streptococcus pneumoniae? | C45: Hồ sơ QC cho đĩa thạch máu có chứng minh rằng chúng được kiểm tra khả năng hỗ trợ sự phát triển của các sinh vật khó mọc như Streptococcus pneumoniae không? | H45: =D45 -> 0 | I45: =IF(H45="Yes",1,IF(H45="No",0,"'")) -> '
A46: 5.31 | B46: =Language!A890 -> Do QC records for blood agar plates demonstrate that they are checked for their ability to show beta, alpha, and gamma hemolysis? | C46: Hồ sơ QC cho các đĩa thạch máu có chứng minh rằng chúng được kiểm tra khả năng biểu hiện tán huyết beta, alpha và gamma không? | H46: =D46 -> 0 | I46: =IF(H46="Yes",1,IF(H46="No",0,"'")) -> '
A47: 5.32 | B47: =Language!A891 -> Do QC records for chocolate agar plates demonstrate that they are checked for their ability to support the growth of fastidious organisms, such as Neisseria gonorrhoeae or H.influenzae? | C47: Hồ sơ QC cho đĩa thạch sô cô la có chứng minh rằng chúng được kiểm tra khả năng hỗ trợ sự phát triển của các sinh vật khó tính, chẳng hạn như Neisseria gonorrhoeae hoặc H.influenzae không? | H47: =D47 -> 0 | I47: =IF(H47="Yes",1,IF(H47="No",0,"'")) -> '
A48: 5.33 | B48: =Language!A892 -> MacConkey (MAC) and Eosin methylene blue (EMB) agars contain bile salts and/or dyes that are toxic for Gram positive bacteria when made properly. Do QC records for MAC and/or EMB plates demonstrate that each batch/lot is challenged using a Gram positive organism? | C48: Thạch MacConkey (MAC) và Eosin xanh methylen (EMB) chứa muối mật và / hoặc hóa chất có gây ức chế cho vi khuẩn Gram dương . Hồ sơ QC cho đĩa MAC và / hoặc EMB có chứng minh rằng mỗi lô / lô được QC sử dụng vi sinh vật Gram dương không? | H48: =D48 -> 0 | I48: =IF(H48="Yes",1,IF(H48="No",0,"'")) -> '
A49: 5.34 | B49: =Language!A893 -> Dyes and pH indicators in MAC and EMB plates provide a color indicator to distinguish between lactose fermenting (LF) and non-lactose fermenting (NLF) Gram negative organisms. Do QC records for MAC and/or EMB plates demonstrate that each batch/lot is challenged using both LF and NLF organisms? | C49: Thuốc nhuộm và chỉ thị pH trong đĩa MAC và EMB cung cấp chất chỉ thị màu để phân biệt giữa các sinh vật Gram âm lên men lactose (LF) và không lên men lactose (NLF). Hồ sơ QC cho đĩa MAC và / hoặc EMB có chứng minh rằng mỗi lô / lô được thử thách khi sử dụng cả sinh vật LF và NLF không? | H49: =D49 -> 0 | I49: =IF(H49="Yes",1,IF(H49="No",0,"'")) -> '
A50: 5.35 | B50: =Language!A894 -> Do QC records for selective stool agar plates (e.g. XLD, SS, HE) demonstrate that they are checked for their ability to suppress the growth of Gram positive organisms? | C50: Hồ sơ QC cho các đĩa thạch chọn lọc (ví dụ: XLD, SS, HE) có chứng minh rằng chúng được kiểm tra khả năng ngăn chặn sự phát triển của vi sinh vật Gram dương không? | H50: =D50 -> 0 | I50: =IF(H50="Yes",1,IF(H50="No",0,"'")) -> '
A51: 5.36 | B51: =Language!A895 -> Do QC records for selective stool agar plates demonstrate that they are checked for their ability to make H2S (hydrogen sulfide) production visible using an H2S producing organism, such as Salmonella spp or Proteus vulgaris? | C51: Hồ sơ QC cho các đĩa thạch chọn lọc có chứng minh rằng chúng được kiểm tra khả năng tạo ra H2S (hydro sulfua) bằng cách sử dụng sinh vật tạo H2S, chẳng hạn như Salmonella spp hoặc Proteus vulgaris không? | H51: =D51 -> 0 | I51: =IF(H51="Yes",1,IF(H51="No",0,"'")) -> '
A52: 5.37 | B52: =Language!A896 -> Do QC records for selective stool agar plates demonstrate that they are checked for their ability to make the acid byproducts of carbohydrate fermentation visible using both fermenters and nonfermenters? | C52: Hồ sơ QC cho các đĩa thạch chọn lọc có chứng minh rằng chúng được kiểm tra khả năng tạo ra các sản phẩm phụ axit của quá trình lên men carbohydrate bằng cách sử dụng cả chất lên men và chất không lên men không? | H52: =D52 -> 0 | I52: =IF(H52="Yes",1,IF(H52="No",0,"'")) -> '
B53: =Language!A897 -> Standard: CAP MIC.21300; SANAS TG 28-02: 6.1 The suitable performance of culture media, diluents, and other suspensions prepared in-house should be checked, where relevant, with regard to recovery or survival maintenance of target organisms, inhibition or suppression of non-target organisms, biochemical (differential and diagnostic) properties, physical properties (e.g. pH, volume, and sterility). | C53: Tiêu chuẩn: CAP MIC.21300; SANAS TG 28-02: 6.1 Phải kiểm tra tính năng phù hợp của môi trường nuôi cấy, chất pha loãng và các huyền phù khác được chuẩn bị trong nhà, nếu có liên quan, liên quan đến việc phục hồi hoặc duy trì sự sống của các sinh vật đích, ức chế hoặc đàn áp các sinh vật không phải mục tiêu, các đặc tính sinh hóa (phân biệt và chẩn đoán), đặc tính vật lý (ví dụ: pH, thể tích và độ vô trùng). | H53: =D53 -> 0
H54: =D54 -> 0
B55: =Language!A898 -> MULLER HINTON MEDIA PREPARATION AND QC | C55: ĐIỀU CHẾ VÀ QC MÔI TRƯỜNG MULLER HINTON | H55: =D55 -> 0
B56: =Language!A899 -> Examine the lab’s Mueller Hinton plates and SOP for the following: | C56: Kiểm tra các đĩa Mueller Hinton và SOP của phòng thí nghiệm để tìm những điểm sau: | H56: =D56 -> 0
A57: 5.38 | B57: =Language!A900 -> Does the dehydrated Mueller Hinton Agar (dHMA) meet ISO 16782 (CLSI M6) standards? (Low thymine/thymidine content, not supplemented with Mg++ or Ca++ cations) | C57: Bột khô Mueller Hinton Agar (dHMA) có đáp ứng tiêu chuẩn ISO 16782 (CLSI M6) không? (Hàm lượng thymine / thymidine thấp, không bổ sung các cation Mg ++ hoặc Ca ++) | H57: =D57 -> 0 | I57: =IF(H57="Yes",1,IF(H57="No",0,"'")) -> '
A58: 5.39 | B58: =Language!A901 -> Does the lab add calcium or magnesium cations to dMHA? PXN có bổ sung cation canxi hoặc magie vào thạch dMHA không? | C58: Phòng thí nghiệm có thêm cation canxi hoặc magiê vào dMHA không? | H58: =D58 -> 0 | I58: =IF(H58="No",1,IF(H58="Yes",0,"'")) -> '
A59: 5.40 | B59: =Language!A902 -> Immediately after autoclaving, is agar allowed to cool in a 45° - 50°C water bath? Ngay sau khi autoclave, thạch có được làm nguội trong bồn nước ở nhiệt độ 45° - 50°C không? | C59: Ngay sau khi hấp, thạch có được để nguội trong nồi cách thủy 45 ° - 50 ° C không? | H59: =D59 -> 0 | I59: =IF(H59="Yes",1,IF(H59="No",0,"'")) -> '
A60: 5.41 | B60: =Language!A903 -> Do plates have a uniform depth of approximately 4mm? Verify by examining a recent batch. Các đĩa thạch có độ dày giống nhau và bằng khoảng 4mm không? Xác nhận bằng cách kiểm tra một mẻ gần đây. | C60: Các hộp thạch có độ sâu đồng đều khoảng 4mm không? Xác minh bằng cách kiểm tra một lô gần đây. | H60: =D60 -> 0 | I60: =IF(H60="Yes",1,IF(H60="No",0,"'")) -> '
A61: 5.42 | B61: =Language!A904 -> Are plates poured on a level surface? | C61: Các hộp thạch có được đổ trên bề mặt bằng phẳng không? | H61: =D61 -> 0 | I61: =IF(H61="Yes",1,IF(H61="No",0,"'")) -> '
A62: 5.43 | B62: =Language!A905 -> Do records demonstrate that pH is 7.2 – 7.4 for each batch? Hồ sơ có thể hiện pH ở mức 7.2-7.4 cho mỗi mẻ không? | C62: Hồ sơ có chứng minh rằng pH là 7,2 - 7,4 cho mỗi lô không? | H62: =D62 -> 0 | I62: =IF(H62="Yes",1,IF(H62="No",0,"'")) -> '
A63: 5.44 | B63: =Language!A906 -> Do records indicate that sterility is checked for each batch? (By incubating a portion of un-inoculated plates, ideally 5%) Hồ sơ có cho thấy sự vô khuẩn được kiểm tra với mỗi mẻ không? (Bằng cách ủ một phần các thạch chưa được nuôi cấy, lý tưởng là 5%) | C63: Hồ sơ có chỉ ra rằng sự vô trùng được kiểm tra cho mỗi lô không? (Bằng cách ủ một phần đĩa chưa cấy, lý tưởng là 5%) | H63: =D63 -> 0 | I63: =IF(H63="Yes",1,IF(H63="No",0,"'")) -> '
